Workbook
Name ac: 'Parametrizaciones Advisory'!$C$85:$C$87
Name ACT: 'Parametrizaciones Advisory'!$C$126:$C$128
Name area: 'Parametrizaciones Generales'!$F$17:$F$81
Name AS: 'Parametrizaciones Advisory'!$C$346:$C$347
Name calimp: 'Parametrizaciones Advisory'!$D$274:$E$279
Name calprob: 'Parametrizaciones Advisory'!$D$267:$E$272
Name casuistica: 'Soporte Probabilidad'!$D$17:$D$21
Name cc: 'Parametrizaciones Advisory'!$C$82:$C$83
Name CLASEVENTO: 'Parametrizaciones Advisory'!$F$9:$F$12
Name control: 'Parametrizaciones Advisory'!$C$194:$C$260
Name conv: 'Parametrizaciones Advisory'!$C$159:$F$168
Name dario: #REF!
Name dario: #REF!
Name dario: #REF!
Name dario: #REF!
Name dario: #REF!
Name dario: #REF!
Name dario: #REF!
Name dario: #REF!
Name dario: #REF!
Name DC: 'Parametrizaciones Advisory'!$C$122:$C$124
Name dis: 'Parametrizaciones Advisory'!$C$144:$C$146
Name DISI: 'Parametrizaciones Advisory'!$C$148:$C$150
Name Economico: 'Soporte Impacto'!$C$23:$C$27
Name ej: 'Parametrizaciones Advisory'!$C$134:$C$137
Name even: 'Parametrizaciones Advisory'!$C$300:$C$306
Name evidencia: 'Parametrizaciones Advisory'!$F$85:$F$87
Name FR: 'Parametrizaciones Advisory'!$C$14:$C$28
Name FRE: 'Parametrizaciones Advisory'!$C$118:$C$120
Name FU: 'Parametrizaciones Advisory'!$C$94:$C$96
Name IM: 'Parametrizaciones Advisory'!$C$37:$C$42
Name imp: 'Soporte Impacto'!$C$13:$C$42
Name IMPA: 'MATRIZ DE RIESGOS'!#REF!
Name impa1: 'Parametrizaciones Advisory'!$C$274:$D$279
Name ImpacCiudadano: 'Soporte Impacto'!$C$13:$C$17
Name ImpContinuidad: 'Soporte Impacto'!$C$18:$C$22
Name ImpEconomico: 'Soporte Impacto'!$C$25:$C$27
Name ImpLegal: 'Soporte Impacto'!$C$28:$C$32
Name ImpReputacional: 'Soporte Impacto'!$C$33:$C$37
Name ImpSeguridad: 'Soporte Impacto'!$C$38:$C$42
Name julio: '[1]Parametrizaciones Advisory'!$C$247:$C$253
Name julio2: 'Parametrizaciones Advisory'!$C$30:$C$34
Name julio3: 'Parametrizaciones Advisory'!$C$37:$C$41
Name julio4: '[1]Parametrizaciones Advisory'!$B$38:$G$62
Name LINEA: 'Parametrizaciones Advisory'!$F$26:$F$29
Name MATRIZ: 'Impresión Listados'!$D$16:$AE$55
Name MATRIZ: 'MATRIZ DE RIESGOS'!$D$10:$BH$834
Name matriztabla: 'MATRIZ DE RIESGOS'!#REF!
Name NAT: 'Parametrizaciones Advisory'!$C$98:$C$101
Name NCAL: 'Parametrizaciones Advisory'!$C$309:$D$313
Name NEG: 'Parametrizaciones Advisory'!$C$144:$C$145
Name NRES: 'Parametrizaciones Advisory'!$E$318:$G$344
Name OBJ: 'Parametrizaciones Advisory'!$C$9:$C$12
Name obs: 'Parametrizaciones Advisory'!$C$130:$C$132
Name PAULINA: '[1]Parametrizaciones Advisory'!$C$247:$C$253
Name PER: 'Parametrizaciones Advisory'!$C$103:$C$116
Name PR: 'Parametrizaciones Advisory'!$C$30:$C$35
Name prob: 'Soporte Probabilidad'!$D$12:$D$22
Name prob1: 'Parametrizaciones Advisory'!$C$267:$D$272
Name PROBC: 'Parametrizaciones Advisory'!$F$33:$F$37

Sheet Menu Principal
B7: MENU PRINCIPAL

Sheet Submenu1
B7: I. CADENA DE VALOR

Sheet Submenu2
B7: II. ESTADISTICAS DE RIESGOS

Sheet Submenu3
B7: III. PARAMETRIZACIONES

Sheet Soporte Probabilidad
B6: PROBABILIDAD
B8: Entidad:
B9: Fecha Actualización
B10: Actualizado por:
B11: Calificación | C11: Descripción | D11: Cod
B12: Casi Cierto | C12: Recurrente. Se espera que el evento pueda ocurrir con cierta periodicidad - 1 vez cada mes | D12: =IF(B12="","",CONCATENATE(B12," ","-"," ",C12)) -> Casi Cierto - Recurrente. Se espera que el evento pueda ocurrir con cierta periodicidad - 1 vez cada mes
B13: Casi Cierto | C13: Se espera la ocurrencia del evento en más del 20% de los casos | D13: =IF(B13="","",CONCATENATE(B13," ","-"," ",C13)) -> Casi Cierto - Se espera la ocurrencia del evento en más del 20% de los casos
B14: Probable | C14: Frecuente. Se espera que el evento pueda presentarse 1 vez cada trimestre | D14: =IF(B14="","",CONCATENATE(B14," ","-"," ",C14)) -> Probable - Frecuente. Se espera que el evento pueda presentarse 1 vez cada trimestre
B15: Probable | C15: El evento puede ocurrir entre el 15 y el 20% de los casos | D15: =IF(B15="","",CONCATENATE(B15," ","-"," ",C15)) -> Probable - El evento puede ocurrir entre el 15 y el 20% de los casos
B16: Posible | C16: Posible. Se espera que el evento pueda presentarse 1 vez cada semestre | D16: =IF(B16="","",CONCATENATE(B16," ","-"," ",C16)) -> Posible - Posible. Se espera que el evento pueda presentarse 1 vez cada semestre
B17: Posible | C17: El evento puede ocurrir entre el 10 y 14.99% de los casos | D17: =IF(B17="","",CONCATENATE(B17," ","-"," ",C17)) -> Posible - El evento puede ocurrir entre el 10 y 14.99% de los casos
B18: Raro | C18: Ocasional. Se espera que el evento pueda presentarse 1 vez en el año | D18: =IF(B18="","",CONCATENATE(B18," ","-"," ",C18)) -> Raro - Ocasional. Se espera que el evento pueda presentarse 1 vez en el año
B19: Raro | C19: El evento puede ocurrir entre el 3 y el 9.99% de los casos | D19: =IF(B19="","",CONCATENATE(B19," ","-"," ",C19)) -> Raro - El evento puede ocurrir entre el 3 y el 9.99% de los casos
B20: Improbable | C20: Excepcional. El evento se ha presentado 1 vez en los últimos años | D20: =IF(B20="","",CONCATENATE(B20," ","-"," ",C20)) -> Improbable - Excepcional. El evento se ha presentado 1 vez en los últimos años
B21: Improbable | C21: El evento puede ocurrir en menos del 3% de los casos | D21: =IF(B21="","",CONCATENATE(B21," ","-"," ",C21)) -> Improbable - El evento puede ocurrir en menos del 3% de los casos
B22: Riesgo de Corrupción | C22: Ver soporte de calificación de riesgo de corrupción. | D22: =IF(B22="","",CONCATENATE(B22," ","-"," ",C22)) -> Riesgo de Corrupción - Ver soporte de calificación de riesgo de corrupción.
D23: =IF(B23="","",CONCATENATE(B23," ","-"," ",C23))
D24: =IF(B24="","",CONCATENATE(B24," ","-"," ",C24))
D25: =IF(B25="","",CONCATENATE(B25," ","-"," ",C25))
D26: =IF(B26="","",CONCATENATE(B26," ","-"," ",C26))
D27: =IF(B27="","",CONCATENATE(B27," ","-"," ",C27))
D28: =IF(B28="","",CONCATENATE(B28," ","-"," ",C28))
D29: =IF(B29="","",CONCATENATE(B29," ","-"," ",C29))
D30: =IF(B30="","",CONCATENATE(B30," ","-"," ",C30))
D31: =IF(B31="","",CONCATENATE(B31," ","-"," ",C31))
D32: =IF(B32="","",CONCATENATE(B32," ","-"," ",C32))
D33: =IF(B33="","",CONCATENATE(B33," ","-"," ",C33))
D34: =IF(B34="","",CONCATENATE(B34," ","-"," ",C34))
... D516: =IF(B516="","",CONCATENATE(B516," ","-"," ",C516))

Sheet Soporte Impacto
A6: DEFINICIONES DE IMPACTO
A8: Entidad:
A9: Fecha Actualización
A10: Actualizado por:
A12: Calificación | B12: Descripción | C12: Cod
A13: Crítico | B13: • Clientes: Incremento de más del 40% del número de reclamos formulados por los clientes | C13: =IF(A13="","",CONCATENATE(A13," ","-"," ",B13)) -> Crítico - • Clientes: Incremento de más del 40% del número de reclamos formulados por los clientes
A14: Mayor | B14: • Clientes: Incremento entre el 31% y el 40% del número de reclamos formulados por los Clientes | C14: =IF(A14="","",CONCATENATE(A14," ","-"," ",B14)) -> Mayor - • Clientes: Incremento entre el 31% y el 40% del número de reclamos formulados por los Clientes
A15: Importante | B15: • Clientes: Incremento entre el 21% y el 30% del número de reclamos formulados por los Clientes. | C15: =IF(A15="","",CONCATENATE(A15," ","-"," ",B15)) -> Importante - • Clientes: Incremento entre el 21% y el 30% del número de reclamos formulados por los Clientes.
A16: Menor | B16: • Clientes: Incremento entre el 10% y el 20% del número de reclamos formulados por los Clientes. | C16: =IF(A16="","",CONCATENATE(A16," ","-"," ",B16)) -> Menor - • Clientes: Incremento entre el 10% y el 20% del número de reclamos formulados por los Clientes.
A17: Inferior | B17: • Clientes:No incrementa significativamente el número de reclamos formulados por los Clientes | C17: =IF(A17="","",CONCATENATE(A17," ","-"," ",B17)) -> Inferior - • Clientes:No incrementa significativamente el número de reclamos formulados por los Clientes
A18: Crítico | B18: • Continuidad: Interrupción de las operaciones por más de 72 horas continuas. | C18: =IF(A18="","",CONCATENATE(A18," ","-"," ",B18)) -> Crítico - • Continuidad: Interrupción de las operaciones por más de 72 horas continuas.
A19: Mayor | B19: • Continuidad: Interrupción de las operaciones entre 48 y 72 horas continuas. | C19: =IF(A19="","",CONCATENATE(A19," ","-"," ",B19)) -> Mayor - • Continuidad: Interrupción de las operaciones entre 48 y 72 horas continuas.
A20: Importante | B20: • Continuidad: Interrupción de las operaciones entre 24 y 47 horas continuas | C20: =IF(A20="","",CONCATENATE(A20," ","-"," ",B20)) -> Importante - • Continuidad: Interrupción de las operaciones entre 24 y 47 horas continuas
A21: Menor | B21: • Continuidad: Interrupción de las operaciones menor a 24 horas continuas | C21: =IF(A21="","",CONCATENATE(A21," ","-"," ",B21)) -> Menor - • Continuidad: Interrupción de las operaciones menor a 24 horas continuas
A22: Inferior | B22: • Continuidad: No genera Interrupción de las operaciones | C22: =IF(A22="","",CONCATENATE(A22," ","-"," ",B22)) -> Inferior - • Continuidad: No genera Interrupción de las operaciones
A23: Crítico | B23: • Económica: Pérdida superior a 550 SMLMV | C23: =IF(A23="","",CONCATENATE(A23," ","-"," ",B23)) -> Crítico - • Económica: Pérdida superior a 550 SMLMV
A24: Mayor | B24: • Económica: Pérdida entre 450 - 550 SMLMV | C24: =IF(A24="","",CONCATENATE(A24," ","-"," ",B24)) -> Mayor - • Económica: Pérdida entre 450 - 550 SMLMV
... A52: Inferior | B52: Ambiental: No hay alteración de las condiciones iniciales del medio. | C52: =IF(A52="","",CONCATENATE(A52," ","-"," ",B52)) -> Inferior - Ambiental: No hay alteración de las condiciones iniciales del medio.
C53: =IF(A53="","",CONCATENATE(A53," ","-"," ",B53))
C54: =IF(A54="","",CONCATENATE(A54," ","-"," ",B54))
C55: =IF(A55="","",CONCATENATE(A55," ","-"," ",B55))
C56: =IF(A56="","",CONCATENATE(A56," ","-"," ",B56))
C57: =IF(A57="","",CONCATENATE(A57," ","-"," ",B57))
C58: =IF(A58="","",CONCATENATE(A58," ","-"," ",B58))
C59: =IF(A59="","",CONCATENATE(A59," ","-"," ",B59))
C60: =IF(A60="","",CONCATENATE(A60," ","-"," ",B60))
C61: =IF(A61="","",CONCATENATE(A61," ","-"," ",B61))
C62: =IF(A62="","",CONCATENATE(A62," ","-"," ",B62))
C63: =IF(A63="","",CONCATENATE(A63," ","-"," ",B63))
C64: =IF(A64="","",CONCATENATE(A64," ","-"," ",B64))
... C526: =IF(A526="","",CONCATENATE(A526," ","-"," ",B526))

Sheet Parametrizaciones Generales
XFD1: adveg2012
B6: Entidad:
B7: Fecha Actualización
B8: Actualizado por:
B13: I. UNIDADES DE NEGOCIO Y PROCESOS
B16: # | C16: Dirección / Oficina | D16: Proceso / Subproceso | E16: Objetivo (Caracterización) | F16: Persona a Cargo del Proceso. | G16: Clase de Objetivo | H16: Persona a cargo del Subproceso
B17: 1 | G17: Operativo
B18: .
B19: .
B20: .
B21: .
B22: .
B23: .
B24: .
B25: .
B26: .
B27: .

Sheet Parametrizaciones Advisory
B7: PARAMETRIZACIONES GENERALES DEL CONSULTOR
B9: I. OBJETIVOS | C9: Operativo | E9: CLASIFICACION DEL EVENTO | F9: Ejecución y admon de procesos
C10: Financiero | F10: Fraude Interno
C11: Estratégico | F11: Fraude Externo
C12: Cumplimiento | F12: Relaciones Laborales
F13: Usuarios, productos y prácticas
B14: II. FACTORES DE RIESGO | C14: Ambientales | F14: Daños a Activos Fisicos
C15: Comunicación | F15: Fallas Tecnologicas
C16: Diseño del proceso
C17: Económicos y financieros
C18: Estrategia
C19: Financieros
C20: Infraestructura
C21: Interacción con otros procesos
C22: Políticos y legales
C23: Procedimientos asociados
C24: Sociales y culturales
C25: Talento Humano
C26: Tecnología | E26: LINEA OPERATIVA | F26: RPM
C27: Tecnológicos
C28: Transversalidad | F28: BEPS
F29: AI
B30: III. PROBABILIDAD | C30: Casi cierto
C31: Probable
C32: Posible
C33: Raro | E33: III. PROBABILIDAD RIESGO DE CORRUPCION | F33: Casi Seguro - Se ha presentado mas de una vez al Año.
C34: Improbable | F34: Probable - Se presento una vez en el Ultimo Año
C35: Improbable | F35: Posible - Se presento una vez en los ultimos 2 años.
F36: Rara Vez - Se presento una vez en los Ultimos 5 Años.
B37: IV. IMPACTO | C37: Critico | F37: Improbable - No se ha presentado en los Últimos 5 Años.
C38: Mayor
C39: Importante
C40: Menor
C41: Inferior
C42: Inferior
B44: V. SEVERIDAD DEL RIESGO INHERENTE | C44: Muy alto
C45: Alto
C46: Medio
C47: Bajo
C48: Nulo
B50: Cod | C50: Probabilidad | D50: Impacto | E50: Inhererente | F50: Residual Prob | G50: Residual Impact
B51: =CONCATENATE(C51,D51) -> Casi ciertoCritico | C51: =+C30 -> Casi cierto | D51: =+C37 -> Critico | E51: Extremo | F51: =+C51 -> Casi cierto | G51: =+D51 -> Critico
B52: =CONCATENATE(C52,D52) -> Casi ciertoMayor | C52: =+C30 -> Casi cierto | D52: =+C38 -> Mayor | E52: Extremo | F52: =+C52 -> Casi cierto | G52: =+D52 -> Mayor
B53: =CONCATENATE(C53,D53) -> ProbableCritico | C53: =+C31 -> Probable | D53: =+C37 -> Critico | E53: Extremo | F53: =+C53 -> Probable | G53: =+D53 -> Critico
B54: =CONCATENATE(C54,D54) -> Casi ciertoImportante | C54: =+C30 -> Casi cierto | D54: =+C39 -> Importante | E54: Extremo | F54: =+C54 -> Casi cierto | G54: =+D54 -> Importante
B55: =CONCATENATE(C55,D55) -> ProbableMayor | C55: =+C31 -> Probable | D55: =+C38 -> Mayor | E55: Extremo | F55: =+C55 -> Probable | G55: =+D55 -> Mayor
B56: =CONCATENATE(C56,D56) -> PosibleCritico | C56: =+C32 -> Posible | D56: =+C37 -> Critico | E56: Extremo | F56: =+C56 -> Posible | G56: =+D56 -> Critico
B57: =CONCATENATE(C57,D57) -> RaroCritico | C57: =+C33 -> Raro | D57: =+C37 -> Critico | E57: Extremo | F57: =+C57 -> Raro | G57: =+D57 -> Critico
B58: =CONCATENATE(C58,D58) -> Casi ciertoMenor | C58: =+C30 -> Casi cierto | D58: =+C40 -> Menor | E58: Alto | F58: =+C58 -> Casi cierto | G58: =+D58 -> Menor
B59: =CONCATENATE(C59,D59) -> ProbableImportante | C59: =+C31 -> Probable | D59: =+C39 -> Importante | E59: Alto | F59: =+C59 -> Probable | G59: =+D59 -> Importante
B60: =CONCATENATE(C60,D60) -> PosibleImportante | C60: =+C32 -> Posible | D60: =+C39 -> Importante | E60: Alto | F60: =+C60 -> Posible | G60: =+D60 -> Importante
B61: =CONCATENATE(C61,D61) -> PosibleMayor | C61: =+C32 -> Posible | D61: =+C38 -> Mayor | E61: Extremo | F61: =+C61 -> Posible | G61: =+D61 -> Mayor
B62: =CONCATENATE(C62,D62) -> RaroMayor | C62: =+C33 -> Raro | D62: =+C38 -> Mayor | E62: Alto | F62: =+C62 -> Raro | G62: =+D62 -> Mayor
B63: =CONCATENATE(C63,D63) -> ImprobableMayor | C63: =+C34 -> Improbable | D63: =+C38 -> Mayor | E63: Alto | F63: =+C63 -> Improbable | G63: =+D63 -> Mayor
B64: =CONCATENATE(C64,D64) -> ImprobableCritico | C64: =+C34 -> Improbable | D64: =+C37 -> Critico | E64: Alto | F64: =+C64 -> Improbable | G64: =+D64 -> Critico
B65: =CONCATENATE(C65,D65) -> Casi ciertoInferior | C65: =+C30 -> Casi cierto | D65: =+C41 -> Inferior | E65: Alto | F65: =+C65 -> Casi cierto | G65: =+D65 -> Inferior
B66: =CONCATENATE(C66,D66) -> Casi ciertoInferior | C66: =+C30 -> Casi cierto | D66: =+C42 -> Inferior | E66: Bajo | F66: =+C66 -> Casi cierto | G66: =+D66 -> Inferior
B67: =CONCATENATE(C67,D67) -> ProbableMenor | C67: =+C31 -> Probable | D67: =+C40 -> Menor | E67: Alto | F67: =+C67 -> Probable | G67: =+D67 -> Menor
B68: =CONCATENATE(C68,D68) -> ProbableInferior | C68: =+C31 -> Probable | D68: =+C41 -> Inferior | E68: Moderado | F68: =+C68 -> Probable | G68: =+D68 -> Inferior
B69: =CONCATENATE(C69,D69) -> ProbableInferior | C69: =+C31 -> Probable | D69: =+C42 -> Inferior | E69: Bajo | F69: =+C69 -> Probable | G69: =+D69 -> Inferior
B70: =CONCATENATE(C70,D70) -> PosibleMenor | C70: =+C32 -> Posible | D70: =+C40 -> Menor | E70: Moderado | F70: =+C70 -> Posible | G70: =+D70 -> Menor
B71: =CONCATENATE(C71,D71) -> PosibleInferior | C71: =+C70 -> Posible | D71: =+C41 -> Inferior | E71: Bajo | F71: =+C71 -> Posible | G71: =+D71 -> Inferior
B72: =CONCATENATE(C72,D72) -> PosibleInferior | C72: =+C71 -> Posible | D72: =+C42 -> Inferior | E72: Bajo | F72: =+C72 -> Posible | G72: =+D72 -> Inferior
B73: =CONCATENATE(C73,D73) -> RaroImportante | C73: =+C33 -> Raro | D73: =+C39 -> Importante | E73: Moderado | F73: =+C73 -> Raro | G73: =+D73 -> Importante
B74: =CONCATENATE(C74,D74) -> RaroMenor | C74: =+C73 -> Raro | D74: =+C40 -> Menor | E74: Bajo | F74: =+C74 -> Raro | G74: =+D74 -> Menor
B75: =CONCATENATE(C75,D75) -> ImprobableImportante | C75: =+C34 -> Improbable | D75: =+C39 -> Importante | E75: Moderado | F75: =+C75 -> Improbable | G75: =+D75 -> Importante
B76: =CONCATENATE(C76,D76) -> RaroInferior | C76: =+C33 -> Raro | D76: =+C41 -> Inferior | E76: Bajo | F76: =+C76 -> Raro | G76: =+D76 -> Inferior
B77: =CONCATENATE(C77,D77) -> RaroInferior | C77: =+C76 -> Raro | D77: =+C42 -> Inferior | E77: Nulo | F77: =+C77 -> Raro | G77: =+D77 -> Inferior
B78: =CONCATENATE(C78,D78) -> ImprobableMenor | C78: =+C34 -> Improbable | D78: =+C40 -> Menor | E78: Bajo | F78: =+C78 -> Improbable | G78: =+D78 -> Menor
B79: =CONCATENATE(C79,D79) -> ImprobableInferior | C79: =+C78 -> Improbable | D79: =+C41 -> Inferior | E79: Bajo | F79: =+C79 -> Improbable | G79: =+D79 -> Inferior
B80: =CONCATENATE(C80,D80) -> ImprobableInferior | C80: =+C79 -> Improbable | D80: =+C42 -> Inferior | E80: Nulo | F80: =+C80 -> Improbable | G80: =+D80 -> Inferior
B82: VI. CONTROL CLAVE | C82: Si
C83: No
B85: VII. ASIGNACION DEL CONTROL | C85: Asignado | E85: EVIDENCIA QUE COMPONE EL CONTROL | F85: Completa
C86: No asignado | F86: Incompleta
C87: No hay control | F87: No existe
B89: VIII. TIPO DE CONTROL | C89: Preventivo
C90: Detectivo
C91: Correctivo
C92: No hay control
B94: IX. FUNCIONALIDAD TIPO DE CONTROL | C94: Adecuado
C95: Inadecuado
B98: X. NATURALEZA DEL CONTROL | C98: Manual
C99: Automático
C100: Dependiente de T.I.
C101: No hay control
B103: XI. PERIODICIDAD DEL CONTROL | C103: Diario
C104: Semanal
C105: Bisemanal
C106: Quincenal
C107: Mensual
C108: Bimestral
C109: Trimestral
C110: Semestral
C111: Anual
C112: Permanente
C113: Por demanda
C114: Cuatrimestral
C115: Bienal
C116: Definida por el control
...

Sheet MATRIZ DE RIESGOS
E2: MATRIZ DE GESTIÓN DE RIESGOS DE CORRUPCIÓN, LA/FT, FRAUDE y SOBORNO | J2: Código: ANEXO_10_MAN-OPLAI-002
J4: Versión : 1
J5: Fecha de edición : 12 de MAYO del 2026
F9: Tipología del riesgo | AV9: Solidez del Conjunto de Controles
B10: Proceso (Gerencial / Misional / Apoyo) | C10: Nombre del Proceso | D10: Riesgo # | E10: Riesgos del Proceso | F10: RC | G10: RLAFT | H10: RS | I10: RF | J10: Causas, Fallas y/o Peligros | K10: Factor de riesgo | L10: Probabilidad | M10: Riesgo de Corrupción | N10: Soporte Calificación Probabilidad | O10: Impacto | P10: Riesgo de Corrupción | Q10: Soporte Calificación Impacto | W10: Severidad del Riesgo Inherente | X10: Respuesta / Tratamiento a los riesgos | Y10: Ctrl # | Z10: Descripción del Control Asociado a la Causa o Falla Quien lo Hace / Periodicidad / Que Hace / Como lo Hace / Que pasa con las Excepciones y Evidencia. | AA10: Actividades que compone el control | AC10: Tipo de Control | AD10: Controles para cada riesgo | AG10: Naturaleza del Control | AH10: Aplicación donde se ejecuta el Control | AI10: Frecuencia del Control | AK10: Documentación del Control | AL10: Referencia Documental | AM10: Evidencia que Compone el control | AN10: Diseño del Control | AO10: Actividades del Control Susceptibles a Seguimiento | AP10: Plan de Acción frente al diseño del control | AQ10: AMENAZAS | AR10: Ejecución del Control | AS10: Solidez Individual del Control | AT10: NO USAR | AU10: NO USAR | AV10: Solidez del Conjunto de Controles | AW10: Disminuye la Probabilidad | AX10: Disminuye el Impacto | AY10: Concatenar | BF10: Calif Total | BG10: Calificación Inherente Impacto | BH10: Calificación Inherente Probabilidad | BI10: Total Inherente | BJ10: NUEVA: COD RESIDUAL | BK10: NUEVA Disminución de la Impacto | BL10: NUEVA Disminución del Probabilidad | BM10: Disminución del Impacto | BN10: Disminución de la probabilidad | BO10: CALIF. DEFINITIVAPROBABILIDAD | BP10: CALIF. DEFINITIVA IMPACTO | BQ10: Total Residual | BR10: Residual | BS10: Residual | BT10: Concatenar | BU10: Total Inherente para grafico | BV10: Total Residual para grafico | BW10: Riesgo # | BX10: Descripción Riesgo | BY10: Riesgo Residual
Q11: Impacto Económico | R11: Impacto Legal | S11: Impacto Seguridad de la Información | T11: Impacto Continuidad de Negocio | U11: Impacto Reputacional | V11: Impacto Clientes | AD11: Detectivo | AE11: Correctivo | AF11: Preventivo | AI11: Periodicidad | AJ11: Funcionalidad | AY11: Riesgo Inherente | AZ11: Cal Así. | BA11: Cal Tipo Ctrl | BB11: Cal Natur. | BC11: Cal Frec. Ctrl Func | BD11: Cal Docum. | BE11: Cal. Evid | BF11: Cal | BR11: Imp | BS11: Prob | BT11: Calif. Riesg
B12: Gerencial | C12: Seguimiento y Control | D12: RC1 | E12: Posibilidad de recibir o solicitar cualquier dádiva o beneficio a nombre propio o de terceros con el fin de manipular u omitir información de los resultados de las auditorías internas y de segunda parte, evaluaciones y seguimientos para direccionar la toma de decisiones. | F12: Si | G12: No | H12: Si | I12: Si | J12: Vincular personal no confiable en las dependencias que tienen a su cargo ejecutar auditorías | K12: Talento Humano | L12: Improbable | M12: =IF(F12="","",IF(F12="SI","Usted seleccionó SI en tipologia de riesgo RC (riesgo de corrupción). Oprima para diligenciar el formato adjunto.","No Aplica")) -> Usted seleccionó SI en tipologia de riesgo RC (riesgo de corrupción). Oprima para diligenciar el formato adjunto. | N12: Improbable - El evento puede ocurrir en menos del 3% de los casos | O12: Mayor | Q12: Inferior - • Económico: Pérdidas inferiores o igual a 100 SLMLV | R12: Importante - • Legal: Llamados de atención o requerimientos escritos realizados por los entes reguladores por desviaciones al cumplimiento de normas legales. | S12: Inferior - • Seguridad de la información: No afecta la oportunidad de la información. | T12: Inferior - • Continuidad: No genera Interrupción de las operaciones | U12: Inferior - • Reputacional: No afecta la imagen de la entidad con los clientes o grupos de interés | V12: Menor - • Clientes: Incremento entre el 10% y el 20% del número de reclamos formulados por los Clientes. | W12: =IF(B12="","",IF(ISERROR(VLOOKUP(CONCATENATE(L12,O12),ri,4,0)),"",VLOOKUP(CONCATENATE(L12,O12),ri,4,0))) -> Alto | X12: Reducir | Y12: C1 | Z12: Información anonimizada | AA12: Adecuadas | AC12: Preventivo | AD12: El proceso de calificación y evaluación en cada etapa (pruebas psicotécnicas, de conocimiento, entrevistas) actúa como un mecanismo para identificar si un candidato no cumple con los estándares mínimos requeridos. La detección de resultados por debajo de la mínima calificación establecida permite frenar el proceso de continuidad del candidato en etapas tempranas. | AE12: Si en alguna etapa se encuentran deficiencias en el proceso o en la evaluación, se pueden realizar ajustes (por ejemplo, reconsideración de criterios o actualización de metodologías de evaluación). La terminación del proceso de selección de un candidato que no alcanza la calificación mínima asegura que el equipo final cumpla con los estándares y las necesidades de la organización. | AF12: La validación inicial del requerimiento de personal y de los perfiles (competencias, educación, experiencia, etc.) para asegurarse de que los candidatos cumplan con los requisitos necesarios desde el inicio. La realización de pruebas psicotécnicas, de conocimiento y entrevistas previene la selección de candidatos que no cumplan con los estándares establecidos. La visita domiciliaria (en caso de cargos críticos) asegura que se realice una verificación exhaustiva, minimizando riesgos antes de la contratación | AG12: Manual | AI12: Por demanda | AJ12: Adecuado | AK12: Documentado | AL12: 1. Procedimiento selección, vinculación, induccion, evaluación, promoción personal de planta. | AM12: Completa | AN12: =IF(B12="","",IF(BF12>=76,"Fuerte",IF(BF12>=51,"Moderado","Débil"))) -> Fuerte | AO12: =IF(OR(AA12="insuficientes",AA12="No adecuadas",AJ12="Inadecuado",AK12="No documentado",AM12="Incompleta",AM12="No existe"),"Si","No") -> No | AP12: =IF(AN12="","",IF(B12="","",IF(OR(AN12="Moderado",AN12="Débil"),"Si","No"))) -> No | AR12: Fuerte | AS12: =IF(AN12="","",IF(AND(AN12="Fuerte",AR12="Fuerte"),"Fuerte",IF(AND(AN12="Fuerte",AR12="Moderado"),"Moderado",IF(AND(AN12="Fuerte",AR12="Débil"),"Débil",IF(AND(AN12="Moderado",AR12="Fuerte"),"Moderado",IF(AND(AN12="Moderado",AR12="Moderado"),"Moderado","Débil")))))) -> Fuerte | AV12: =IF(D12="","",IF(D12=D11,"",IF(D12=D11,"",VLOOKUP(D12,solcon,11,0)))) -> Moderado | AW12: Fuerte | AX12: Fuerte | AY12: =CONCATENATE(D12,O12,L12) -> RC1Mayor Improbable | AZ12: =IF(B12="","",IF(AA12="Adecuadas",30,IF(AA12="Insuficientes",10,0))) -> 30 | BA12: =IF(B12="","",IF(AC12="Preventivo",15,IF(AC12="Detectivo",10,IF(AC12="Correctivo",5,0)))) -> 15 | BB12: =IF(B12="","",IF(AG12="Automático",10,IF(AG12="Dependiente de T.I.",7,IF(AG12="Manual",5,0)))) -> 5 | BC12: =IF(B12="","",IF(AJ12="Adecuado",20,0)) -> 20 | BD12: =IF(B12="","",IF(AK12="Documentado",10,0)) -> 10 | BE12: =IF(B12="","",IF(AM12="Completa",15,IF(AM12="Incompleta",10,0))) -> 15 | BF12: =IF(B12="","",SUM(AZ12:BE12)) -> 95 | BG12: =IF(B12="","",IF(ISERROR(VLOOKUP(O12,calprob,2,0)),"",VLOOKUP(O12,calprob,2,0))) -> 4 | BH12: =IF(B12="","",IF(ISERROR(VLOOKUP(L12,calimp,2,0)),"",VLOOKUP(L12,calimp,2,0))) -> 1 | BI12: =IF(BH12="","",+BH12*BG12) -> 4 | BJ12: =CONCATENATE(AV12,AW12,AX12) -> ModeradoFuerteFuerte | BK12: =IF(B12="","",VLOOKUP(BJ12,NRES,3,0)) -> -1 | BL12: =IF(B12="","",VLOOKUP(BJ12,NRES,2,0)) -> -1 | BM12: =(IF(ISERROR(VLOOKUP(CONCATENATE(AV12,AW12,AX12),residual,2,0)),"",VLOOKUP(CONCATENATE(AV12,AW12,AX12),residual,2,0))) | BN12: =IF(ISERROR(VLOOKUP(CONCATENATE(AV12,AW12,AX12),residual,3,0)),"",VLOOKUP(CONCATENATE(AV12,AW12,AX12),residual,3,0)) | BO12: =IF(B12="","",IF(+BH12+BL12<0,0,+BH12+BL12)) -> 0 | BP12: =IF(B12="","",IF(+BG12+BK12<0,0,+BG12+BK12)) -> 3 | BR12: =IF(B12="","",IF(ISERROR(VLOOKUP(BO12,impa1,2,0)),"",VLOOKUP(BO12,impa1,2,0))) -> Improbable | BS12: =IF(B12="","",IF(ISERROR(VLOOKUP(BP12,prob1,2,0)),"",VLOOKUP(BP12,prob1,2,0))) -> Importante | BT12: =IF(BH12="","",CONCATENATE(D12,BS12,BR12)) -> RC1ImportanteImprobable | BU12: =+W12 -> Alto | BV12: =+BY12 -> Moderado | BW12: =IF(F12="Si",D12,"") -> RC1 | BX12: =IF(F12="Si",E12,"") -> Posibilidad de recibir o solicitar cualquier dádiva o beneficio a nombre propio o de terceros con el fin de manipular u omitir información de los resultados de las auditorías internas y de segunda parte, evaluaciones y seguimientos para direccionar la toma de decisiones. | BY12: =IF(B12="","",IF(D12=D11,"",IF(ISERROR(VLOOKUP(CONCATENATE(BR12,BS12),ri,4,0)),"",VLOOKUP(CONCATENATE(BR12,BS12),ri,4,0)))) -> Moderado
B13: Gerencial | C13: Seguimiento y Control | D13: RC1 | E13: Posibilidad de recibir o solicitar cualquier dádiva o beneficio a nombre propio o de terceros con el fin de manipular u omitir información de los resultados de las auditorías internas y de segunda parte, evaluaciones y seguimientos para direccionar la toma de decisiones. | F13: Si | G13: No | H13: Si | I13: Si | J13: Ausencia de mecanismos de prevención y control | K13: Talento Humano | W13: =IF(B13="","",IF(ISERROR(VLOOKUP(CONCATENATE(L13,O13),ri,4,0)),"",VLOOKUP(CONCATENATE(L13,O13),ri,4,0))) | Y13: C2 | AA13: Adecuadas | AG13: Manual | AI13: Por demanda | AJ13: Adecuado | AK13: No documentado | AM13: Completa | AN13: =IF(B13="","",IF(BF13>=76,"Fuerte",IF(BF13>=51,"Moderado","Débil"))) -> Moderado | AO13: =IF(OR(AA13="insuficientes",AA13="No adecuadas",AJ13="Inadecuado",AK13="No documentado",AM13="Incompleta",AM13="No existe"),"Si","No") -> Si | AP13: =IF(AN13="","",IF(B13="","",IF(OR(AN13="Moderado",AN13="Débil"),"Si","No"))) -> Si | AR13: Fuerte | AS13: =IF(AN13="","",IF(AND(AN13="Fuerte",AR13="Fuerte"),"Fuerte",IF(AND(AN13="Fuerte",AR13="Moderado"),"Moderado",IF(AND(AN13="Fuerte",AR13="Débil"),"Débil",IF(AND(AN13="Moderado",AR13="Fuerte"),"Moderado",IF(AND(AN13="Moderado",AR13="Moderado"),"Moderado","Débil")))))) -> Moderado | AV13: =IF(D13="","",IF(D13=D12,"",IF(D13=D12,"",VLOOKUP(D13,solcon,11,0)))) | AW13: Fuerte | AX13: Moderado | AY13: =CONCATENATE(D13,O13,L13) -> RC1 | AZ13: =IF(B13="","",IF(AA13="Adecuadas",30,IF(AA13="Insuficientes",10,0))) -> 30 | BA13: =IF(B13="","",IF(AC13="Preventivo",15,IF(AC13="Detectivo",10,IF(AC13="Correctivo",5,0)))) -> 0 | BB13: =IF(B13="","",IF(AG13="Automático",10,IF(AG13="Dependiente de T.I.",7,IF(AG13="Manual",5,0)))) -> 5 | BC13: =IF(B13="","",IF(AJ13="Adecuado",20,0)) -> 20 | BD13: =IF(B13="","",IF(AK13="Documentado",10,0)) -> 0 | BE13: =IF(B13="","",IF(AM13="Completa",15,IF(AM13="Incompleta",10,0))) -> 15 | BF13: =IF(B13="","",SUM(AZ13:BE13)) -> 70 | BG13: =IF(B13="","",IF(ISERROR(VLOOKUP(O13,calprob,2,0)),"",VLOOKUP(O13,calprob,2,0))) | BH13: =IF(B13="","",IF(ISERROR(VLOOKUP(L13,calimp,2,0)),"",VLOOKUP(L13,calimp,2,0))) | BI13: =IF(BH13="","",+BH13*BG13) | BJ13: =CONCATENATE(AV13,AW13,AX13) -> FuerteModerado | BK13: =IF(B13="","",VLOOKUP(BJ13,NRES,3,0)) -> #N/A | BL13: =IF(B13="","",VLOOKUP(BJ13,NRES,2,0)) -> #N/A | BM13: =(IF(ISERROR(VLOOKUP(CONCATENATE(AV13,AW13,AX13),residual,2,0)),"",VLOOKUP(CONCATENATE(AV13,AW13,AX13),residual,2,0))) | BN13: =IF(ISERROR(VLOOKUP(CONCATENATE(AV13,AW13,AX13),residual,3,0)),"",VLOOKUP(CONCATENATE(AV13,AW13,AX13),residual,3,0)) | BO13: =IF(B13="","",IF(+BH13+BL13<0,0,+BH13+BL13)) -> #VALUE! | BP13: =IF(B13="","",IF(+BG13+BK13<0,0,+BG13+BK13)) -> #VALUE! | BR13: =IF(B13="","",IF(ISERROR(VLOOKUP(BO13,impa1,2,0)),"",VLOOKUP(BO13,impa1,2,0))) | BS13: =IF(B13="","",IF(ISERROR(VLOOKUP(BP13,prob1,2,0)),"",VLOOKUP(BP13,prob1,2,0))) | BT13: =IF(BH13="","",CONCATENATE(D13,BS13,BR13)) | BU13: =+W13 | BV13: =+BY13 | BW13: =IF(F13="Si",D13,"") -> RC1 | BX13: =IF(F13="Si",E13,"") -> Posibilidad de recibir o solicitar cualquier dádiva o beneficio a nombre propio o de terceros con el fin de manipular u omitir información de los resultados de las auditorías internas y de segunda parte, evaluaciones y seguimientos para direccionar la toma de decisiones. | BY13: =IF(B13="","",IF(D13=D12,"",IF(ISERROR(VLOOKUP(CONCATENATE(BR13,BS13),ri,4,0)),"",VLOOKUP(CONCATENATE(BR13,BS13),ri,4,0))))
B14: Gerencial | C14: Seguimiento y Control | D14: RC1 | E14: Posibilidad de recibir o solicitar cualquier dádiva o beneficio a nombre propio o de terceros con el fin de manipular u omitir información de los resultados de las auditorías internas y de segunda parte, evaluaciones y seguimientos para direccionar la toma de decisiones. | F14: Si | G14: No | H14: Si | I14: Si | J14: Fallas en la validación de información de auditoría a proveedores | K14: Procedimientos asociados | Y14: C22 | AA14: Adecuadas | AG14: Manual | AI14: Por demanda | AJ14: Adecuado | AK14: No documentado | AM14: Completa | AN14: =IF(B14="","",IF(BF14>=76,"Fuerte",IF(BF14>=51,"Moderado","Débil"))) -> Moderado | AO14: =IF(OR(AA14="insuficientes",AA14="No adecuadas",AJ14="Inadecuado",AK14="No documentado",AM14="Incompleta",AM14="No existe"),"Si","No") -> Si | AP14: =IF(AN14="","",IF(B14="","",IF(OR(AN14="Moderado",AN14="Débil"),"Si","No"))) -> Si | AR14: Fuerte | AS14: =IF(AN14="","",IF(AND(AN14="Fuerte",AR14="Fuerte"),"Fuerte",IF(AND(AN14="Fuerte",AR14="Moderado"),"Moderado",IF(AND(AN14="Fuerte",AR14="Débil"),"Débil",IF(AND(AN14="Moderado",AR14="Fuerte"),"Moderado",IF(AND(AN14="Moderado",AR14="Moderado"),"Moderado","Débil")))))) -> Moderado | AW14: Fuerte | AX14: Moderado | AY14: =CONCATENATE(D14,O14,L14) -> RC1 | AZ14: =IF(B14="","",IF(AA14="Adecuadas",30,IF(AA14="Insuficientes",10,0))) -> 30 | BA14: =IF(B14="","",IF(AC14="Preventivo",15,IF(AC14="Detectivo",10,IF(AC14="Correctivo",5,0)))) -> 0 | BB14: =IF(B14="","",IF(AG14="Automático",10,IF(AG14="Dependiente de T.I.",7,IF(AG14="Manual",5,0)))) -> 5 | BC14: =IF(B14="","",IF(AJ14="Adecuado",20,0)) -> 20 | BD14: =IF(B14="","",IF(AK14="Documentado",10,0)) -> 0 | BE14: =IF(B14="","",IF(AM14="Completa",15,IF(AM14="Incompleta",10,0))) -> 15 | BF14: =IF(B14="","",SUM(AZ14:BE14)) -> 70 | BJ14: =CONCATENATE(AV14,AW14,AX14) -> FuerteModerado | BK14: =IF(B14="","",VLOOKUP(BJ14,NRES,3,0)) -> #N/A | BL14: =IF(B14="","",VLOOKUP(BJ14,NRES,2,0)) -> #N/A | BW14: =IF(F14="Si",D14,"") -> RC1 | BX14: =IF(F14="Si",E14,"") -> Posibilidad de recibir o solicitar cualquier dádiva o beneficio a nombre propio o de terceros con el fin de manipular u omitir información de los resultados de las auditorías internas y de segunda parte, evaluaciones y seguimientos para direccionar la toma de decisiones.
B15: Gerencial | C15: Seguimiento y Control | D15: RC1 | E15: Posibilidad de recibir o solicitar cualquier dádiva o beneficio a nombre propio o de terceros con el fin de manipular u omitir información de los resultados de las auditorías internas y de segunda parte, evaluaciones y seguimientos para direccionar la toma de decisiones. | F15: Si | G15: No | H15: Si | I15: Si | J15: Falta de valores del personal auditor | K15: Talento Humano | W15: =IF(B15="","",IF(ISERROR(VLOOKUP(CONCATENATE(L15,O15),ri,4,0)),"",VLOOKUP(CONCATENATE(L15,O15),ri,4,0))) | Y15: C3 | AA15: Adecuadas | AC15: Preventivo | AD15: Monitoreo de asistencia y participación, mediante los registros en la plataforma LMS, listas físicas y virtuales permitiendo detectar si todo los funcionarios han participado en las capacitaciones programadas, permitiendo una evaluación de efectividad al revisar el impacto de las capacitaciones mediante cuestionarios y análisis de conductas posteriores para identificar áreas donde los valores y principios no se están interiorizando adecuadamente e identificando riesgos recurrentes al analizar patrones en las áreas de mayor vulnerabilidad a hechos ilícitos ayudando a detectar fallas sistémicas o falta de comprensión en los funcionarios. | AE15: Si las capacitaciones no están logrando prevenir ciertos riesgos como corrupción, soborno o fraude, narcóticos, lavado de activos, financiación al terrorismo, entre otros, revisar, ajustar y mejorar el contenido de os programas para que sean más específicos y efectivos, así como capacitaciones adicionales, en caso de identificar deficiencias en ciertas áreas o entre determinados grupos programando sesiones específicas y complementarias. Establecer protocolos inmediatos para corregir cualquier caso de gestión de incidentes, identificado hechos ilícitos y reforzar las capacitaciones donde sea necesario. | AF15: Programación constante de capacitaciones, garantizando un cronograma regular de sensibilizaciones para mantener el enfoque preventivo y actualizar a los funcionarios frente a nuevas amenazas o cambios legales, promoviendo una cultura ética, reforzando los valores corporativos a través de campañas internas y actividades complementarias que fomenten el compromiso con el Código de Ética e Integridad, el Programa de Transparencia y Ética Empresarial, SARLAFT y el de Operador Económico Autorizado. Automatización del seguimiento, al incorporar herramientas digitales que permitan controlar el cumplimiento de las capacitaciones y evaluar su impacto en tiempo real. | AG15: Manual | AI15: Anual | AJ15: Adecuado | AK15: Documentado | AL15: Plan Institucional de Capacitación | AM15: Completa | AN15: =IF(B15="","",IF(BF15>=76,"Fuerte",IF(BF15>=51,"Moderado","Débil"))) -> Fuerte | AO15: =IF(OR(AA15="insuficientes",AA15="No adecuadas",AJ15="Inadecuado",AK15="No documentado",AM15="Incompleta",AM15="No existe"),"Si","No") -> No | AP15: =IF(AN15="","",IF(B15="","",IF(OR(AN15="Moderado",AN15="Débil"),"Si","No"))) -> No | AR15: Fuerte | AS15: =IF(AN15="","",IF(AND(AN15="Fuerte",AR15="Fuerte"),"Fuerte",IF(AND(AN15="Fuerte",AR15="Moderado"),"Moderado",IF(AND(AN15="Fuerte",AR15="Débil"),"Débil",IF(AND(AN15="Moderado",AR15="Fuerte"),"Moderado",IF(AND(AN15="Moderado",AR15="Moderado"),"Moderado","Débil")))))) -> Fuerte | AV15: =IF(D15="","",IF(D15=D13,"",IF(D15=D13,"",VLOOKUP(D15,solcon,11,0)))) | AW15: Fuerte | AX15: Moderado | AY15: =CONCATENATE(D15,O15,L15) -> RC1 | AZ15: =IF(B15="","",IF(AA15="Adecuadas",30,IF(AA15="Insuficientes",10,0))) -> 30 | BA15: =IF(B15="","",IF(AC15="Preventivo",15,IF(AC15="Detectivo",10,IF(AC15="Correctivo",5,0)))) -> 15 | BB15: =IF(B15="","",IF(AG15="Automático",10,IF(AG15="Dependiente de T.I.",7,IF(AG15="Manual",5,0)))) -> 5 | BC15: =IF(B15="","",IF(AJ15="Adecuado",20,0)) -> 20 | BD15: =IF(B15="","",IF(AK15="Documentado",10,0)) -> 10 | BE15: =IF(B15="","",IF(AM15="Completa",15,IF(AM15="Incompleta",10,0))) -> 15 | BF15: =IF(B15="","",SUM(AZ15:BE15)) -> 95 | BG15: =IF(B15="","",IF(ISERROR(VLOOKUP(O15,calprob,2,0)),"",VLOOKUP(O15,calprob,2,0))) | BH15: =IF(B15="","",IF(ISERROR(VLOOKUP(L15,calimp,2,0)),"",VLOOKUP(L15,calimp,2,0))) | BI15: =IF(BH15="","",+BH15*BG15) | BJ15: =CONCATENATE(AV15,AW15,AX15) -> FuerteModerado | BK15: =IF(B15="","",VLOOKUP(BJ15,NRES,3,0)) -> #N/A | BL15: =IF(B15="","",VLOOKUP(BJ15,NRES,2,0)) -> #N/A | BM15: =(IF(ISERROR(VLOOKUP(CONCATENATE(AV15,AW15,AX15),residual,2,0)),"",VLOOKUP(CONCATENATE(AV15,AW15,AX15),residual,2,0))) | BN15: =IF(ISERROR(VLOOKUP(CONCATENATE(AV15,AW15,AX15),residual,3,0)),"",VLOOKUP(CONCATENATE(AV15,AW15,AX15),residual,3,0)) | BO15: =IF(B15="","",IF(+BH15+BL15<0,0,+BH15+BL15)) -> #VALUE! | BP15: =IF(B15="","",IF(+BG15+BK15<0,0,+BG15+BK15)) -> #VALUE! | BR15: =IF(B15="","",IF(ISERROR(VLOOKUP(BO15,impa1,2,0)),"",VLOOKUP(BO15,impa1,2,0))) | BS15: =IF(B15="","",IF(ISERROR(VLOOKUP(BP15,prob1,2,0)),"",VLOOKUP(BP15,prob1,2,0))) | BT15: =IF(BH15="","",CONCATENATE(D15,BS15,BR15)) | BU15: =+W15 | BV15: =+BY15 | BW15: =IF(F15="Si",D15,"") -> RC1 | BX15: =IF(F15="Si",E15,"") -> Posibilidad de recibir o solicitar cualquier dádiva o beneficio a nombre propio o de terceros con el fin de manipular u omitir información de los resultados de las auditorías internas y de segunda parte, evaluaciones y seguimientos para direccionar la toma de decisiones. | BY15: =IF(B15="","",IF(D15=D13,"",IF(ISERROR(VLOOKUP(CONCATENATE(BR15,BS15),ri,4,0)),"",VLOOKUP(CONCATENATE(BR15,BS15),ri,4,0))))
B16: Apoyo | C16: Gestión Administrativa / Gestión TIC's | D16: RC2 | E16: Posibilidad de afectación económica y reputacional por demandas, sanciones por los grupos de valor por la falsificación o manipulación intencionada de la información para beneficio propio o de terceros | F16: Si | G16: No | H16: No | I16: Si | J16: Sustracción de documentación del archivo central | K16: Procedimientos asociados | L16: Raro | M16: =IF(F16="","",IF(F16="SI","Usted seleccionó SI en tipologia de riesgo RC (riesgo de corrupción). Oprima para diligenciar el formato adjunto.","No Aplica")) -> Usted seleccionó SI en tipologia de riesgo RC (riesgo de corrupción). Oprima para diligenciar el formato adjunto. | N16: Raro - Ocasional. Se espera que el evento pueda presentarse 1 vez en el año | O16: Mayor | P16: =IF(F16="","",IF(F16="SI","Usted seleccionó SI en tipologia de riesgo RC (riesgo de corrupción). Oprima para diligenciar el formato adjunto.","No Aplica")) -> Usted seleccionó SI en tipologia de riesgo RC (riesgo de corrupción). Oprima para diligenciar el formato adjunto. | Q16: Inferior - • Económico: Pérdidas inferiores o igual a 100 SLMLV | R16: Mayor - • Legal: Sanciones económicas por incumplimiento de las normas establecidas por los entes reguladores. Apertura de procesos sancionatorios, disciplinarios o fiscales. | S16: Mayor - • Seguridad de la Información: Pérdida de información crítica de la CIAC o de terceros que no se pueda recuperar fácilmente, ocasionando retrasos en las labores de las áreas, respuesta a los entes reguladores y a los clientes | T16: Inferior - • Continuidad: No genera Interrupción de las operaciones | U16: Inferior - • Reputacional: No afecta la imagen de la entidad con los clientes o grupos de interés | V16: Inferior - • Clientes: No incrementa significativamente el número de reclamos formulados por los Clientes | W16: =IF(B16="","",IF(ISERROR(VLOOKUP(CONCATENATE(L16,O16),ri,4,0)),"",VLOOKUP(CONCATENATE(L16,O16),ri,4,0))) -> Alto | X16: Reducir | Y16: C4 | AA16: Adecuadas | AC16: Preventivo | AD16: Acceso No Autorizado: Si el encargado del archivo no sigue adecuadamente el control de llaves, puede haber un riesgo de acceso no autorizado a la documentación, lo que podría resultar en la pérdida o alteración de información sensible. Falta de Registro de Accesos: Si no se lleva un registro adecuado de quién accede al archivo y cuándo, puede haber dificultades para rastrear cualquier incidente relacionado con la documentación. Inexactitud en el Control de Llaves: Si el registro de control de llaves no se actualiza correctamente, puede haber confusiones sobre quién tiene acceso al archivo, lo que podría comprometer la seguridad de la documentación. | AE16: Retrasos en la Recuperación de Documentos: Si el encargado del archivo no está disponible o no sigue los procedimientos adecuados, puede haber retrasos en la recuperación de documentos necesarios para la operación, afectando la eficiencia de la organización. Falta de Acciones Correctivas ante Incidencias: Si se identifican problemas relacionados con el acceso o la custodia de la documentación y no se toman acciones correctivas, puede haber una repetición de los mismos problemas en el futuro. Inadecuada Comunicación sobre Incidencias: Si no se comunica adecuadamente cualquier incidente relacionado con el acceso a la documentación, puede haber malentendidos que compliquen la resolución de problemas. | AF16: Falta de Protocolo para la Custodia de Documentos: Si no se establece un protocolo claro para la custodia y acceso a la documentación, puede haber inconsistencias en la aplicación de los procedimientos, aumentando el riesgo de errores. Insuficiente Capacitación del Personal: Si el encargado del archivo no está adecuadamente capacitado en los procedimientos de custodia y control de llaves, puede no realizar correctamente su trabajo, lo que podría comprometer la seguridad de la documentación. Comunicación Deficiente sobre Responsabilidades: Si no hay una buena comunicación sobre las responsabilidades del encargado del archivo y otros colaboradores, puede haber confusiones que afecten la gestión de la documentación. | AG16: Manual | AI16: Permanente | AJ16: Adecuado | AK16: Documentado | AL16: Control de llaves | AM16: Completa | AN16: =IF(B16="","",IF(BF16>=76,"Fuerte",IF(BF16>=51,"Moderado","Débil"))) -> Fuerte | AO16: =IF(OR(AA16="insuficientes",AA16="No adecuadas",AJ16="Inadecuado",AK16="No documentado",AM16="Incompleta",AM16="No existe"),"Si","No") -> No | AP16: =IF(AN16="","",IF(B16="","",IF(OR(AN16="Moderado",AN16="Débil"),"Si","No"))) -> No | AR16: Fuerte | AS16: =IF(AN16="","",IF(AND(AN16="Fuerte",AR16="Fuerte"),"Fuerte",IF(AND(AN16="Fuerte",AR16="Moderado"),"Moderado",IF(AND(AN16="Fuerte",AR16="Débil"),"Débil",IF(AND(AN16="Moderado",AR16="Fuerte"),"Moderado",IF(AND(AN16="Moderado",AR16="Moderado"),"Moderado","Débil")))))) -> Fuerte | AV16: =IF(D16="","",IF(D16=D15,"",IF(D16=D15,"",VLOOKUP(D16,solcon,11,0)))) -> Fuerte | AW16: Moderado | AX16: Moderado | AY16: =CONCATENATE(D16,O16,L16) -> RC2Mayor Raro | AZ16: =IF(B16="","",IF(AA16="Adecuadas",30,IF(AA16="Insuficientes",10,0))) -> 30 | BA16: =IF(B16="","",IF(AC16="Preventivo",15,IF(AC16="Detectivo",10,IF(AC16="Correctivo",5,0)))) -> 15 | BB16: =IF(B16="","",IF(AG16="Automático",10,IF(AG16="Dependiente de T.I.",7,IF(AG16="Manual",5,0)))) -> 5 | BC16: =IF(B16="","",IF(AJ16="Adecuado",20,0)) -> 20 | BD16: =IF(B16="","",IF(AK16="Documentado",10,0)) -> 10 | BE16: =IF(B16="","",IF(AM16="Completa",15,IF(AM16="Incompleta",10,0))) -> 15 | BF16: =IF(B16="","",SUM(AZ16:BE16)) -> 95 | BG16: =IF(B16="","",IF(ISERROR(VLOOKUP(O16,calprob,2,0)),"",VLOOKUP(O16,calprob,2,0))) -> 4 | BH16: =IF(B16="","",IF(ISERROR(VLOOKUP(L16,calimp,2,0)),"",VLOOKUP(L16,calimp,2,0))) -> 2 | BI16: =IF(BH16="","",+BH16*BG16) -> 8 | BJ16: =CONCATENATE(AV16,AW16,AX16) -> FuerteModeradoModerado | BK16: =IF(B16="","",VLOOKUP(BJ16,NRES,3,0)) -> -1 | BL16: =IF(B16="","",VLOOKUP(BJ16,NRES,2,0)) -> -1 | BM16: =(IF(ISERROR(VLOOKUP(CONCATENATE(AV16,AW16,AX16),residual,2,0)),"",VLOOKUP(CONCATENATE(AV16,AW16,AX16),residual,2,0))) | BN16: =IF(ISERROR(VLOOKUP(CONCATENATE(AV16,AW16,AX16),residual,3,0)),"",VLOOKUP(CONCATENATE(AV16,AW16,AX16),residual,3,0)) | BO16: =IF(B16="","",IF(+BH16+BL16<0,0,+BH16+BL16)) -> 1 | BP16: =IF(B16="","",IF(+BG16+BK16<0,0,+BG16+BK16)) -> 3 | BR16: =IF(B16="","",IF(ISERROR(VLOOKUP(BO16,impa1,2,0)),"",VLOOKUP(BO16,impa1,2,0))) -> Improbable | BS16: =IF(B16="","",IF(ISERROR(VLOOKUP(BP16,prob1,2,0)),"",VLOOKUP(BP16,prob1,2,0))) -> Importante | BT16: =IF(BH16="","",CONCATENATE(D16,BS16,BR16)) -> RC2ImportanteImprobable | BU16: =+W16 -> Alto | BV16: =+BY16 -> Moderado | BW16: =IF(F16="Si",D16,"") -> RC2 | BX16: =IF(F16="Si",E16,"") -> Posibilidad de afectación económica y reputacional por demandas, sanciones por los grupos de valor por la falsificación o manipulación intencionada de la información para beneficio propio o de terceros | BY16: =IF(B16="","",IF(D16=D15,"",IF(ISERROR(VLOOKUP(CONCATENATE(BR16,BS16),ri,4,0)),"",VLOOKUP(CONCATENATE(BR16,BS16),ri,4,0)))) -> Moderado
B17: Apoyo | C17: Gestión Administrativa / Gestión TIC's | D17: RC2 | E17: Posibilidad de afectación económica y reputacional por demandas, sanciones por los grupos de valor por la falsificación o manipulación intencionada de la información para beneficio propio o de terceros | F17: Si | G17: No | H17: No | I17: Si | J17: Vincular personal no confiable en los procesos que administran y custodian la información | K17: Procedimientos asociados | Y17: C1 | AA17: Adecuadas | AC17: Preventivo | AD17: El proceso de calificación y evaluación en cada etapa (pruebas psicotécnicas, de conocimiento, entrevistas) actúa como un mecanismo para identificar si un candidato no cumple con los estándares mínimos requeridos. La detección de resultados por debajo de la mínima calificación establecida permite frenar el proceso de continuidad del candidato en etapas tempranas. | AE17: Si en alguna etapa se encuentran deficiencias en el proceso o en la evaluación, se pueden realizar ajustes (por ejemplo, reconsideración de criterios o actualización de metodologías de evaluación). La terminación del proceso de selección de un candidato que no alcanza la calificación mínima asegura que el equipo final cumpla con los estándares y las necesidades de la organización. | AF17: La validación inicial del requerimiento de personal y de los perfiles (competencias, educación, experiencia, etc.) para asegurarse de que los candidatos cumplan con los requisitos necesarios desde el inicio. La realización de pruebas psicotécnicas, de conocimiento y entrevistas previene la selección de candidatos que no cumplan con los estándares establecidos. La visita domiciliaria (en caso de cargos críticos) asegura que se realice una verificación exhaustiva, minimizando riesgos antes de la contratación | AG17: Manual | AI17: Por demanda | AJ17: Adecuado | AK17: Documentado | AL17: 1. Procedimiento selección, vinculación, induccion, evaluación, promoción personal de planta. | AM17: Completa | AN17: =IF(B17="","",IF(BF17>=76,"Fuerte",IF(BF17>=51,"Moderado","Débil"))) -> Fuerte | AO17: =IF(OR(AA17="insuficientes",AA17="No adecuadas",AJ17="Inadecuado",AK17="No documentado",AM17="Incompleta",AM17="No existe"),"Si","No") -> No | AP17: =IF(AN17="","",IF(B17="","",IF(OR(AN17="Moderado",AN17="Débil"),"Si","No"))) -> No | AR17: Fuerte | AS17: =IF(AN17="","",IF(AND(AN17="Fuerte",AR17="Fuerte"),"Fuerte",IF(AND(AN17="Fuerte",AR17="Moderado"),"Moderado",IF(AND(AN17="Fuerte",AR17="Débil"),"Débil",IF(AND(AN17="Moderado",AR17="Fuerte"),"Moderado",IF(AND(AN17="Moderado",AR17="Moderado"),"Moderado","Débil")))))) -> Fuerte | AV17: =IF(D17="","",IF(D17=D16,"",IF(D17=D16,"",VLOOKUP(D17,solcon,11,0)))) | AW17: Fuerte | AX17: Moderado | AY17: =CONCATENATE(D17,O17,L17) -> RC2 | AZ17: =IF(B17="","",IF(AA17="Adecuadas",30,IF(AA17="Insuficientes",10,0))) -> 30 | BA17: =IF(B17="","",IF(AC17="Preventivo",15,IF(AC17="Detectivo",10,IF(AC17="Correctivo",5,0)))) -> 15 | BB17: =IF(B17="","",IF(AG17="Automático",10,IF(AG17="Dependiente de T.I.",7,IF(AG17="Manual",5,0)))) -> 5 | BC17: =IF(B17="","",IF(AJ17="Adecuado",20,0)) -> 20 | BD17: =IF(B17="","",IF(AK17="Documentado",10,0)) -> 10 | BE17: =IF(B17="","",IF(AM17="Completa",15,IF(AM17="Incompleta",10,0))) -> 15 | BF17: =IF(B17="","",SUM(AZ17:BE17)) -> 95 | BJ17: =CONCATENATE(AV17,AW17,AX17) -> FuerteModerado | BK17: =IF(B17="","",VLOOKUP(BJ17,NRES,3,0)) -> #N/A | BL17: =IF(B17="","",VLOOKUP(BJ17,NRES,2,0)) -> #N/A | BO17: =IF(B17="","",IF(+BH17+BL17<0,0,+BH17+BL17)) -> #N/A | BP17: =IF(B17="","",IF(+BG17+BK17<0,0,+BG17+BK17)) -> #N/A | BR17: =IF(B17="","",IF(ISERROR(VLOOKUP(BO17,impa1,2,0)),"",VLOOKUP(BO17,impa1,2,0))) | BS17: =IF(B17="","",IF(ISERROR(VLOOKUP(BP17,prob1,2,0)),"",VLOOKUP(BP17,prob1,2,0))) | BT17: =IF(BH17="","",CONCATENATE(D17,BS17,BR17)) | BV17: =+BY17 | BW17: =IF(F17="Si",D17,"") -> RC2 | BX17: =IF(F17="Si",E17,"") -> Posibilidad de afectación económica y reputacional por demandas, sanciones por los grupos de valor por la falsificación o manipulación intencionada de la información para beneficio propio o de terceros | BY17: =IF(B17="","",IF(D17=D16,"",IF(ISERROR(VLOOKUP(CONCATENATE(BR17,BS17),ri,4,0)),"",VLOOKUP(CONCATENATE(BR17,BS17),ri,4,0))))
B18: Apoyo | C18: Gestión Administrativa / Gestión TIC's | D18: RC2 | E18: Posibilidad de afectación económica y reputacional por demandas, sanciones por los grupos de valor por la falsificación o manipulación intencionada de la información para beneficio propio o de terceros | F18: Si | G18: No | H18: No | I18: Si | J18: Salida no autorizada de documentación | K18: Procedimientos asociados | Y18: C5 | AA18: Adecuadas | AC18: Preventivo | AD18: Solicitudes No Autorizadas: Si el encargado del Archivo Central no verifica adecuadamente que la solicitud de préstamo sea efectuada por una persona autorizada (Jefe de Oficina, Coordinador de Grupo, Director o gestor del documento), puede haber un riesgo de que se presten documentos sin la debida autorización, lo que podría comprometer la integridad de la información. Errores en el Diligenciamiento del Formato: Si el formato de control de préstamo de documentos no se diligencia correctamente, puede haber información incorrecta o incompleta, lo que dificultaría el seguimiento de los documentos prestados. Si el encargado no verifica adecuadamente que el documento devuelto coincida con el entregado, puede haber confusiones sobre el estado de los documentos y posibles pérdidas. | AE18: Retrasos en la Devolución de Documentos: Si el encargado del Archivo Central no realiza un seguimiento adecuado a los documentos prestados, puede haber retrasos en la devolución, afectando la disponibilidad de información para otros usuarios. Falta de Acciones ante Incidencias: Si se identifican problemas relacionados con el préstamo de documentos (como solicitudes no autorizadas o documentos no devueltos) y no se toman acciones correctivas, puede haber una repetición de los mismos problemas en el futuro. Inadecuada Comunicación sobre Problemas: Si no se comunica adecuadamente cualquier incidente relacionado con el préstamo de documentos, puede haber malentendidos que compliquen la resolución de problemas. | AF18: Falta de Protocolo para el Préstamo de Documentos: Si no se establece un protocolo claro para la solicitud y préstamo de documentos, puede haber inconsistencias en la aplicación de los procedimientos, aumentando el riesgo de errores. Insuficiente Capacitación del Personal: Si el encargado del Archivo Central no está adecuadamente capacitado en los procedimientos de préstamo y control de documentos, puede no realizar correctamente su trabajo, lo que podría comprometer la gestión de la documentación. Comunicación Deficiente sobre Responsabilidades: Si no hay una buena comunicación sobre las responsabilidades del encargado del Archivo Central y otros colaboradores, puede haber confusiones que afecten la gestión del préstamo de documentos. | AG18: Manual | AI18: Por demanda | AJ18: Adecuado | AK18: Documentado | AL18: Instructivo de gestión documental | AM18: Completa | AN18: =IF(B18="","",IF(BF18>=76,"Fuerte",IF(BF18>=51,"Moderado","Débil"))) -> Fuerte | AO18: =IF(OR(AA18="insuficientes",AA18="No adecuadas",AJ18="Inadecuado",AK18="No documentado",AM18="Incompleta",AM18="No existe"),"Si","No") -> No | AP18: =IF(AN18="","",IF(B18="","",IF(OR(AN18="Moderado",AN18="Débil"),"Si","No"))) -> No | AR18: Fuerte | AS18: =IF(AN18="","",IF(AND(AN18="Fuerte",AR18="Fuerte"),"Fuerte",IF(AND(AN18="Fuerte",AR18="Moderado"),"Moderado",IF(AND(AN18="Fuerte",AR18="Débil"),"Débil",IF(AND(AN18="Moderado",AR18="Fuerte"),"Moderado",IF(AND(AN18="Moderado",AR18="Moderado"),"Moderado","Débil")))))) -> Fuerte | AW18: Fuerte | AX18: Fuerte | AY18: =CONCATENATE(D18,O18,L18) -> RC2 | AZ18: =IF(B18="","",IF(AA18="Adecuadas",30,IF(AA18="Insuficientes",10,0))) -> 30 | BA18: =IF(B18="","",IF(AC18="Preventivo",15,IF(AC18="Detectivo",10,IF(AC18="Correctivo",5,0)))) -> 15 | BB18: =IF(B18="","",IF(AG18="Automático",10,IF(AG18="Dependiente de T.I.",7,IF(AG18="Manual",5,0)))) -> 5 | BC18: =IF(B18="","",IF(AJ18="Adecuado",20,0)) -> 20 | BD18: =IF(B18="","",IF(AK18="Documentado",10,0)) -> 10 | BE18: =IF(B18="","",IF(AM18="Completa",15,IF(AM18="Incompleta",10,0))) -> 15 | BF18: =IF(B18="","",SUM(AZ18:BE18)) -> 95 | BG18: =IF(B18="","",IF(ISERROR(VLOOKUP(O18,calprob,2,0)),"",VLOOKUP(O18,calprob,2,0))) | BH18: =IF(B18="","",IF(ISERROR(VLOOKUP(L18,calimp,2,0)),"",VLOOKUP(L18,calimp,2,0))) | BI18: =IF(BH18="","",+BH18*BG18) | BJ18: =CONCATENATE(AV18,AW18,AX18) -> FuerteFuerte | BK18: =IF(B18="","",VLOOKUP(BJ18,NRES,3,0)) -> #N/A | BL18: =IF(B18="","",VLOOKUP(BJ18,NRES,2,0)) -> #N/A | BM18: =(IF(ISERROR(VLOOKUP(CONCATENATE(AV18,AW18,AX18),residual,2,0)),"",VLOOKUP(CONCATENATE(AV18,AW18,AX18),residual,2,0))) | BN18: =IF(ISERROR(VLOOKUP(CONCATENATE(AV18,AW18,AX18),residual,3,0)),"",VLOOKUP(CONCATENATE(AV18,AW18,AX18),residual,3,0)) | BO18: =IF(B18="","",IF(+BH18+BL18<0,0,+BH18+BL18)) -> #VALUE! | BP18: =IF(B18="","",IF(+BG18+BK18<0,0,+BG18+BK18)) -> #VALUE! | BR18: =IF(B18="","",IF(ISERROR(VLOOKUP(BO18,impa1,2,0)),"",VLOOKUP(BO18,impa1,2,0))) | BS18: =IF(B18="","",IF(ISERROR(VLOOKUP(BP18,prob1,2,0)),"",VLOOKUP(BP18,prob1,2,0))) | BT18: =IF(BH18="","",CONCATENATE(D18,BS18,BR18)) | BV18: =+BY18 | BW18: =IF(F18="Si",D18,"") -> RC2 | BX18: =IF(F18="Si",E18,"") -> Posibilidad de afectación económica y reputacional por demandas, sanciones por los grupos de valor por la falsificación o manipulación intencionada de la información para beneficio propio o de terceros | BY18: =IF(B18="","",IF(D18=D17,"",IF(ISERROR(VLOOKUP(CONCATENATE(BR18,BS18),ri,4,0)),"",VLOOKUP(CONCATENATE(BR18,BS18),ri,4,0))))
B19: Apoyo | C19: Gestión Administrativa / Gestión TIC's | D19: RC2 | E19: Posibilidad de afectación económica y reputacional por demandas, sanciones por los grupos de valor por la falsificación o manipulación intencionada de la información para beneficio propio o de terceros | F19: Si | G19: No | H19: No | I19: Si | J19: Inadecuada asignación de accesos y permisos sobre los sistemas y recursos de información. | K19: Procedimientos asociados | Y19: C7.9 | AA19: Adecuadas | AC19: Preventivo | AD19: La revisión por parte del personal del grupo SAP para asegurar que la información en el ticket y el Formato OJT esté completa permite detectar si falta algún dato crucial antes de otorgar el acceso. | AE19: Si el personal del grupo SAP identifica que la información en el ticket o el Formato OJT está incompleta, la acción de solicitar la información faltante al solicitante o al líder funcional sería un control correctivo para asegurar que se cumplan los requisitos antes de la asignación de accesos. | AF19: Requerir la autorización del líder funcional para la asignación de acceso y nuevas transacciones en SAP asegura que los permisos otorgados sean consistentes con las responsabilidades y necesidades del cargo del nuevo usuario. Esto previene accesos indebidos o innecesarios. La exigencia del Formato OJT con información específica (roles, datos de identificación, contacto, cargo, dependencia) asegura que se recopile la información necesaria para una correcta asignación de accesos y para la trazabilidad de los permisos; la comprobación de la disponibilidad de licencias por parte del grupo SAP antes de la asignación previene problemas de acceso por falta de licencias y asegura el cumplimiento de los términos de licenciamiento del ERP. | AG19: Dependiente de T.I. | AI19: Por demanda | AJ19: Adecuado | AK19: Documentado | AL19: 1. Administración de licencias y usuarios SAP (ERP, SUCESSFACTORS Y PAYROLL) | AM19: Completa | AN19: =IF(B19="","",IF(BF19>=76,"Fuerte",IF(BF19>=51,"Moderado","Débil"))) -> Fuerte | AO19: =IF(OR(AA19="insuficientes",AA19="No adecuadas",AJ19="Inadecuado",AK19="No documentado",AM19="Incompleta",AM19="No existe"),"Si","No") -> No | AP19: =IF(AN19="","",IF(B19="","",IF(OR(AN19="Moderado",AN19="Débil"),"Si","No"))) -> No | AR19: Fuerte | AS19: =IF(AN19="","",IF(AND(AN19="Fuerte",AR19="Fuerte"),"Fuerte",IF(AND(AN19="Fuerte",AR19="Moderado"),"Moderado",IF(AND(AN19="Fuerte",AR19="Débil"),"Débil",IF(AND(AN19="Moderado",AR19="Fuerte"),"Moderado",IF(AND(AN19="Moderado",AR19="Moderado"),"Moderado","Débil")))))) -> Fuerte | AW19: Fuerte | AX19: Fuerte | AY19: =CONCATENATE(D19,O19,L19) -> RC2 | AZ19: =IF(B19="","",IF(AA19="Adecuadas",30,IF(AA19="Insuficientes",10,0))) -> 30 | BA19: =IF(B19="","",IF(AC19="Preventivo",15,IF(AC19="Detectivo",10,IF(AC19="Correctivo",5,0)))) -> 15 | BB19: =IF(B19="","",IF(AG19="Automático",10,IF(AG19="Dependiente de T.I.",7,IF(AG19="Manual",5,0)))) -> 7 | BC19: =IF(B19="","",IF(AJ19="Adecuado",20,0)) -> 20 | BD19: =IF(B19="","",IF(AK19="Documentado",10,0)) -> 10 | BE19: =IF(B19="","",IF(AM19="Completa",15,IF(AM19="Incompleta",10,0))) -> 15 | BF19: =IF(B19="","",SUM(AZ19:BE19)) -> 97 | BG19: =IF(B19="","",IF(ISERROR(VLOOKUP(O19,calprob,2,0)),"",VLOOKUP(O19,calprob,2,0))) | BH19: =IF(B19="","",IF(ISERROR(VLOOKUP(L19,calimp,2,0)),"",VLOOKUP(L19,calimp,2,0))) | BI19: =IF(BH19="","",+BH19*BG19) | BJ19: =CONCATENATE(AV19,AW19,AX19) -> FuerteFuerte | BK19: =IF(B19="","",VLOOKUP(BJ19,NRES,3,0)) -> #N/A | BL19: =IF(B19="","",VLOOKUP(BJ19,NRES,2,0)) -> #N/A | BM19: =(IF(ISERROR(VLOOKUP(CONCATENATE(AV19,AW19,AX19),residual,2,0)),"",VLOOKUP(CONCATENATE(AV19,AW19,AX19),residual,2,0))) | BN19: =IF(ISERROR(VLOOKUP(CONCATENATE(AV19,AW19,AX19),residual,3,0)),"",VLOOKUP(CONCATENATE(AV19,AW19,AX19),residual,3,0)) | BO19: =IF(B19="","",IF(+BH19+BL19<0,0,+BH19+BL19)) -> #VALUE! | BP19: =IF(B19="","",IF(+BG19+BK19<0,0,+BG19+BK19)) -> #VALUE! | BR19: =IF(B19="","",IF(ISERROR(VLOOKUP(BO19,impa1,2,0)),"",VLOOKUP(BO19,impa1,2,0))) | BS19: =IF(B19="","",IF(ISERROR(VLOOKUP(BP19,prob1,2,0)),"",VLOOKUP(BP19,prob1,2,0))) | BT19: =IF(BH19="","",CONCATENATE(D19,BS19,BR19)) | BV19: =+BY19 | BW19: =IF(F19="Si",D19,"") -> RC2 | BX19: =IF(F19="Si",E19,"") -> Posibilidad de afectación económica y reputacional por demandas, sanciones por los grupos de valor por la falsificación o manipulación intencionada de la información para beneficio propio o de terceros | BY19: =IF(B19="","",IF(D19=D18,"",IF(ISERROR(VLOOKUP(CONCATENATE(BR19,BS19),ri,4,0)),"",VLOOKUP(CONCATENATE(BR19,BS19),ri,4,0))))
B20: Apoyo | C20: Gestión Administrativa / Gestión TIC's | D20: RC2 | E20: Posibilidad de afectación económica y reputacional por demandas, sanciones por los grupos de valor por la falsificación o manipulación intencionada de la información para beneficio propio o de terceros | F20: Si | G20: No | H20: No | I20: Si | J20: Accesos a los servicios tecnológicos de personal que haya terminado relación contractual con la Corporación | K20: Procedimientos asociados | Y20: C7.10 | AA20: Adecuadas | AC20: Preventivo | AD20: El Grupo de TIC's al recibir el ticket detecta la necesidad de inactivar los accesos del colaborador. La trazabilidad del ticket permite monitorear que se cumpla con la inactivación. | AE20: Inactivación de usuarios y bloqueo de contraseñas por el Grupo de TIC’s, buscando con ésta acción corregir la situación de un ex-colaborador que aún podría tener acceso a los recursos tecnológicos de la Corporación, eliminando dicho acceso. Respuesta al ticket para trazabilidad, confirmando la acción de inactivación en el ticket permite tener un registro de que la medida correctiva se ha implementado. | AF20: Exigir que el colaborador genere un ticket detallando la terminación del contrato, con lo cual se busca formalizar la solicitud de inactivación de accesos y asegurar que se inicie el proceso correspondiente por parte del Grupo de TIC's. Condicionamiento de la firma del informe final a la evidencia del ticket:, genra el hecho de que las áreas que avalan el informe final de relación contractual no emitan su firma hasta que se evidencie el número del ticket de terminación de contrato actúa como una medida preventiva para asegurar que se inicie el proceso de revocación de accesos tecnológicos al momento de la finalización del vínculo laboral. | AG20: Dependiente de T.I. | AI20: Por demanda | AJ20: Adecuado | AK20: Documentado | AL20: 1. Manual de Seguridad y Privacidad de la Información | AM20: Completa | AN20: =IF(B20="","",IF(BF20>=76,"Fuerte",IF(BF20>=51,"Moderado","Débil"))) -> Fuerte | AO20: =IF(OR(AA20="insuficientes",AA20="No adecuadas",AJ20="Inadecuado",AK20="No documentado",AM20="Incompleta",AM20="No existe"),"Si","No") -> No | AP20: =IF(AN20="","",IF(B20="","",IF(OR(AN20="Moderado",AN20="Débil"),"Si","No"))) -> No | AR20: Moderado | AS20: =IF(AN20="","",IF(AND(AN20="Fuerte",AR20="Fuerte"),"Fuerte",IF(AND(AN20="Fuerte",AR20="Moderado"),"Moderado",IF(AND(AN20="Fuerte",AR20="Débil"),"Débil",IF(AND(AN20="Moderado",AR20="Fuerte"),"Moderado",IF(AND(AN20="Moderado",AR20="Moderado"),"Moderado","Débil")))))) -> Moderado | AW20: Fuerte | AX20: Fuerte | AY20: =CONCATENATE(D20,O20,L20) -> RC2 | AZ20: =IF(B20="","",IF(AA20="Adecuadas",30,IF(AA20="Insuficientes",10,0))) -> 30 | BA20: =IF(B20="","",IF(AC20="Preventivo",15,IF(AC20="Detectivo",10,IF(AC20="Correctivo",5,0)))) -> 15 | BB20: =IF(B20="","",IF(AG20="Automático",10,IF(AG20="Dependiente de T.I.",7,IF(AG20="Manual",5,0)))) -> 7 | BC20: =IF(B20="","",IF(AJ20="Adecuado",20,0)) -> 20 | BD20: =IF(B20="","",IF(AK20="Documentado",10,0)) -> 10 | BE20: =IF(B20="","",IF(AM20="Completa",15,IF(AM20="Incompleta",10,0))) -> 15 | BF20: =IF(B20="","",SUM(AZ20:BE20)) -> 97 | BG20: =IF(B20="","",IF(ISERROR(VLOOKUP(O20,calprob,2,0)),"",VLOOKUP(O20,calprob,2,0))) | BH20: =IF(B20="","",IF(ISERROR(VLOOKUP(L20,calimp,2,0)),"",VLOOKUP(L20,calimp,2,0))) | BI20: =IF(BH20="","",+BH20*BG20) | BJ20: =CONCATENATE(AV20,AW20,AX20) -> FuerteFuerte | BK20: =IF(B20="","",VLOOKUP(BJ20,NRES,3,0)) -> #N/A | BL20: =IF(B20="","",VLOOKUP(BJ20,NRES,2,0)) -> #N/A | BM20: =(IF(ISERROR(VLOOKUP(CONCATENATE(AV20,AW20,AX20),residual,2,0)),"",VLOOKUP(CONCATENATE(AV20,AW20,AX20),residual,2,0))) | BN20: =IF(ISERROR(VLOOKUP(CONCATENATE(AV20,AW20,AX20),residual,3,0)),"",VLOOKUP(CONCATENATE(AV20,AW20,AX20),residual,3,0)) | BO20: =IF(B20="","",IF(+BH20+BL20<0,0,+BH20+BL20)) -> #VALUE! | BP20: =IF(B20="","",IF(+BG20+BK20<0,0,+BG20+BK20)) -> #VALUE! | BR20: =IF(B20="","",IF(ISERROR(VLOOKUP(BO20,impa1,2,0)),"",VLOOKUP(BO20,impa1,2,0))) | BS20: =IF(B20="","",IF(ISERROR(VLOOKUP(BP20,prob1,2,0)),"",VLOOKUP(BP20,prob1,2,0))) | BT20: =IF(BH20="","",CONCATENATE(D20,BS20,BR20)) | BV20: =+BY20 | BW20: =IF(F20="Si",D20,"") -> RC2 | BX20: =IF(F20="Si",E20,"") -> Posibilidad de afectación económica y reputacional por demandas, sanciones por los grupos de valor por la falsificación o manipulación intencionada de la información para beneficio propio o de terceros | BY20: =IF(B20="","",IF(D20=D19,"",IF(ISERROR(VLOOKUP(CONCATENATE(BR20,BS20),ri,4,0)),"",VLOOKUP(CONCATENATE(BR20,BS20),ri,4,0))))
B21: Apoyo | C21: Gestión Administrativa / Gestión TIC's | D21: RC2 | E21: Posibilidad de afectación económica y reputacional por demandas, sanciones por los grupos de valor por la falsificación o manipulación intencionada de la información para beneficio propio o de terceros | F21: Si | G21: No | H21: No | I21: Si | J21: Incumplimiento de políticas y lineamientos para la gestión de acceso lógico en la CIAC | K21: Talento Humano | Y21: C7.20 | AA21: Adecuadas | AC21: Detectivo | AD21: El análisis mensual del reporte de roles y perfiles permite identificar novedades, como discrepancias o asignaciones incorrectas, actuando como un mecanismo de detección temprano. La comunicación del líder funcional al Grupo SAP (a través del correo enviado y el reporte) funciona como un medio para señalar las inconsistencias detectadas. | AE21: El Grupo SAP realiza los ajustes necesarios en los roles y perfiles, con base en las observaciones del líder funcional, corrigiendo errores y garantizando una asignación adecuada.La actualización del sistema y el reporte posterior aseguran que los problemas detectados sean resueltos de forma efectiva. | AF21: La validación mensual por parte del líder funcional SAP asegura que los roles y perfiles asignados sean coherentes con las funciones de cada usuario, evitando asignaciones incorrectas que podrían generar riesgos operativos o de seguridad. La existencia de un proceso formalizado de reporte y revisión previene irregularidades en la gestión de roles y perfiles. | AG21: Manual | AI21: Mensual | AJ21: Adecuado | AK21: Documentado | AL21: 1. Administración de licencias y usuarios SAP (ERP, SUCESSFACTORS Y PAYROLL) | AM21: Completa | AN21: =IF(B21="","",IF(BF21>=76,"Fuerte",IF(BF21>=51,"Moderado","Débil"))) -> Fuerte | AO21: No | AP21: =IF(AN21="","",IF(B21="","",IF(OR(AN21="Moderado",AN21="Débil"),"Si","No"))) -> No | AR21: Fuerte | AS21: =IF(AN21="","",IF(AND(AN21="Fuerte",AR21="Fuerte"),"Fuerte",IF(AND(AN21="Fuerte",AR21="Moderado"),"Moderado",IF(AND(AN21="Fuerte",AR21="Débil"),"Débil",IF(AND(AN21="Moderado",AR21="Fuerte"),"Moderado",IF(AND(AN21="Moderado",AR21="Moderado"),"Moderado","Débil")))))) -> Fuerte | AW21: Fuerte | AX21: Fuerte | AY21: =CONCATENATE(D21,O21,L21) -> RC2 | AZ21: =IF(B21="","",IF(AA21="Adecuadas",30,IF(AA21="Insuficientes",10,0))) -> 30 | BA21: =IF(B21="","",IF(AC21="Preventivo",15,IF(AC21="Detectivo",10,IF(AC21="Correctivo",5,0)))) -> 10 | BB21: =IF(B21="","",IF(AG21="Automático",10,IF(AG21="Dependiente de T.I.",7,IF(AG21="Manual",5,0)))) -> 5 | BC21: =IF(B21="","",IF(AJ21="Adecuado",20,0)) -> 20 | BD21: =IF(B21="","",IF(AK21="Documentado",10,0)) -> 10 | BE21: =IF(B21="","",IF(AM21="Completa",15,IF(AM21="Incompleta",10,0))) -> 15 | BF21: =IF(B21="","",SUM(AZ21:BE21)) -> 90 | BG21: =IF(B21="","",IF(ISERROR(VLOOKUP(O21,calprob,2,0)),"",VLOOKUP(O21,calprob,2,0))) | BH21: =IF(B21="","",IF(ISERROR(VLOOKUP(L21,calimp,2,0)),"",VLOOKUP(L21,calimp,2,0))) | BI21: =IF(BH21="","",+BH21*BG21) | BJ21: =CONCATENATE(AV21,AW21,AX21) -> FuerteFuerte | BK21: =IF(B21="","",VLOOKUP(BJ21,NRES,3,0)) -> #N/A | BL21: =IF(B21="","",VLOOKUP(BJ21,NRES,2,0)) -> #N/A | BM21: =(IF(ISERROR(VLOOKUP(CONCATENATE(AV21,AW21,AX21),residual,2,0)),"",VLOOKUP(CONCATENATE(AV21,AW21,AX21),residual,2,0))) | BN21: =IF(ISERROR(VLOOKUP(CONCATENATE(AV21,AW21,AX21),residual,3,0)),"",VLOOKUP(CONCATENATE(AV21,AW21,AX21),residual,3,0)) | BO21: =IF(B21="","",IF(+BH21+BL21<0,0,+BH21+BL21)) -> #VALUE! | BP21: =IF(B21="","",IF(+BG21+BK21<0,0,+BG21+BK21)) -> #VALUE! | BR21: =IF(B21="","",IF(ISERROR(VLOOKUP(BO21,impa1,2,0)),"",VLOOKUP(BO21,impa1,2,0))) | BS21: =IF(B21="","",IF(ISERROR(VLOOKUP(BP21,prob1,2,0)),"",VLOOKUP(BP21,prob1,2,0))) | BT21: =IF(BH21="","",CONCATENATE(D21,BS21,BR21)) | BV21: =+BY21 | BW21: =IF(F21="Si",D21,"") -> RC2 | BX21: =IF(F21="Si",E21,"") -> Posibilidad de afectación económica y reputacional por demandas, sanciones por los grupos de valor por la falsificación o manipulación intencionada de la información para beneficio propio o de terceros | BY21: =IF(B21="","",IF(D21=D20,"",IF(ISERROR(VLOOKUP(CONCATENATE(BR21,BS21),ri,4,0)),"",VLOOKUP(CONCATENATE(BR21,BS21),ri,4,0))))
B22: Apoyo | C22: Gestión Administrativa / Gestión TIC's | D22: RC2 | E22: Posibilidad de afectación económica y reputacional por demandas, sanciones por los grupos de valor por la falsificación o manipulación intencionada de la información para beneficio propio o de terceros | F22: Si | G22: No | H22: No | I22: Si | J22: Incumplimiento de políticas y lineamientos para la gestión de acceso lógico en la CIAC | K22: Talento Humano | Y22: C7.15 | AA22: Adecuadas | AC22: Correctivo | AD22: La identificación de incumplimientos de las políticas mediante mecanismos de monitoreo, auditoría o revisión permite detectar rápidamente eventos que comprometan la disponibilidad, integridad o confidencialidad de la información. El informe generado y enviado a la Alta Dirección por el Coordinador del Grupo TIC'S actúa como un instrumento clave para evidenciar los hallazgos e irregularidades detectadas. | AE22: Las medidas correctivas implementadas tras informar a la Alta Dirección se llevan a cabo de acuerdo con los hallazgos y la gravedad del incumplimiento, garantizando que los problemas identificados se resuelvan y no vuelvan a ocurrir. La actualización de políticas o procedimientos internos y la capacitación del personal implicado también son acciones correctivas que pueden derivarse de este proceso. | AF22: Las políticas y directrices de Seguridad y Privacidad de la Información establecidas por la CIAC funcionan como una medida preventiva, ya que definen los lineamientos claros para minimizar el riesgo de incidentes que comprometan la información.La supervisión continua y el cumplimiento de estas directrices por parte del personal aseguran que se sigan los estándares establecidos, ayudando a prevenir incumplimientos. | AG22: Manual | AI22: Permanente | AJ22: Adecuado | AK22: Documentado | AL22: 1. Manual de Seguridad y Privacidad de la Información | AM22: Completa | AN22: =IF(B22="","",IF(BF22>=76,"Fuerte",IF(BF22>=51,"Moderado","Débil"))) -> Fuerte | AO22: No | AP22: No | AR22: Fuerte | AS22: Fuerte | AW22: Fuerte | AX22: Fuerte | AY22: =CONCATENATE(D22,O22,L22) -> RC2 | AZ22: =IF(B22="","",IF(AA22="Adecuadas",30,IF(AA22="Insuficientes",10,0))) -> 30 | BA22: =IF(B22="","",IF(AC22="Preventivo",15,IF(AC22="Detectivo",10,IF(AC22="Correctivo",5,0)))) -> 5 | BB22: =IF(B22="","",IF(AG22="Automático",10,IF(AG22="Dependiente de T.I.",7,IF(AG22="Manual",5,0)))) -> 5 | BC22: =IF(B22="","",IF(AJ22="Adecuado",20,0)) -> 20 | BD22: =IF(B22="","",IF(AK22="Documentado",10,0)) -> 10 | BE22: =IF(B22="","",IF(AM22="Completa",15,IF(AM22="Incompleta",10,0))) -> 15 | BF22: =IF(B22="","",SUM(AZ22:BE22)) -> 85 | BG22: =IF(B22="","",IF(ISERROR(VLOOKUP(O22,calprob,2,0)),"",VLOOKUP(O22,calprob,2,0))) | BH22: =IF(B22="","",IF(ISERROR(VLOOKUP(L22,calimp,2,0)),"",VLOOKUP(L22,calimp,2,0))) | BI22: =IF(BH22="","",+BH22*BG22) | BJ22: =CONCATENATE(AV22,AW22,AX22) -> FuerteFuerte | BK22: =IF(B22="","",VLOOKUP(BJ22,NRES,3,0)) -> #N/A | BL22: =IF(B22="","",VLOOKUP(BJ22,NRES,2,0)) -> #N/A | BM22: =(IF(ISERROR(VLOOKUP(CONCATENATE(AV22,AW22,AX22),residual,2,0)),"",VLOOKUP(CONCATENATE(AV22,AW22,AX22),residual,2,0))) | BN22: =IF(ISERROR(VLOOKUP(CONCATENATE(AV22,AW22,AX22),residual,3,0)),"",VLOOKUP(CONCATENATE(AV22,AW22,AX22),residual,3,0)) | BO22: =IF(B22="","",IF(+BH22+BL22<0,0,+BH22+BL22)) -> #VALUE! | BP22: =IF(B22="","",IF(+BG22+BK22<0,0,+BG22+BK22)) -> #VALUE! | BR22: =IF(B22="","",IF(ISERROR(VLOOKUP(BO22,impa1,2,0)),"",VLOOKUP(BO22,impa1,2,0))) | BS22: =IF(B22="","",IF(ISERROR(VLOOKUP(BP22,prob1,2,0)),"",VLOOKUP(BP22,prob1,2,0))) | BT22: =IF(BH22="","",CONCATENATE(D22,BS22,BR22)) | BV22: =+BY22 | BW22: =IF(F22="Si",D22,"") -> RC2 | BX22: =IF(F22="Si",E22,"") -> Posibilidad de afectación económica y reputacional por demandas, sanciones por los grupos de valor por la falsificación o manipulación intencionada de la información para beneficio propio o de terceros | BY22: =IF(B22="","",IF(D22=D21,"",IF(ISERROR(VLOOKUP(CONCATENATE(BR22,BS22),ri,4,0)),"",VLOOKUP(CONCATENATE(BR22,BS22),ri,4,0))))
B23: Apoyo | C23: Gestión Administrativa / Gestión TIC's | D23: RC2 | E23: Posibilidad de afectación económica y reputacional por demandas, sanciones por los grupos de valor por la falsificación o manipulación intencionada de la información para beneficio propio o de terceros | F23: Si | G23: No | H23: No | I23: Si | J23: Componentes de la infraestructura tecnológica operando con configuraciones por defecto o no seguras | K23: Tecnología | W23: =IF(B23="","",IF(ISERROR(VLOOKUP(CONCATENATE(L23,O23),ri,4,0)),"",VLOOKUP(CONCATENATE(L23,O23),ri,4,0))) | Y23: C7.8 | AA23: Adecuadas | AC23: Preventivo | AD23: Verificación del ingreso del colaborador con reportes de Talento Humano y SuccessFactors con la comparación de la solicitud de acceso con los reportes oficiales de ingreso de personal permite detectar solicitudes para personas que no han sido formalmente vinculadas a la Corporación. | AE23: Si la verificación con los reportes de Talento Humano y SuccessFactors no confirma el ingreso del colaborador, la no asignación de los accesos actúa como una medida correctiva para evitar el acceso de personal no autorizado. | AF23: Solicitud de acceso mediante ticket con autorización del coordinador o jefe, requeririendo la autorización del superior jerárquico antes de solicitar el acceso busca prevenir solicitudes no autorizadas o innecesarias de recursos tecnológicos. Asignación de acceso con el principio de mínimo privilegio necesario, otorgando solo los permisos estrictamente necesarios para las funciones del colaborador busca prevenir accesos indebidos a información o funcionalidades que no son requeridas para su trabajo, reduciendo el riesgo de uso indebido o errores. | AG23: Dependiente de T.I. | AH23: Kaspersky, AD Manager | AI23: Por demanda | AJ23: Adecuado | AK23: Documentado | AL23: 1. Manual de Seguridad y Privacidad de la Información | AM23: Completa | AN23: =IF(B23="","",IF(BF23>=76,"Fuerte",IF(BF23>=51,"Moderado","Débil"))) -> Fuerte | AO23: =IF(OR(AA23="insuficientes",AA23="No adecuadas",AJ23="Inadecuado",AK23="No documentado",AM23="Incompleta",AM23="No existe"),"Si","No") -> No | AP23: =IF(AN23="","",IF(B23="","",IF(OR(AN23="Moderado",AN23="Débil"),"Si","No"))) -> No | AR23: Fuerte | AS23: Fuerte | AW23: Fuerte | AX23: Fuerte | AY23: =CONCATENATE(D23,O23,L23) -> RC2 | AZ23: =IF(B23="","",IF(AA23="Adecuadas",30,IF(AA23="Insuficientes",10,0))) -> 30 | BA23: =IF(B23="","",IF(AC23="Preventivo",15,IF(AC23="Detectivo",10,IF(AC23="Correctivo",5,0)))) -> 15 | BB23: =IF(B23="","",IF(AG23="Automático",10,IF(AG23="Dependiente de T.I.",7,IF(AG23="Manual",5,0)))) -> 7 | BC23: =IF(B23="","",IF(AJ23="Adecuado",20,0)) -> 20 | BD23: =IF(B23="","",IF(AK23="Documentado",10,0)) -> 10 | BE23: =IF(B23="","",IF(AM23="Completa",15,IF(AM23="Incompleta",10,0))) -> 15 | BF23: =IF(B23="","",SUM(AZ23:BE23)) -> 97 | BG23: =IF(B23="","",IF(ISERROR(VLOOKUP(O23,calprob,2,0)),"",VLOOKUP(O23,calprob,2,0))) | BH23: =IF(B23="","",IF(ISERROR(VLOOKUP(L23,calimp,2,0)),"",VLOOKUP(L23,calimp,2,0))) | BI23: =IF(BH23="","",+BH23*BG23) | BJ23: =CONCATENATE(AV23,AW23,AX23) -> FuerteFuerte | BK23: =IF(B23="","",VLOOKUP(BJ23,NRES,3,0)) -> #N/A | BL23: =IF(B23="","",VLOOKUP(BJ23,NRES,2,0)) -> #N/A | BM23: =(IF(ISERROR(VLOOKUP(CONCATENATE(AV23,AW23,AX23),residual,2,0)),"",VLOOKUP(CONCATENATE(AV23,AW23,AX23),residual,2,0))) | BN23: =IF(ISERROR(VLOOKUP(CONCATENATE(AV23,AW23,AX23),residual,3,0)),"",VLOOKUP(CONCATENATE(AV23,AW23,AX23),residual,3,0)) | BO23: =IF(B23="","",IF(+BH23+BL23<0,0,+BH23+BL23)) -> #VALUE! | BP23: =IF(B23="","",IF(+BG23+BK23<0,0,+BG23+BK23)) -> #VALUE! | BR23: =IF(B23="","",IF(ISERROR(VLOOKUP(BO23,impa1,2,0)),"",VLOOKUP(BO23,impa1,2,0))) | BS23: =IF(B23="","",IF(ISERROR(VLOOKUP(BP23,prob1,2,0)),"",VLOOKUP(BP23,prob1,2,0))) | BT23: =IF(BH23="","",CONCATENATE(D23,BS23,BR23)) | BU23: =+W23 | BV23: =+BY23 | BW23: =IF(F23="Si",D23,"") -> RC2 | BX23: =IF(F23="Si",E23,"") -> Posibilidad de afectación económica y reputacional por demandas, sanciones por los grupos de valor por la falsificación o manipulación intencionada de la información para beneficio propio o de terceros | BY23: =IF(B23="","",IF(D23=D22,"",IF(ISERROR(VLOOKUP(CONCATENATE(BR23,BS23),ri,4,0)),"",VLOOKUP(CONCATENATE(BR23,BS23),ri,4,0))))
B24: Apoyo | C24: Gestión Financiera | D24: RC3 | E24: Recibir dádivas o beneficios a nombre propio o de terceros por la manipulación de la información financiera y contable de la Corporación | F24: Si | G24: No | H24: Si | I24: Si | J24: Fallas en la seguridad y confidencialidad de las aplicaciones que soportan las operaciones financieras | K24: Tecnología | L24: Improbable | M24: =IF(F24="","",IF(F24="SI","Usted seleccionó SI en tipologia de riesgo RC (riesgo de corrupción). Oprima para diligenciar el formato adjunto.","No Aplica")) -> Usted seleccionó SI en tipologia de riesgo RC (riesgo de corrupción). Oprima para diligenciar el formato adjunto. | N24: Improbable - El evento puede ocurrir en menos del 3% de los casos | O24: Mayor | P24: =IF(F24="","",IF(F24="SI","Usted seleccionó SI en tipologia de riesgo RC (riesgo de corrupción). Oprima para diligenciar el formato adjunto.","No Aplica")) -> Usted seleccionó SI en tipologia de riesgo RC (riesgo de corrupción). Oprima para diligenciar el formato adjunto. | Q24: Inferior - • Económico: Pérdidas inferiores o igual a 100 SLMLV | R24: Mayor - • Legal: Sanciones económicas por incumplimiento de las normas establecidas por los entes reguladores. Apertura de procesos sancionatorios, disciplinarios o fiscales. | S24: Importante - • Seguridad de la Información: Falta de disponibilidad de la información, ocasionando retrasos en las labores de las áreas y/o en la respuesta a los clientes | T24: Inferior - • Continuidad: No genera Interrupción de las operaciones | U24: Menor - • Reputacional: Información negativa que aparece sorpresivamente en la prensa o es colocada en internet | V24: Mayor - • Clientes: Incremento entre el 31% y el 40% del número de reclamos formulados por los Clientes | W24: =IF(B24="","",IF(ISERROR(VLOOKUP(CONCATENATE(L24,O24),ri,4,0)),"",VLOOKUP(CONCATENATE(L24,O24),ri,4,0))) -> Alto | X24: Reducir | Y24: C7.9 | AA24: Adecuadas | AC24: Preventivo | AD24: La revisión por parte del personal del grupo SAP para asegurar que la información en el ticket y el Formato OJT esté completa permite detectar si falta algún dato crucial antes de otorgar el acceso. | AE24: Si el personal del grupo SAP identifica que la información en el ticket o el Formato OJT está incompleta, la acción de solicitar la información faltante al solicitante o al líder funcional sería un control correctivo para asegurar que se cumplan los requisitos antes de la asignación de accesos. | AF24: Requerir la autorización del líder funcional para la asignación de acceso y nuevas transacciones en SAP asegura que los permisos otorgados sean consistentes con las responsabilidades y necesidades del cargo del nuevo usuario. Esto previene accesos indebidos o innecesarios. La exigencia del Formato OJT con información específica (roles, datos de identificación, contacto, cargo, dependencia) asegura que se recopile la información necesaria para una correcta asignación de accesos y para la trazabilidad de los permisos; la comprobación de la disponibilidad de licencias por parte del grupo SAP antes de la asignación previene problemas de acceso por falta de licencias y asegura el cumplimiento de los términos de licenciamiento del ERP. | AG24: Dependiente de T.I. | AI24: Por demanda | AJ24: Adecuado | AK24: Documentado | AL24: 1. Administración de licencias y usuarios SAP (ERP, SUCESSFACTORS Y PAYROLL) | AM24: Completa | AN24: Fuerte | AO24: No | AP24: No | AR24: Fuerte | AS24: =IF(AN24="","",IF(AND(AN24="Fuerte",AR24="Fuerte"),"Fuerte",IF(AND(AN24="Fuerte",AR24="Moderado"),"Moderado",IF(AND(AN24="Fuerte",AR24="Débil"),"Débil",IF(AND(AN24="Moderado",AR24="Fuerte"),"Moderado",IF(AND(AN24="Moderado",AR24="Moderado"),"Moderado","Débil")))))) -> Fuerte | AV24: =IF(D24="","",IF(D24=D23,"",IF(D24=D23,"",VLOOKUP(D24,solcon,11,0)))) -> Fuerte | AW24: Fuerte | AX24: Moderado | AY24: =CONCATENATE(D24,O24,L24) -> RC3Mayor Improbable | AZ24: =IF(B24="","",IF(AA24="Adecuadas",30,IF(AA24="Insuficientes",10,0))) -> 30 | BA24: =IF(B24="","",IF(AC24="Preventivo",15,IF(AC24="Detectivo",10,IF(AC24="Correctivo",5,0)))) -> 15 | BB24: =IF(B24="","",IF(AG24="Automático",10,IF(AG24="Dependiente de T.I.",7,IF(AG24="Manual",5,0)))) -> 7 | BC24: =IF(B24="","",IF(AJ24="Adecuado",20,0)) -> 20 | BD24: =IF(B24="","",IF(AK24="Documentado",10,0)) -> 10 | BE24: =IF(B24="","",IF(AM24="Completa",15,IF(AM24="Incompleta",10,0))) -> 15 | BF24: =IF(B24="","",SUM(AZ24:BE24)) -> 97 | BG24: =IF(B24="","",IF(ISERROR(VLOOKUP(O24,calprob,2,0)),"",VLOOKUP(O24,calprob,2,0))) -> 4 | BH24: =IF(B24="","",IF(ISERROR(VLOOKUP(L24,calimp,2,0)),"",VLOOKUP(L24,calimp,2,0))) -> 1 | BI24: =IF(BH24="","",+BH24*BG24) -> 4 | BJ24: =CONCATENATE(AV24,AW24,AX24) -> FuerteFuerteModerado | BK24: =IF(B24="","",VLOOKUP(BJ24,NRES,3,0)) -> -1 | BL24: =IF(B24="","",VLOOKUP(BJ24,NRES,2,0)) -> -2 | BM24: =(IF(ISERROR(VLOOKUP(CONCATENATE(AV24,AW24,AX24),residual,2,0)),"",VLOOKUP(CONCATENATE(AV24,AW24,AX24),residual,2,0))) | BN24: =IF(ISERROR(VLOOKUP(CONCATENATE(AV24,AW24,AX24),residual,3,0)),"",VLOOKUP(CONCATENATE(AV24,AW24,AX24),residual,3,0)) | BO24: =IF(B24="","",IF(+BH24+BL24<0,0,+BH24+BL24)) -> 0 | BP24: =IF(B24="","",IF(+BG24+BK24<0,0,+BG24+BK24)) -> 3 | BR24: =IF(B24="","",IF(ISERROR(VLOOKUP(BO24,impa1,2,0)),"",VLOOKUP(BO24,impa1,2,0))) -> Improbable | BS24: =IF(B24="","",IF(ISERROR(VLOOKUP(BP24,prob1,2,0)),"",VLOOKUP(BP24,prob1,2,0))) -> Importante | BT24: =IF(BH24="","",CONCATENATE(D24,BS24,BR24)) -> RC3ImportanteImprobable | BU24: =+W24 -> Alto | BV24: =+BY24 -> Moderado | BW24: =IF(F24="Si",D24,"") -> RC3 | BX24: =IF(F24="Si",E24,"") -> Recibir dádivas o beneficios a nombre propio o de terceros por la manipulación de la información financiera y contable de la Corporación | BY24: =IF(B24="","",IF(D24=D23,"",IF(ISERROR(VLOOKUP(CONCATENATE(BR24,BS24),ri,4,0)),"",VLOOKUP(CONCATENATE(BR24,BS24),ri,4,0)))) -> Moderado
B25: Apoyo | C25: Gestión Financiera | D25: RC3 | E25: Recibir dádivas o beneficios a nombre propio o de terceros por la manipulación de la información financiera y contable de la Corporación | F25: Si | G25: No | H25: Si | I25: No | J25: Vincular personal no confiable | K25: Procedimientos asociados | Y25: C1 | AA25: Adecuadas | AC25: Preventivo | AD25: El proceso de calificación y evaluación en cada etapa (pruebas psicotécnicas, de conocimiento, entrevistas) actúa como un mecanismo para identificar si un candidato no cumple con los estándares mínimos requeridos. La detección de resultados por debajo de la mínima calificación establecida permite frenar el proceso de continuidad del candidato en etapas tempranas. | AE25: Si en alguna etapa se encuentran deficiencias en el proceso o en la evaluación, se pueden realizar ajustes (por ejemplo, reconsideración de criterios o actualización de metodologías de evaluación). La terminación del proceso de selección de un candidato que no alcanza la calificación mínima asegura que el equipo final cumpla con los estándares y las necesidades de la organización. | AF25: La validación inicial del requerimiento de personal y de los perfiles (competencias, educación, experiencia, etc.) para asegurarse de que los candidatos cumplan con los requisitos necesarios desde el inicio. La realización de pruebas psicotécnicas, de conocimiento y entrevistas previene la selección de candidatos que no cumplan con los estándares establecidos. La visita domiciliaria (en caso de cargos críticos) asegura que se realice una verificación exhaustiva, minimizando riesgos antes de la contratación | AG25: Manual | AI25: Por demanda | AJ25: Adecuado | AK25: Documentado | AL25: 1. Procedimiento selección, vinculación, induccion, evaluación, promoción personal de planta. | AM25: Completa | AN25: =IF(B25="","",IF(BF25>=76,"Fuerte",IF(BF25>=51,"Moderado","Débil"))) -> Fuerte | AO25: =IF(OR(AA25="insuficientes",AA25="No adecuadas",AJ25="Inadecuado",AK25="No documentado",AM25="Incompleta",AM25="No existe"),"Si","No") -> No | AP25: =IF(AN25="","",IF(B25="","",IF(OR(AN25="Moderado",AN25="Débil"),"Si","No"))) -> No | AR25: Fuerte | AS25: =IF(AN25="","",IF(AND(AN25="Fuerte",AR25="Fuerte"),"Fuerte",IF(AND(AN25="Fuerte",AR25="Moderado"),"Moderado",IF(AND(AN25="Fuerte",AR25="Débil"),"Débil",IF(AND(AN25="Moderado",AR25="Fuerte"),"Moderado",IF(AND(AN25="Moderado",AR25="Moderado"),"Moderado","Débil")))))) -> Fuerte | AW25: Fuerte | AX25: Moderado | AY25: =CONCATENATE(D25,O25,L25) -> RC3 | AZ25: =IF(B25="","",IF(AA25="Adecuadas",30,IF(AA25="Insuficientes",10,0))) -> 30 | BA25: =IF(B25="","",IF(AC25="Preventivo",15,IF(AC25="Detectivo",10,IF(AC25="Correctivo",5,0)))) -> 15 | BB25: =IF(B25="","",IF(AG25="Automático",10,IF(AG25="Dependiente de T.I.",7,IF(AG25="Manual",5,0)))) -> 5 | BC25: =IF(B25="","",IF(AJ25="Adecuado",20,0)) -> 20 | BD25: =IF(B25="","",IF(AK25="Documentado",10,0)) -> 10 | BE25: =IF(B25="","",IF(AM25="Completa",15,IF(AM25="Incompleta",10,0))) -> 15 | BF25: =IF(B25="","",SUM(AZ25:BE25)) -> 95 | BJ25: =CONCATENATE(AV25,AW25,AX25) -> FuerteModerado | BK25: =IF(B25="","",VLOOKUP(BJ25,NRES,3,0)) -> #N/A | BL25: =IF(B25="","",VLOOKUP(BJ25,NRES,2,0)) -> #N/A | BO25: =IF(B25="","",IF(+BH25+BL25<0,0,+BH25+BL25)) -> #N/A | BP25: =IF(B25="","",IF(+BG25+BK25<0,0,+BG25+BK25)) -> #N/A | BR25: =IF(B25="","",IF(ISERROR(VLOOKUP(BO25,impa1,2,0)),"",VLOOKUP(BO25,impa1,2,0))) | BS25: =IF(B25="","",IF(ISERROR(VLOOKUP(BP25,prob1,2,0)),"",VLOOKUP(BP25,prob1,2,0))) | BT25: =IF(BH25="","",CONCATENATE(D25,BS25,BR25)) | BW25: =IF(F25="Si",D25,"") -> RC3 | BX25: =IF(F25="Si",E25,"") -> Recibir dádivas o beneficios a nombre propio o de terceros por la manipulación de la información financiera y contable de la Corporación
B26: Apoyo | C26: Gestión Financiera | D26: RC3 | E26: Recibir dádivas o beneficios a nombre propio o de terceros por la manipulación de la información financiera y contable de la Corporación | F26: Si | G26: No | H26: Si | I26: No | J26: Pérdida de valores e integridad por parte de los funcionarios de la Vicepresidencia Financiera | K26: Talento Humano | W26: =IF(B26="","",IF(ISERROR(VLOOKUP(CONCATENATE(L26,O26),ri,4,0)),"",VLOOKUP(CONCATENATE(L26,O26),ri,4,0))) | Y26: C3 | AA26: Adecuadas | AC26: Preventivo | AD26: Monitoreo de asistencia y participación, mediante los registros en la plataforma LMS, listas físicas y virtuales permitiendo detectar si todo los funcionarios han participado en las capacitaciones programadas, permitiendo una evaluación de efectividad al revisar el impacto de las capacitaciones mediante cuestionarios y análisis de conductas posteriores para identificar áreas donde los valores y principios no se están interiorizando adecuadamente e identificando riesgos recurrentes al analizar patrones en las áreas de mayor vulnerabilidad a hechos ilícitos ayudando a detectar fallas sistémicas o falta de comprensión en los funcionarios. | AE26: Si las capacitaciones no están logrando prevenir ciertos riesgos como corrupción, soborno o fraude, narcóticos, lavado de activos, financiación al terrorismo, entre otros, revisar, ajustar y mejorar el contenido de os programas para que sean más específicos y efectivos, así como capacitaciones adicionales, en caso de identificar deficiencias en ciertas áreas o entre determinados grupos programando sesiones específicas y complementarias. Establecer protocolos inmediatos para corregir cualquier caso de gestión de incidentes, identificado hechos ilícitos y reforzar las capacitaciones donde sea necesario. | AF26: Programación constante de capacitaciones, garantizando un cronograma regular de sensibilizaciones para mantener el enfoque preventivo y actualizar a los funcionarios frente a nuevas amenazas o cambios legales, promoviendo una cultura ética, reforzando los valores corporativos a través de campañas internas y actividades complementarias que fomenten el compromiso con el Código de Ética e Integridad, el Programa de Transparencia y Ética Empresarial, SARLAFT y el de Operador Económico Autorizado. Automatización del seguimiento, al incorporar herramientas digitales que permitan controlar el cumplimiento de las capacitaciones y evaluar su impacto en tiempo real. | AG26: Manual | AI26: Anual | AJ26: Adecuado | AK26: Documentado | AL26: Plan Institucional de Capacitación | AM26: Completa | AN26: =IF(B26="","",IF(BF26>=76,"Fuerte",IF(BF26>=51,"Moderado","Débil"))) -> Fuerte | AO26: =IF(OR(AA26="insuficientes",AA26="No adecuadas",AJ26="Inadecuado",AK26="No documentado",AM26="Incompleta",AM26="No existe"),"Si","No") -> No | AP26: =IF(AN26="","",IF(B26="","",IF(OR(AN26="Moderado",AN26="Débil"),"Si","No"))) -> No | AR26: Fuerte | AS26: =IF(AN26="","",IF(AND(AN26="Fuerte",AR26="Fuerte"),"Fuerte",IF(AND(AN26="Fuerte",AR26="Moderado"),"Moderado",IF(AND(AN26="Fuerte",AR26="Débil"),"Débil",IF(AND(AN26="Moderado",AR26="Fuerte"),"Moderado",IF(AND(AN26="Moderado",AR26="Moderado"),"Moderado","Débil")))))) -> Fuerte | AW26: Fuerte | AX26: Moderado | AY26: =CONCATENATE(D26,O26,L26) -> RC3 | AZ26: =IF(B26="","",IF(AA26="Adecuadas",30,IF(AA26="Insuficientes",10,0))) -> 30 | BA26: =IF(B26="","",IF(AC26="Preventivo",15,IF(AC26="Detectivo",10,IF(AC26="Correctivo",5,0)))) -> 15 | BB26: =IF(B26="","",IF(AG26="Automático",10,IF(AG26="Dependiente de T.I.",7,IF(AG26="Manual",5,0)))) -> 5 | BC26: =IF(B26="","",IF(AJ26="Adecuado",20,0)) -> 20 | BD26: =IF(B26="","",IF(AK26="Documentado",10,0)) -> 10 | BE26: =IF(B26="","",IF(AM26="Completa",15,IF(AM26="Incompleta",10,0))) -> 15 | BF26: =IF(B26="","",SUM(AZ26:BE26)) -> 95 | BG26: =IF(B26="","",IF(ISERROR(VLOOKUP(O26,calprob,2,0)),"",VLOOKUP(O26,calprob,2,0))) | BH26: =IF(B26="","",IF(ISERROR(VLOOKUP(L26,calimp,2,0)),"",VLOOKUP(L26,calimp,2,0))) | BI26: =IF(BH26="","",+BH26*BG26) | BJ26: =CONCATENATE(AV26,AW26,AX26) -> FuerteModerado | BK26: =IF(B26="","",VLOOKUP(BJ26,NRES,3,0)) -> #N/A | BL26: =IF(B26="","",VLOOKUP(BJ26,NRES,2,0)) -> #N/A | BM26: =(IF(ISERROR(VLOOKUP(CONCATENATE(AV26,AW26,AX26),residual,2,0)),"",VLOOKUP(CONCATENATE(AV26,AW26,AX26),residual,2,0))) | BN26: =IF(ISERROR(VLOOKUP(CONCATENATE(AV26,AW26,AX26),residual,3,0)),"",VLOOKUP(CONCATENATE(AV26,AW26,AX26),residual,3,0)) | BO26: =IF(B26="","",IF(+BH26+BL26<0,0,+BH26+BL26)) -> #VALUE! | BP26: =IF(B26="","",IF(+BG26+BK26<0,0,+BG26+BK26)) -> #VALUE! | BR26: =IF(B26="","",IF(ISERROR(VLOOKUP(BO26,impa1,2,0)),"",VLOOKUP(BO26,impa1,2,0))) | BS26: =IF(B26="","",IF(ISERROR(VLOOKUP(BP26,prob1,2,0)),"",VLOOKUP(BP26,prob1,2,0))) | BT26: =IF(BH26="","",CONCATENATE(D26,BS26,BR26)) | BU26: =+W26 | BV26: =+BY26 | BW26: =IF(F26="Si",D26,"") -> RC3 | BX26: =IF(F26="Si",E26,"") -> Recibir dádivas o beneficios a nombre propio o de terceros por la manipulación de la información financiera y contable de la Corporación | BY26: =IF(B26="","",IF(D26=D25,"",IF(ISERROR(VLOOKUP(CONCATENATE(BR26,BS26),ri,4,0)),"",VLOOKUP(CONCATENATE(BR26,BS26),ri,4,0))))
B27: Apoyo | C27: Gestión Financiera | D27: RC4 | E27: Recepción de dádivas o beneficios a nombre propio o de terceros por realizar pagos o traslados dobles, por montos superiores, injustificados o sin soporte, cuentas ficticias y/o por fuera de los términos de negociación | F27: Si | G27: Si | H27: Si | I27: Si | J27: Pérdida de los principios y valores del personal que soporta el proceso de pagos | K27: Talento Humano | L27: Improbable | M27: =IF(F27="","",IF(F27="SI","Usted seleccionó SI en tipologia de riesgo RC (riesgo de corrupción). Oprima para diligenciar el formato adjunto.","No Aplica")) -> Usted seleccionó SI en tipologia de riesgo RC (riesgo de corrupción). Oprima para diligenciar el formato adjunto. | N27: Improbable - El evento puede ocurrir en menos del 3% de los casos | O27: Critico | P27: =IF(F27="","",IF(F27="SI","Usted seleccionó SI en tipologia de riesgo RC (riesgo de corrupción). Oprima para diligenciar el formato adjunto.","No Aplica")) -> Usted seleccionó SI en tipologia de riesgo RC (riesgo de corrupción). Oprima para diligenciar el formato adjunto. | Q27: Inferior - • Económico: Pérdidas inferiores o igual a 100 SLMLV | R27: Importante - • Legal: Llamados de atención o requerimientos escritos realizados por los entes reguladores por desviaciones al cumplimiento de normas legales. | S27: Inferior - • Seguridad de la información: No afecta la oportunidad de la información. | T27: Inferior - • Continuidad: No genera Interrupción de las operaciones | U27: Inferior - • Reputacional: No afecta la imagen de la entidad con los clientes o grupos de interés | V27: Inferior - • Clientes: No incrementa significativamente el número de reclamos formulados por los Clientes | W27: =IF(B27="","",IF(ISERROR(VLOOKUP(CONCATENATE(L27,O27),ri,4,0)),"",VLOOKUP(CONCATENATE(L27,O27),ri,4,0))) -> Alto | X27: Reducir | Y27: C3 | AA27: Adecuadas | AC27: Preventivo | AD27: Monitoreo de asistencia y participación, mediante los registros en la plataforma LMS, listas físicas y virtuales permitiendo detectar si todo los funcionarios han participado en las capacitaciones programadas, permitiendo una evaluación de efectividad al revisar el impacto de las capacitaciones mediante cuestionarios y análisis de conductas posteriores para identificar áreas donde los valores y principios no se están interiorizando adecuadamente e identificando riesgos recurrentes al analizar patrones en las áreas de mayor vulnerabilidad a hechos ilícitos ayudando a detectar fallas sistémicas o falta de comprensión en los funcionarios. | AE27: Si las capacitaciones no están logrando prevenir ciertos riesgos como corrupción, soborno o fraude, narcóticos, lavado de activos, financiación al terrorismo, entre otros, revisar, ajustar y mejorar el contenido de os programas para que sean más específicos y efectivos, así como capacitaciones adicionales, en caso de identificar deficiencias en ciertas áreas o entre determinados grupos programando sesiones específicas y complementarias. Establecer protocolos inmediatos para corregir cualquier caso de gestión de incidentes, identificado hechos ilícitos y reforzar las capacitaciones donde sea necesario. | AF27: Programación constante de capacitaciones, garantizando un cronograma regular de sensibilizaciones para mantener el enfoque preventivo y actualizar a los funcionarios frente a nuevas amenazas o cambios legales, promoviendo una cultura ética, reforzando los valores corporativos a través de campañas internas y actividades complementarias que fomenten el compromiso con el Código de Ética e Integridad, el Programa de Transparencia y Ética Empresarial, SARLAFT y el de Operador Económico Autorizado. Automatización del seguimiento, al incorporar herramientas digitales que permitan controlar el cumplimiento de las capacitaciones y evaluar su impacto en tiempo real. | AG27: Manual | AI27: Anual | AJ27: Adecuado | AK27: Documentado | AL27: Plan Institucional de Capacitación | AM27: Completa | AN27: =IF(B27="","",IF(BF27>=76,"Fuerte",IF(BF27>=51,"Moderado","Débil"))) -> Fuerte | AO27: =IF(OR(AA27="insuficientes",AA27="No adecuadas",AJ27="Inadecuado",AK27="No documentado",AM27="Incompleta",AM27="No existe"),"Si","No") -> No | AP27: =IF(AN27="","",IF(B27="","",IF(OR(AN27="Moderado",AN27="Débil"),"Si","No"))) -> No | AR27: Fuerte | AS27: =IF(AN27="","",IF(AND(AN27="Fuerte",AR27="Fuerte"),"Fuerte",IF(AND(AN27="Fuerte",AR27="Moderado"),"Moderado",IF(AND(AN27="Fuerte",AR27="Débil"),"Débil",IF(AND(AN27="Moderado",AR27="Fuerte"),"Moderado",IF(AND(AN27="Moderado",AR27="Moderado"),"Moderado","Débil")))))) -> Fuerte | AV27: =IF(D27="","",IF(D27=D25,"",IF(D27=D25,"",VLOOKUP(D27,solcon,11,0)))) -> Fuerte | AW27: Fuerte | AX27: Moderado | AY27: =CONCATENATE(D27,O27,L27) -> RC4CriticoImprobable | AZ27: =IF(B27="","",IF(AA27="Adecuadas",30,IF(AA27="Insuficientes",10,0))) -> 30 | BA27: =IF(B27="","",IF(AC27="Preventivo",15,IF(AC27="Detectivo",10,IF(AC27="Correctivo",5,0)))) -> 15 | BB27: =IF(B27="","",IF(AG27="Automático",10,IF(AG27="Dependiente de T.I.",7,IF(AG27="Manual",5,0)))) -> 5 | BC27: =IF(B27="","",IF(AJ27="Adecuado",20,0)) -> 20 | BD27: =IF(B27="","",IF(AK27="Documentado",10,0)) -> 10 | BE27: =IF(B27="","",IF(AM27="Completa",15,IF(AM27="Incompleta",10,0))) -> 15 | BF27: =IF(B27="","",SUM(AZ27:BE27)) -> 95 | BG27: =IF(B27="","",IF(ISERROR(VLOOKUP(O27,calprob,2,0)),"",VLOOKUP(O27,calprob,2,0))) -> 5 | BH27: =IF(B27="","",IF(ISERROR(VLOOKUP(L27,calimp,2,0)),"",VLOOKUP(L27,calimp,2,0))) -> 1 | BI27: =IF(BH27="","",+BH27*BG27) -> 5 | BJ27: =CONCATENATE(AV27,AW27,AX27) -> FuerteFuerteModerado | BK27: =IF(B27="","",VLOOKUP(BJ27,NRES,3,0)) -> -1 | BL27: =IF(B27="","",VLOOKUP(BJ27,NRES,2,0)) -> -2 | BM27: =(IF(ISERROR(VLOOKUP(CONCATENATE(AV27,AW27,AX27),residual,2,0)),"",VLOOKUP(CONCATENATE(AV27,AW27,AX27),residual,2,0))) | BN27: =IF(ISERROR(VLOOKUP(CONCATENATE(AV27,AW27,AX27),residual,3,0)),"",VLOOKUP(CONCATENATE(AV27,AW27,AX27),residual,3,0)) | BO27: =IF(B27="","",IF(+BH27+BL27<0,0,+BH27+BL27)) -> 0 | BP27: =IF(B27="","",IF(+BG27+BK27<0,0,+BG27+BK27)) -> 4 | BR27: =IF(B27="","",IF(ISERROR(VLOOKUP(BO27,impa1,2,0)),"",VLOOKUP(BO27,impa1,2,0))) -> Improbable | BS27: =IF(B27="","",IF(ISERROR(VLOOKUP(BP27,prob1,2,0)),"",VLOOKUP(BP27,prob1,2,0))) -> Mayor | BT27: =IF(BH27="","",CONCATENATE(D27,BS27,BR27)) -> RC4Mayor Improbable | BU27: =+W27 -> Alto | BV27: =+BY27 -> Alto | BW27: =IF(F27="Si",D27,"") -> RC4 | BX27: =IF(F27="Si",E27,"") -> Recepción de dádivas o beneficios a nombre propio o de terceros por realizar pagos o traslados dobles, por montos superiores, injustificados o sin soporte, cuentas ficticias y/o por fuera de los términos de negociación | BY27: =IF(B27="","",IF(D27=D26,"",IF(ISERROR(VLOOKUP(CONCATENATE(BR27,BS27),ri,4,0)),"",VLOOKUP(CONCATENATE(BR27,BS27),ri,4,0)))) -> Alto
B28: Apoyo | C28: Gestión Financiera | D28: RC4 | E28: Recepción de dádivas o beneficios a nombre propio o de terceros por realizar pagos o traslados dobles, por montos superiores, injustificados o sin soporte, cuentas ficticias y/o por fuera de los términos de negociación | F28: Si | G28: Si | H28: Si | I28: Si | J28: Alteración intencionada en el sistema de los datos relacionados con la cadena de pago. | K28: Talento Humano | W28: =IF(B28="","",IF(ISERROR(VLOOKUP(CONCATENATE(L28,O28),ri,4,0)),"",VLOOKUP(CONCATENATE(L28,O28),ri,4,0))) | Y28: C7.9 | AA28: Adecuadas | AC28: Preventivo | AD28: La revisión por parte del personal del grupo SAP para asegurar que la información en el ticket y el Formato OJT esté completa permite detectar si falta algún dato crucial antes de otorgar el acceso. | AE28: Si el personal del grupo SAP identifica que la información en el ticket o el Formato OJT está incompleta, la acción de solicitar la información faltante al solicitante o al líder funcional sería un control correctivo para asegurar que se cumplan los requisitos antes de la asignación de accesos. | AF28: Requerir la autorización del líder funcional para la asignación de acceso y nuevas transacciones en SAP asegura que los permisos otorgados sean consistentes con las responsabilidades y necesidades del cargo del nuevo usuario. Esto previene accesos indebidos o innecesarios. La exigencia del Formato OJT con información específica (roles, datos de identificación, contacto, cargo, dependencia) asegura que se recopile la información necesaria para una correcta asignación de accesos y para la trazabilidad de los permisos; la comprobación de la disponibilidad de licencias por parte del grupo SAP antes de la asignación previene problemas de acceso por falta de licencias y asegura el cumplimiento de los términos de licenciamiento del ERP. | AG28: Dependiente de T.I. | AI28: Por demanda | AJ28: Adecuado | AK28: Documentado | AL28: 1. Administración de licencias y usuarios SAP (ERP, SUCESSFACTORS Y PAYROLL) | AM28: Completa | AN28: Fuerte | AO28: No | AP28: No | AR28: Fuerte | AS28: =IF(AN28="","",IF(AND(AN28="Fuerte",AR28="Fuerte"),"Fuerte",IF(AND(AN28="Fuerte",AR28="Moderado"),"Moderado",IF(AND(AN28="Fuerte",AR28="Débil"),"Débil",IF(AND(AN28="Moderado",AR28="Fuerte"),"Moderado",IF(AND(AN28="Moderado",AR28="Moderado"),"Moderado","Débil")))))) -> Fuerte | AV28: =IF(D28="","",IF(D28=D27,"",IF(D28=D27,"",VLOOKUP(D28,solcon,11,0)))) | AW28: Moderado | AX28: Moderado | AY28: =CONCATENATE(D28,O28,L28) -> RC4 | AZ28: =IF(B28="","",IF(AA28="Adecuadas",30,IF(AA28="Insuficientes",10,0))) -> 30 | BA28: =IF(B28="","",IF(AC28="Preventivo",15,IF(AC28="Detectivo",10,IF(AC28="Correctivo",5,0)))) -> 15 | BB28: =IF(B28="","",IF(AG28="Automático",10,IF(AG28="Dependiente de T.I.",7,IF(AG28="Manual",5,0)))) -> 7 | BC28: =IF(B28="","",IF(AJ28="Adecuado",20,0)) -> 20 | BD28: =IF(B28="","",IF(AK28="Documentado",10,0)) -> 10 | BE28: =IF(B28="","",IF(AM28="Completa",15,IF(AM28="Incompleta",10,0))) -> 15 | BF28: =IF(B28="","",SUM(AZ28:BE28)) -> 97 | BG28: =IF(B28="","",IF(ISERROR(VLOOKUP(O28,calprob,2,0)),"",VLOOKUP(O28,calprob,2,0))) | BH28: =IF(B28="","",IF(ISERROR(VLOOKUP(L28,calimp,2,0)),"",VLOOKUP(L28,calimp,2,0))) | BI28: =IF(BH28="","",+BH28*BG28) | BJ28: =CONCATENATE(AV28,AW28,AX28) -> ModeradoModerado | BK28: =IF(B28="","",VLOOKUP(BJ28,NRES,3,0)) -> #N/A | BL28: =IF(B28="","",VLOOKUP(BJ28,NRES,2,0)) -> #N/A | BM28: =(IF(ISERROR(VLOOKUP(CONCATENATE(AV28,AW28,AX28),residual,2,0)),"",VLOOKUP(CONCATENATE(AV28,AW28,AX28),residual,2,0))) | BN28: =IF(ISERROR(VLOOKUP(CONCATENATE(AV28,AW28,AX28),residual,3,0)),"",VLOOKUP(CONCATENATE(AV28,AW28,AX28),residual,3,0)) | BO28: =IF(B28="","",IF(+BH28+BL28<0,0,+BH28+BL28)) -> #VALUE! | BP28: =IF(B28="","",IF(+BG28+BK28<0,0,+BG28+BK28)) -> #VALUE! | BR28: =IF(B28="","",IF(ISERROR(VLOOKUP(BO28,impa1,2,0)),"",VLOOKUP(BO28,impa1,2,0))) | BS28: =IF(B28="","",IF(ISERROR(VLOOKUP(BP28,prob1,2,0)),"",VLOOKUP(BP28,prob1,2,0))) | BT28: =IF(BH28="","",CONCATENATE(D28,BS28,BR28)) | BU28: =+W28 | BV28: =+BY28 | BW28: =IF(F28="Si",D28,"") -> RC4 | BX28: =IF(F28="Si",E28,"") -> Recepción de dádivas o beneficios a nombre propio o de terceros por realizar pagos o traslados dobles, por montos superiores, injustificados o sin soporte, cuentas ficticias y/o por fuera de los términos de negociación | BY28: =IF(B28="","",IF(D28=D27,"",IF(ISERROR(VLOOKUP(CONCATENATE(BR28,BS28),ri,4,0)),"",VLOOKUP(CONCATENATE(BR28,BS28),ri,4,0))))
B29: Apoyo | C29: Gestión Financiera | D29: RC4 | E29: Recepción de dádivas o beneficios a nombre propio o de terceros por realizar pagos o traslados dobles, por montos superiores, injustificados o sin soporte, cuentas ficticias y/o por fuera de los términos de negociación | F29: Si | G29: Si | H29: Si | I29: Si | J29: Vincular personal no confiable | K29: Talento Humano | W29: =IF(B29="","",IF(ISERROR(VLOOKUP(CONCATENATE(L29,O29),ri,4,0)),"",VLOOKUP(CONCATENATE(L29,O29),ri,4,0))) | Y29: C1 | AA29: Adecuadas | AC29: Preventivo | AD29: El proceso de calificación y evaluación en cada etapa (pruebas psicotécnicas, de conocimiento, entrevistas) actúa como un mecanismo para identificar si un candidato no cumple con los estándares mínimos requeridos. La detección de resultados por debajo de la mínima calificación establecida permite frenar el proceso de continuidad del candidato en etapas tempranas. | AE29: Si en alguna etapa se encuentran deficiencias en el proceso o en la evaluación, se pueden realizar ajustes (por ejemplo, reconsideración de criterios o actualización de metodologías de evaluación). La terminación del proceso de selección de un candidato que no alcanza la calificación mínima asegura que el equipo final cumpla con los estándares y las necesidades de la organización. | AF29: La validación inicial del requerimiento de personal y de los perfiles (competencias, educación, experiencia, etc.) para asegurarse de que los candidatos cumplan con los requisitos necesarios desde el inicio. La realización de pruebas psicotécnicas, de conocimiento y entrevistas previene la selección de candidatos que no cumplan con los estándares establecidos. La visita domiciliaria (en caso de cargos críticos) asegura que se realice una verificación exhaustiva, minimizando riesgos antes de la contratación | AG29: Manual | AI29: Por demanda | AJ29: Adecuado | AK29: Documentado | AL29: 1. Procedimiento selección, vinculación, induccion, evaluación, promoción personal de planta. | AM29: Completa | AN29: =IF(B29="","",IF(BF29>=76,"Fuerte",IF(BF29>=51,"Moderado","Débil"))) -> Fuerte | AO29: =IF(OR(AA29="insuficientes",AA29="No adecuadas",AJ29="Inadecuado",AK29="No documentado",AM29="Incompleta",AM29="No existe"),"Si","No") -> No | AP29: =IF(AN29="","",IF(B29="","",IF(OR(AN29="Moderado",AN29="Débil"),"Si","No"))) -> No | AR29: Fuerte | AS29: =IF(AN29="","",IF(AND(AN29="Fuerte",AR29="Fuerte"),"Fuerte",IF(AND(AN29="Fuerte",AR29="Moderado"),"Moderado",IF(AND(AN29="Fuerte",AR29="Débil"),"Débil",IF(AND(AN29="Moderado",AR29="Fuerte"),"Moderado",IF(AND(AN29="Moderado",AR29="Moderado"),"Moderado","Débil")))))) -> Fuerte | AV29: =IF(D29="","",IF(D29=D28,"",IF(D29=D28,"",VLOOKUP(D29,solcon,11,0)))) | AW29: Fuerte | AX29: Moderado | AY29: =CONCATENATE(D29,O29,L29) -> RC4 | AZ29: =IF(B29="","",IF(AA29="Adecuadas",30,IF(AA29="Insuficientes",10,0))) -> 30 | BA29: =IF(B29="","",IF(AC29="Preventivo",15,IF(AC29="Detectivo",10,IF(AC29="Correctivo",5,0)))) -> 15 | BB29: =IF(B29="","",IF(AG29="Automático",10,IF(AG29="Dependiente de T.I.",7,IF(AG29="Manual",5,0)))) -> 5 | BC29: =IF(B29="","",IF(AJ29="Adecuado",20,0)) -> 20 | BD29: =IF(B29="","",IF(AK29="Documentado",10,0)) -> 10 | BE29: =IF(B29="","",IF(AM29="Completa",15,IF(AM29="Incompleta",10,0))) -> 15 | BF29: =IF(B29="","",SUM(AZ29:BE29)) -> 95 | BG29: =IF(B29="","",IF(ISERROR(VLOOKUP(O29,calprob,2,0)),"",VLOOKUP(O29,calprob,2,0))) | BH29: =IF(B29="","",IF(ISERROR(VLOOKUP(L29,calimp,2,0)),"",VLOOKUP(L29,calimp,2,0))) | BI29: =IF(BH29="","",+BH29*BG29) | BJ29: =CONCATENATE(AV29,AW29,AX29) -> FuerteModerado | BK29: =IF(B29="","",VLOOKUP(BJ29,NRES,3,0)) -> #N/A | BL29: =IF(B29="","",VLOOKUP(BJ29,NRES,2,0)) -> #N/A | BM29: =(IF(ISERROR(VLOOKUP(CONCATENATE(AV29,AW29,AX29),residual,2,0)),"",VLOOKUP(CONCATENATE(AV29,AW29,AX29),residual,2,0))) | BN29: =IF(ISERROR(VLOOKUP(CONCATENATE(AV29,AW29,AX29),residual,3,0)),"",VLOOKUP(CONCATENATE(AV29,AW29,AX29),residual,3,0)) | BO29: =IF(B29="","",IF(+BH29+BL29<0,0,+BH29+BL29)) -> #VALUE! | BP29: =IF(B29="","",IF(+BG29+BK29<0,0,+BG29+BK29)) -> #VALUE! | BR29: =IF(B29="","",IF(ISERROR(VLOOKUP(BO29,impa1,2,0)),"",VLOOKUP(BO29,impa1,2,0))) | BS29: =IF(B29="","",IF(ISERROR(VLOOKUP(BP29,prob1,2,0)),"",VLOOKUP(BP29,prob1,2,0))) | BT29: =IF(BH29="","",CONCATENATE(D29,BS29,BR29)) | BU29: =+W29 | BV29: =+BY29 | BW29: =IF(F29="Si",D29,"") -> RC4 | BX29: =IF(F29="Si",E29,"") -> Recepción de dádivas o beneficios a nombre propio o de terceros por realizar pagos o traslados dobles, por montos superiores, injustificados o sin soporte, cuentas ficticias y/o por fuera de los términos de negociación | BY29: =IF(B29="","",IF(D29=D28,"",IF(ISERROR(VLOOKUP(CONCATENATE(BR29,BS29),ri,4,0)),"",VLOOKUP(CONCATENATE(BR29,BS29),ri,4,0))))
B30: Apoyo | C30: Gestión Humana | D30: RC5 | E30: Recepción de dádivas o beneficios a nombre propio o de terceros por la vinculación y/o promoción de personal en la entidad sin cumplir con los perfiles y requisitos establecidos para el cargo (competencia, experiencia, nivel educativo) | F30: Si | G30: No | H30: Si | I30: Si | J30: Vincular personal no confiable en el proceso de selección | K30: Procedimientos asociados | L30: Improbable | M30: =IF(F30="","",IF(F30="SI","Usted seleccionó SI en tipologia de riesgo RC (riesgo de corrupción). Oprima para diligenciar el formato adjunto.","No Aplica")) -> Usted seleccionó SI en tipologia de riesgo RC (riesgo de corrupción). Oprima para diligenciar el formato adjunto. | N30: Improbable - El evento puede ocurrir en menos del 3% de los casos | O30: Mayor | P30: =IF(F30="","",IF(F30="SI","Usted seleccionó SI en tipologia de riesgo RC (riesgo de corrupción). Oprima para diligenciar el formato adjunto.","No Aplica")) -> Usted seleccionó SI en tipologia de riesgo RC (riesgo de corrupción). Oprima para diligenciar el formato adjunto. | Q30: Inferior - • Económico: Pérdidas inferiores o igual a 100 SLMLV | R30: Mayor - • Legal: Sanciones económicas por incumplimiento de las normas establecidas por los entes reguladores. Apertura de procesos sancionatorios, disciplinarios o fiscales. | S30: Inferior - • Seguridad de la información: No afecta la oportunidad de la información. | T30: Inferior - • Continuidad: No genera Interrupción de las operaciones | U30: Inferior - • Reputacional: No afecta la imagen de la entidad con los clientes o grupos de interés | V30: Inferior - • Clientes: No incrementa significativamente el número de reclamos formulados por los Clientes | W30: =IF(B30="","",IF(ISERROR(VLOOKUP(CONCATENATE(L30,O30),ri,4,0)),"",VLOOKUP(CONCATENATE(L30,O30),ri,4,0))) -> Alto | X30: Reducir | Y30: C1 | AA30: Adecuadas | AC30: Preventivo | AD30: El proceso de calificación y evaluación en cada etapa (pruebas psicotécnicas, de conocimiento, entrevistas) actúa como un mecanismo para identificar si un candidato no cumple con los estándares mínimos requeridos. La detección de resultados por debajo de la mínima calificación establecida permite frenar el proceso de continuidad del candidato en etapas tempranas. | AE30: Si en alguna etapa se encuentran deficiencias en el proceso o en la evaluación, se pueden realizar ajustes (por ejemplo, reconsideración de criterios o actualización de metodologías de evaluación). La terminación del proceso de selección de un candidato que no alcanza la calificación mínima asegura que el equipo final cumpla con los estándares y las necesidades de la organización. | AF30: La validación inicial del requerimiento de personal y de los perfiles (competencias, educación, experiencia, etc.) para asegurarse de que los candidatos cumplan con los requisitos necesarios desde el inicio. La realización de pruebas psicotécnicas, de conocimiento y entrevistas previene la selección de candidatos que no cumplan con los estándares establecidos. La visita domiciliaria (en caso de cargos críticos) asegura que se realice una verificación exhaustiva, minimizando riesgos antes de la contratación | AG30: Manual | AI30: Por demanda | AJ30: Adecuado | AK30: Documentado | AL30: 1. Procedimiento selección, vinculación, induccion, evaluación, promoción personal de planta. | AM30: Completa | AN30: =IF(B30="","",IF(BF30>=76,"Fuerte",IF(BF30>=51,"Moderado","Débil"))) -> Fuerte | AO30: =IF(OR(AA30="insuficientes",AA30="No adecuadas",AJ30="Inadecuado",AK30="No documentado",AM30="Incompleta",AM30="No existe"),"Si","No") -> No | AP30: =IF(AN30="","",IF(B30="","",IF(OR(AN30="Moderado",AN30="Débil"),"Si","No"))) -> No | AR30: Fuerte | AS30: =IF(AN30="","",IF(AND(AN30="Fuerte",AR30="Fuerte"),"Fuerte",IF(AND(AN30="Fuerte",AR30="Moderado"),"Moderado",IF(AND(AN30="Fuerte",AR30="Débil"),"Débil",IF(AND(AN30="Moderado",AR30="Fuerte"),"Moderado",IF(AND(AN30="Moderado",AR30="Moderado"),"Moderado","Débil")))))) -> Fuerte | AV30: =IF(D30="","",IF(D30=D29,"",IF(D30=D29,"",VLOOKUP(D30,solcon,11,0)))) -> Fuerte | AW30: Fuerte | AX30: Moderado | AY30: =CONCATENATE(D30,O30,L30) -> RC5Mayor Improbable | AZ30: =IF(B30="","",IF(AA30="Adecuadas",30,IF(AA30="Insuficientes",10,0))) -> 30 | BA30: =IF(B30="","",IF(AC30="Preventivo",15,IF(AC30="Detectivo",10,IF(AC30="Correctivo",5,0)))) -> 15 | BB30: =IF(B30="","",IF(AG30="Automático",10,IF(AG30="Dependiente de T.I.",7,IF(AG30="Manual",5,0)))) -> 5 | BC30: =IF(B30="","",IF(AJ30="Adecuado",20,0)) -> 20 | BD30: =IF(B30="","",IF(AK30="Documentado",10,0)) -> 10 | BE30: =IF(B30="","",IF(AM30="Completa",15,IF(AM30="Incompleta",10,0))) -> 15 | BF30: =IF(B30="","",SUM(AZ30:BE30)) -> 95 | BG30: =IF(B30="","",IF(ISERROR(VLOOKUP(O30,calprob,2,0)),"",VLOOKUP(O30,calprob,2,0))) -> 4 | BH30: =IF(B30="","",IF(ISERROR(VLOOKUP(L30,calimp,2,0)),"",VLOOKUP(L30,calimp,2,0))) -> 1 | BI30: =IF(BH30="","",+BH30*BG30) -> 4 | BJ30: =CONCATENATE(AV30,AW30,AX30) -> FuerteFuerteModerado | BK30: =IF(B30="","",VLOOKUP(BJ30,NRES,3,0)) -> -1 | BL30: =IF(B30="","",VLOOKUP(BJ30,NRES,2,0)) -> -2 | BM30: =(IF(ISERROR(VLOOKUP(CONCATENATE(AV30,AW30,AX30),residual,2,0)),"",VLOOKUP(CONCATENATE(AV30,AW30,AX30),residual,2,0))) | BN30: =IF(ISERROR(VLOOKUP(CONCATENATE(AV30,AW30,AX30),residual,3,0)),"",VLOOKUP(CONCATENATE(AV30,AW30,AX30),residual,3,0)) | BO30: =IF(B30="","",IF(+BH30+BL30<0,0,+BH30+BL30)) -> 0 | BP30: =IF(B30="","",IF(+BG30+BK30<0,0,+BG30+BK30)) -> 3 | BR30: =IF(B30="","",IF(ISERROR(VLOOKUP(BO30,impa1,2,0)),"",VLOOKUP(BO30,impa1,2,0))) -> Improbable | BS30: =IF(B30="","",IF(ISERROR(VLOOKUP(BP30,prob1,2,0)),"",VLOOKUP(BP30,prob1,2,0))) -> Importante | BT30: =IF(BH30="","",CONCATENATE(D30,BS30,BR30)) -> RC5ImportanteImprobable | BU30: =+W30 -> Alto | BW30: =IF(F30="Si",D30,"") -> RC5 | BX30: =IF(F30="Si",E30,"") -> Recepción de dádivas o beneficios a nombre propio o de terceros por la vinculación y/o promoción de personal en la entidad sin cumplir con los perfiles y requisitos establecidos para el cargo (competencia, experiencia, nivel educativo) | BY30: =IF(B30="","",IF(D30=D29,"",IF(ISERROR(VLOOKUP(CONCATENATE(BR30,BS30),ri,4,0)),"",VLOOKUP(CONCATENATE(BR30,BS30),ri,4,0)))) -> Moderado
B31: Apoyo | C31: Gestión Humana | D31: RC5 | E31: Recepción de dádivas o beneficios a nombre propio o de terceros por la vinculación y/o promoción de personal en la entidad sin cumplir con los perfiles y requisitos establecidos para el cargo (competencia, experiencia, nivel educativo) | F31: Si | G31: No | H31: Si | I31: Si | J31: Pérdida de valores de los funcionarios que intervienen en el proceso de selección | K31: Talento Humano | Y31: C3 | AA31: Adecuadas | AC31: Preventivo | AD31: Monitoreo de asistencia y participación, mediante los registros en la plataforma LMS, listas físicas y virtuales permitiendo detectar si todo los funcionarios han participado en las capacitaciones programadas, permitiendo una evaluación de efectividad al revisar el impacto de las capacitaciones mediante cuestionarios y análisis de conductas posteriores para identificar áreas donde los valores y principios no se están interiorizando adecuadamente e identificando riesgos recurrentes al analizar patrones en las áreas de mayor vulnerabilidad a hechos ilícitos ayudando a detectar fallas sistémicas o falta de comprensión en los funcionarios. | AE31: Si las capacitaciones no están logrando prevenir ciertos riesgos como corrupción, soborno o fraude, narcóticos, lavado de activos, financiación al terrorismo, entre otros, revisar, ajustar y mejorar el contenido de os programas para que sean más específicos y efectivos, así como capacitaciones adicionales, en caso de identificar deficiencias en ciertas áreas o entre determinados grupos programando sesiones específicas y complementarias. Establecer protocolos inmediatos para corregir cualquier caso de gestión de incidentes, identificado hechos ilícitos y reforzar las capacitaciones donde sea necesario. | AF31: Programación constante de capacitaciones, garantizando un cronograma regular de sensibilizaciones para mantener el enfoque preventivo y actualizar a los funcionarios frente a nuevas amenazas o cambios legales, promoviendo una cultura ética, reforzando los valores corporativos a través de campañas internas y actividades complementarias que fomenten el compromiso con el Código de Ética e Integridad, el Programa de Transparencia y Ética Empresarial, SARLAFT y el de Operador Económico Autorizado. Automatización del seguimiento, al incorporar herramientas digitales que permitan controlar el cumplimiento de las capacitaciones y evaluar su impacto en tiempo real. | AG31: Manual | AI31: Anual | AJ31: Adecuado | AK31: Documentado | AL31: Plan Institucional de Capacitación | AM31: Completa | AN31: =IF(B31="","",IF(BF31>=76,"Fuerte",IF(BF31>=51,"Moderado","Débil"))) -> Fuerte | AO31: =IF(OR(AA31="insuficientes",AA31="No adecuadas",AJ31="Inadecuado",AK31="No documentado",AM31="Incompleta",AM31="No existe"),"Si","No") -> No | AP31: =IF(AN31="","",IF(B31="","",IF(OR(AN31="Moderado",AN31="Débil"),"Si","No"))) -> No | AR31: Fuerte | AS31: =IF(AN31="","",IF(AND(AN31="Fuerte",AR31="Fuerte"),"Fuerte",IF(AND(AN31="Fuerte",AR31="Moderado"),"Moderado",IF(AND(AN31="Fuerte",AR31="Débil"),"Débil",IF(AND(AN31="Moderado",AR31="Fuerte"),"Moderado",IF(AND(AN31="Moderado",AR31="Moderado"),"Moderado","Débil")))))) -> Fuerte | AW31: Fuerte | AX31: Moderado | AY31: =CONCATENATE(D31,O31,L31) -> RC5 | AZ31: =IF(B31="","",IF(AA31="Adecuadas",30,IF(AA31="Insuficientes",10,0))) -> 30 | BA31: =IF(B31="","",IF(AC31="Preventivo",15,IF(AC31="Detectivo",10,IF(AC31="Correctivo",5,0)))) -> 15 | BB31: =IF(B31="","",IF(AG31="Automático",10,IF(AG31="Dependiente de T.I.",7,IF(AG31="Manual",5,0)))) -> 5 | BC31: =IF(B31="","",IF(AJ31="Adecuado",20,0)) -> 20 | BD31: =IF(B31="","",IF(AK31="Documentado",10,0)) -> 10 | BE31: =IF(B31="","",IF(AM31="Completa",15,IF(AM31="Incompleta",10,0))) -> 15 | BF31: =IF(B31="","",SUM(AZ31:BE31)) -> 95 | BG31: =IF(B31="","",IF(ISERROR(VLOOKUP(O31,calprob,2,0)),"",VLOOKUP(O31,calprob,2,0))) | BH31: =IF(B31="","",IF(ISERROR(VLOOKUP(L31,calimp,2,0)),"",VLOOKUP(L31,calimp,2,0))) | BI31: =IF(BH31="","",+BH31*BG31) | BJ31: =CONCATENATE(AV31,AW31,AX31) -> FuerteModerado | BK31: =IF(B31="","",VLOOKUP(BJ31,NRES,3,0)) -> #N/A | BL31: =IF(B31="","",VLOOKUP(BJ31,NRES,2,0)) -> #N/A | BM31: =(IF(ISERROR(VLOOKUP(CONCATENATE(AV31,AW31,AX31),residual,2,0)),"",VLOOKUP(CONCATENATE(AV31,AW31,AX31),residual,2,0))) | BN31: =IF(ISERROR(VLOOKUP(CONCATENATE(AV31,AW31,AX31),residual,3,0)),"",VLOOKUP(CONCATENATE(AV31,AW31,AX31),residual,3,0)) | BO31: =IF(B31="","",IF(+BH31+BL31<0,0,+BH31+BL31)) -> #VALUE! | BP31: =IF(B31="","",IF(+BG31+BK31<0,0,+BG31+BK31)) -> #VALUE! | BR31: =IF(B31="","",IF(ISERROR(VLOOKUP(BO31,impa1,2,0)),"",VLOOKUP(BO31,impa1,2,0))) | BS31: =IF(B31="","",IF(ISERROR(VLOOKUP(BP31,prob1,2,0)),"",VLOOKUP(BP31,prob1,2,0))) | BT31: =IF(BH31="","",CONCATENATE(D31,BS31,BR31)) | BU31: =+W31 -> 0 | BV31: =+BY31 | BW31: =IF(F31="Si",D31,"") -> RC5 | BX31: =IF(F31="Si",E31,"") -> Recepción de dádivas o beneficios a nombre propio o de terceros por la vinculación y/o promoción de personal en la entidad sin cumplir con los perfiles y requisitos establecidos para el cargo (competencia, experiencia, nivel educativo) | BY31: =IF(B31="","",IF(D31=D30,"",IF(ISERROR(VLOOKUP(CONCATENATE(BR31,BS31),ri,4,0)),"",VLOOKUP(CONCATENATE(BR31,BS31),ri,4,0))))
B32: Apoyo | C32: Gestión Humana | D32: RC5 | E32: Recepción de dádivas o beneficios a nombre propio o de terceros por la vinculación y/o promoción de personal en la entidad sin cumplir con los perfiles y requisitos establecidos para el cargo (competencia, experiencia, nivel educativo) | F32: Si | G32: No | H32: Si | I32: Si | J32: Validación inadecuada del proceso | K32: Procedimientos asociados | Y32: C6 | AA32: Adecuadas | AC32: Preventivo | AD32: Realizar campañas de sensibilización y capacitaciones periódicas de cultura de ética, para que los funcionarios reconozcan y actúen proactivamente en posibles conflictos de intereses. tenendo procesos definidos y accesibles para garantizar que el formato de declaración y el procedimiento de evaluación sean claros y de fácil acceso, fomentando la transparencia. Revisar de forma periódica las declaraciones archivadas en las hojas de vida para detectar posibles omisiones o patrones que puedan representar un riesgo para la Corporación. | AE32: Si se confirma un conflicto de intereses, se realizan análisis y resolución de acciones inmediatas para resolver la situación de manera que se garantice la imparcialidad y la ética. En caso de detectarse irregularidades, el Grupo de Talento Humano puede sugerir mediante comunicación, los ajustes necesarios y/o cambios en las funciones o responsabilidades del funcionario para corregir posibles impactos negativos; cuando se identifica un conflicto, se proporciona al funcionario una retroalimentación de orientación sobre cómo abordar y resolver la situación conforme al código de ética. | AF32: . Declaración formal del conflicto, mediante el diligenciamiento del formato de declaración de conflictos de intereses, permitiendo detectar situaciones en las que un funcionario podría estar comprometido, evaluación por Talento Humano, el respectivo análisis realizado por este grupo actúando como un mecanismo para identificar posibles conflictos que requieren ser gestionados y la validación por Presidencia, en la revisión final que asegura un control adicional para detectar y evaluar si la situación reportada efectivamente constituye un conflicto. | AG32: Manual | AI32: Por demanda | AJ32: Adecuado | AK32: Documentado | AL32: 1. Procedimiento selección, vinculación, induccion, evaluación, promoción personal de planta. | AM32: Completa | AN32: =IF(B32="","",IF(BF32>=76,"Fuerte",IF(BF32>=51,"Moderado","Débil"))) -> Fuerte | AO32: =IF(OR(AA32="insuficientes",AA32="No adecuadas",AJ32="Inadecuado",AK32="No documentado",AM32="Incompleta",AM32="No existe"),"Si","No") -> No | AP32: =IF(AN32="","",IF(B32="","",IF(OR(AN32="Moderado",AN32="Débil"),"Si","No"))) -> No | AR32: Fuerte | AS32: =IF(AN32="","",IF(AND(AN32="Fuerte",AR32="Fuerte"),"Fuerte",IF(AND(AN32="Fuerte",AR32="Moderado"),"Moderado",IF(AND(AN32="Fuerte",AR32="Débil"),"Débil",IF(AND(AN32="Moderado",AR32="Fuerte"),"Moderado",IF(AND(AN32="Moderado",AR32="Moderado"),"Moderado","Débil")))))) -> Fuerte | AV32: =IF(D32="","",IF(D32=D31,"",IF(D32=D31,"",VLOOKUP(D32,solcon,11,0)))) | AW32: Fuerte | AX32: Fuerte | AY32: =CONCATENATE(D32,O32,L32) -> RC5 | AZ32: =IF(B32="","",IF(AA32="Adecuadas",30,IF(AA32="Insuficientes",10,0))) -> 30 | BA32: =IF(B32="","",IF(AC32="Preventivo",15,IF(AC32="Detectivo",10,IF(AC32="Correctivo",5,0)))) -> 15 | BB32: =IF(B32="","",IF(AG32="Automático",10,IF(AG32="Dependiente de T.I.",7,IF(AG32="Manual",5,0)))) -> 5 | BC32: =IF(B32="","",IF(AJ32="Adecuado",20,0)) -> 20 | BD32: =IF(B32="","",IF(AK32="Documentado",10,0)) -> 10 | BE32: =IF(B32="","",IF(AM32="Completa",15,IF(AM32="Incompleta",10,0))) -> 15 | BF32: =IF(B32="","",SUM(AZ32:BE32)) -> 95 | BJ32: =CONCATENATE(AV32,AW32,AX32) -> FuerteFuerte | BK32: =IF(B32="","",VLOOKUP(BJ32,NRES,3,0)) -> #N/A | BL32: =IF(B32="","",VLOOKUP(BJ32,NRES,2,0)) -> #N/A | BO32: =IF(B32="","",IF(+BH32+BL32<0,0,+BH32+BL32)) -> #N/A | BP32: =IF(B32="","",IF(+BG32+BK32<0,0,+BG32+BK32)) -> #N/A | BR32: =IF(B32="","",IF(ISERROR(VLOOKUP(BO32,impa1,2,0)),"",VLOOKUP(BO32,impa1,2,0))) | BS32: =IF(B32="","",IF(ISERROR(VLOOKUP(BP32,prob1,2,0)),"",VLOOKUP(BP32,prob1,2,0))) | BT32: =IF(BH32="","",CONCATENATE(D32,BS32,BR32)) | BW32: =IF(F32="Si",D32,"") -> RC5 | BX32: =IF(F32="Si",E32,"") -> Recepción de dádivas o beneficios a nombre propio o de terceros por la vinculación y/o promoción de personal en la entidad sin cumplir con los perfiles y requisitos establecidos para el cargo (competencia, experiencia, nivel educativo) | BY32: =IF(B32="","",IF(D32=D31,"",IF(ISERROR(VLOOKUP(CONCATENATE(BR32,BS32),ri,4,0)),"",VLOOKUP(CONCATENATE(BR32,BS32),ri,4,0))))
B33: Apoyo | C33: Grupo de TIC'S | D33: RC6 | E33: Posibilidad de pérdida económica y reputacional por queja, demanda o sanción de los grupos de valor y/o entes de control por la recepción de dádivas en nombre propio o de terceros para favorecer la pérdida de confidencialidad de las aplicaciones soportadas por GTICS | F33: Si | G33: No | H33: Si | I33: Si | J33: Inadecuada asignación de accesos y permisos sobre los sistemas y recursos de información. | K33: Procedimientos asociados | L33: Improbable | M33: =IF(F33="","",IF(F33="SI","Usted seleccionó SI en tipologia de riesgo RC (riesgo de corrupción). Oprima para diligenciar el formato adjunto.","No Aplica")) -> Usted seleccionó SI en tipologia de riesgo RC (riesgo de corrupción). Oprima para diligenciar el formato adjunto. | N33: Improbable - Excepcional. El evento se ha presentado 1 vez en los últimos años | O33: Critico | P33: =IF(I33="","",IF(I33="SI","Usted seleccionó SI en tipologia de riesgo RC (riesgo de corrupción). Oprima para diligenciar el formato adjunto.","No Aplica")) -> Usted seleccionó SI en tipologia de riesgo RC (riesgo de corrupción). Oprima para diligenciar el formato adjunto. | Q33: Inferior - • Económico: Pérdidas inferiores o igual a 100 SLMLV | R33: Importante - • Legal: Llamados de atención o requerimientos escritos realizados por los entes reguladores por desviaciones al cumplimiento de normas legales. | S33: Importante - • Seguridad de la Información: Falta de disponibilidad de la información, ocasionando retrasos en las labores de las áreas y/o en la respuesta a los clientes | T33: Inferior - • Continuidad: No genera Interrupción de las operaciones | U33: Inferior - • Reputacional: No afecta la imagen de la entidad con los clientes o grupos de interés | V33: Inferior - • Clientes: No incrementa significativamente el número de reclamos formulados por los Clientes | W33: =IF(B33="","",IF(ISERROR(VLOOKUP(CONCATENATE(L33,O33),ri,4,0)),"",VLOOKUP(CONCATENATE(L33,O33),ri,4,0))) -> Alto | X33: Reducir | Y33: C23 | AA33: Adecuadas | AC33: Preventivo | AD33: Verificación del ingreso del colaborador con reportes de Talento Humano y SuccessFactors con la comparación de la solicitud de acceso con los reportes oficiales de ingreso de personal permite detectar solicitudes para personas que no han sido formalmente vinculadas a la Corporación. | AE33: Si la verificación con los reportes de Talento Humano y SuccessFactors no confirma el ingreso del colaborador, la no asignación de los accesos actúa como una medida correctiva para evitar el acceso de personal no autorizado. | AF33: Solicitud de acceso mediante ticket con autorización del coordinador o jefe, requeririendo la autorización del superior jerárquico antes de solicitar el acceso busca prevenir solicitudes no autorizadas o innecesarias de recursos tecnológicos. Asignación de acceso con el principio de mínimo privilegio necesario, otorgando solo los permisos estrictamente necesarios para las funciones del colaborador busca prevenir accesos indebidos a información o funcionalidades que no son requeridas para su trabajo, reduciendo el riesgo de uso indebido o errores. | AG33: Manual | AI33: Por demanda | AJ33: Adecuado | AK33: Documentado | AL33: 1. Manual de Seguridad y Privacidad de la Información | AM33: Completa | AN33: =IF(B33="","",IF(BF33>=76,"Fuerte",IF(BF33>=51,"Moderado","Débil"))) -> Fuerte | AO33: =IF(OR(AA33="insuficientes",AA33="No adecuadas",AJ33="Inadecuado",AK33="No documentado",AM33="Incompleta",AM33="No existe"),"Si","No") -> No | AP33: =IF(AN33="","",IF(B33="","",IF(OR(AN33="Moderado",AN33="Débil"),"Si","No"))) -> No | AR33: Fuerte | AS33: =IF(AN33="","",IF(AND(AN33="Fuerte",AR33="Fuerte"),"Fuerte",IF(AND(AN33="Fuerte",AR33="Moderado"),"Moderado",IF(AND(AN33="Fuerte",AR33="Débil"),"Débil",IF(AND(AN33="Moderado",AR33="Fuerte"),"Moderado",IF(AND(AN33="Moderado",AR33="Moderado"),"Moderado","Débil")))))) -> Fuerte | AV33: =IF(D33="","",IF(D33=D32,"",IF(D33=D32,"",VLOOKUP(D33,solcon,11,0)))) -> Fuerte | AW33: Moderado | AX33: Moderado | AY33: =CONCATENATE(D33,O33,L33) -> RC6CriticoImprobable | AZ33: =IF(B33="","",IF(AA33="Adecuadas",30,IF(AA33="Insuficientes",10,0))) -> 30 | BA33: =IF(B33="","",IF(AC33="Preventivo",15,IF(AC33="Detectivo",10,IF(AC33="Correctivo",5,0)))) -> 15 | BB33: =IF(B33="","",IF(AG33="Automático",10,IF(AG33="Dependiente de T.I.",7,IF(AG33="Manual",5,0)))) -> 5 | BC33: =IF(B33="","",IF(AJ33="Adecuado",20,0)) -> 20 | BD33: =IF(B33="","",IF(AK33="Documentado",10,0)) -> 10 | BE33: =IF(B33="","",IF(AM33="Completa",15,IF(AM33="Incompleta",10,0))) -> 15 | BF33: =IF(B33="","",SUM(AZ33:BE33)) -> 95 | BG33: =IF(B33="","",IF(ISERROR(VLOOKUP(O33,calprob,2,0)),"",VLOOKUP(O33,calprob,2,0))) -> 5 | BH33: =IF(B33="","",IF(ISERROR(VLOOKUP(L33,calimp,2,0)),"",VLOOKUP(L33,calimp,2,0))) -> 1 | BI33: =IF(BH33="","",+BH33*BG33) -> 5 | BJ33: =CONCATENATE(AV33,AW33,AX33) -> FuerteModeradoModerado | BK33: =IF(B33="","",VLOOKUP(BJ33,NRES,3,0)) -> -1 | BL33: =IF(B33="","",VLOOKUP(BJ33,NRES,2,0)) -> -1 | BM33: =(IF(ISERROR(VLOOKUP(CONCATENATE(AV33,AW33,AX33),residual,2,0)),"",VLOOKUP(CONCATENATE(AV33,AW33,AX33),residual,2,0))) | BN33: =IF(ISERROR(VLOOKUP(CONCATENATE(AV33,AW33,AX33),residual,3,0)),"",VLOOKUP(CONCATENATE(AV33,AW33,AX33),residual,3,0)) | BO33: =IF(B33="","",IF(+BH33+BL33<0,0,+BH33+BL33)) -> 0 | BP33: =IF(B33="","",IF(+BG33+BK33<0,0,+BG33+BK33)) -> 4 | BR33: =IF(B33="","",IF(ISERROR(VLOOKUP(BO33,impa1,2,0)),"",VLOOKUP(BO33,impa1,2,0))) -> Improbable | BS33: =IF(B33="","",IF(ISERROR(VLOOKUP(BP33,prob1,2,0)),"",VLOOKUP(BP33,prob1,2,0))) -> Mayor | BT33: =IF(BH33="","",CONCATENATE(D33,BS33,BR33)) -> RC6Mayor Improbable | BU33: =+W33 -> Alto | BV33: =+BY33 -> Alto | BW33: =IF(F33="Si",D33,"") -> RC6 | BX33: =IF(F33="Si",E33,"") -> Posibilidad de pérdida económica y reputacional por queja, demanda o sanción de los grupos de valor y/o entes de control por la recepción de dádivas en nombre propio o de terceros para favorecer la pérdida de confidencialidad de las aplicaciones soportadas por GTICS | BY33: =IF(B33="","",IF(D33=D32,"",IF(ISERROR(VLOOKUP(CONCATENATE(BR33,BS33),ri,4,0)),"",VLOOKUP(CONCATENATE(BR33,BS33),ri,4,0)))) -> Alto
B34: Apoyo | C34: Grupo de TIC'S | D34: RC6 | E34: Posibilidad de pérdida económica y reputacional por queja, demanda o sanción de los grupos de valor y/o entes de control por la recepción de dádivas en nombre propio o de terceros para favorecer la pérdida de confidencialidad de las aplicaciones soportadas por GTICS | F34: Si | G34: No | H34: Si | I34: Si | J34: Vincular personal no confiable | K34: Talento Humano | Y34: C1 | AA34: Adecuadas | AC34: Preventivo | AD34: El proceso de calificación y evaluación en cada etapa (pruebas psicotécnicas, de conocimiento, entrevistas) actúa como un mecanismo para identificar si un candidato no cumple con los estándares mínimos requeridos. La detección de resultados por debajo de la mínima calificación establecida permite frenar el proceso de continuidad del candidato en etapas tempranas. | AE34: Si en alguna etapa se encuentran deficiencias en el proceso o en la evaluación, se pueden realizar ajustes (por ejemplo, reconsideración de criterios o actualización de metodologías de evaluación). La terminación del proceso de selección de un candidato que no alcanza la calificación mínima asegura que el equipo final cumpla con los estándares y las necesidades de la organización. | AF34: La validación inicial del requerimiento de personal y de los perfiles (competencias, educación, experiencia, etc.) para asegurarse de que los candidatos cumplan con los requisitos necesarios desde el inicio. La realización de pruebas psicotécnicas, de conocimiento y entrevistas previene la selección de candidatos que no cumplan con los estándares establecidos. La visita domiciliaria (en caso de cargos críticos) asegura que se realice una verificación exhaustiva, minimizando riesgos antes de la contratación | AG34: Manual | AI34: Por demanda | AJ34: Adecuado | AK34: Documentado | AL34: 1. Procedimiento selección, vinculación, induccion, evaluación, promoción personal de planta. | AM34: Completa | AN34: Fuerte | AO34: No | AP34: No | AR34: Fuerte | AS34: Fuerte | AV34: =IF(D34="","",IF(D34=D33,"",IF(D34=D33,"",VLOOKUP(D34,solcon,11,0)))) | AW34: Fuerte | AX34: Moderado | AY34: =CONCATENATE(D34,O34,L34) -> RC6 | AZ34: =IF(B34="","",IF(AA34="Adecuadas",30,IF(AA34="Insuficientes",10,0))) -> 30 | BA34: =IF(B34="","",IF(AC34="Preventivo",15,IF(AC34="Detectivo",10,IF(AC34="Correctivo",5,0)))) -> 15 | BB34: =IF(B34="","",IF(AG34="Automático",10,IF(AG34="Dependiente de T.I.",7,IF(AG34="Manual",5,0)))) -> 5 | BC34: =IF(B34="","",IF(AJ34="Adecuado",20,0)) -> 20 | BD34: =IF(B34="","",IF(AK34="Documentado",10,0)) -> 10 | BE34: =IF(B34="","",IF(AM34="Completa",15,IF(AM34="Incompleta",10,0))) -> 15 | BF34: =IF(B34="","",SUM(AZ34:BE34)) -> 95 | BJ34: =CONCATENATE(AV34,AW34,AX34) -> FuerteModerado | BK34: =IF(B34="","",VLOOKUP(BJ34,NRES,3,0)) -> #N/A | BL34: =IF(B34="","",VLOOKUP(BJ34,NRES,2,0)) -> #N/A | BO34: =IF(B34="","",IF(+BH34+BL34<0,0,+BH34+BL34)) -> #N/A | BP34: =IF(B34="","",IF(+BG34+BK34<0,0,+BG34+BK34)) -> #N/A | BR34: =IF(B34="","",IF(ISERROR(VLOOKUP(BO34,impa1,2,0)),"",VLOOKUP(BO34,impa1,2,0))) | BS34: =IF(B34="","",IF(ISERROR(VLOOKUP(BP34,prob1,2,0)),"",VLOOKUP(BP34,prob1,2,0))) | BT34: =IF(BH34="","",CONCATENATE(D34,BS34,BR34)) | BW34: =IF(F34="Si",D34,"") -> RC6 | BX34: =IF(F34="Si",E34,"") -> Posibilidad de pérdida económica y reputacional por queja, demanda o sanción de los grupos de valor y/o entes de control por la recepción de dádivas en nombre propio o de terceros para favorecer la pérdida de confidencialidad de las aplicaciones soportadas por GTICS | BY34: =IF(B34="","",IF(D34=D33,"",IF(ISERROR(VLOOKUP(CONCATENATE(BR34,BS34),ri,4,0)),"",VLOOKUP(CONCATENATE(BR34,BS34),ri,4,0))))
B35: Apoyo | C35: Grupo de TIC'S | D35: RC6 | E35: Posibilidad de pérdida económica y reputacional por queja, demanda o sanción de los grupos de valor y/o entes de control por la recepción de dádivas en nombre propio o de terceros para favorecer la pérdida de confidencialidad de las aplicaciones soportadas por GTICS | F35: Si | G35: No | H35: Si | I35: Si | J35: Pérdida de valores del personal de GTICs | K35: Talento Humano | Y35: C3 | AA35: Adecuadas | AC35: Preventivo | AD35: Monitoreo de asistencia y participación, mediante los registros en la plataforma LMS, listas físicas y virtuales permitiendo detectar si todo los funcionarios han participado en las capacitaciones programadas, permitiendo una evaluación de efectividad al revisar el impacto de las capacitaciones mediante cuestionarios y análisis de conductas posteriores para identificar áreas donde los valores y principios no se están interiorizando adecuadamente e identificando riesgos recurrentes al analizar patrones en las áreas de mayor vulnerabilidad a hechos ilícitos ayudando a detectar fallas sistémicas o falta de comprensión en los funcionarios. | AE35: Si las capacitaciones no están logrando prevenir ciertos riesgos como corrupción, soborno o fraude, narcóticos, lavado de activos, financiación al terrorismo, entre otros, revisar, ajustar y mejorar el contenido de os programas para que sean más específicos y efectivos, así como capacitaciones adicionales, en caso de identificar deficiencias en ciertas áreas o entre determinados grupos programando sesiones específicas y complementarias. Establecer protocolos inmediatos para corregir cualquier caso de gestión de incidentes, identificado hechos ilícitos y reforzar las capacitaciones donde sea necesario. | AF35: Programación constante de capacitaciones, garantizando un cronograma regular de sensibilizaciones para mantener el enfoque preventivo y actualizar a los funcionarios frente a nuevas amenazas o cambios legales, promoviendo una cultura ética, reforzando los valores corporativos a través de campañas internas y actividades complementarias que fomenten el compromiso con el Código de Ética e Integridad, el Programa de Transparencia y Ética Empresarial, SARLAFT y el de Operador Económico Autorizado. Automatización del seguimiento, al incorporar herramientas digitales que permitan controlar el cumplimiento de las capacitaciones y evaluar su impacto en tiempo real. | AG35: Manual | AI35: Anual | AJ35: Adecuado | AK35: Documentado | AL35: Plan Institucional de Capacitación | AM35: Completa | AN35: =IF(B35="","",IF(BF35>=76,"Fuerte",IF(BF35>=51,"Moderado","Débil"))) -> Fuerte | AO35: =IF(OR(AA35="insuficientes",AA35="No adecuadas",AJ35="Inadecuado",AK35="No documentado",AM35="Incompleta",AM35="No existe"),"Si","No") -> No | AP35: =IF(AN35="","",IF(B35="","",IF(OR(AN35="Moderado",AN35="Débil"),"Si","No"))) -> No | AR35: Fuerte | AS35: =IF(AN35="","",IF(AND(AN35="Fuerte",AR35="Fuerte"),"Fuerte",IF(AND(AN35="Fuerte",AR35="Moderado"),"Moderado",IF(AND(AN35="Fuerte",AR35="Débil"),"Débil",IF(AND(AN35="Moderado",AR35="Fuerte"),"Moderado",IF(AND(AN35="Moderado",AR35="Moderado"),"Moderado","Débil")))))) -> Fuerte | AV35: =IF(D35="","",IF(D35=D34,"",IF(D35=D34,"",VLOOKUP(D35,solcon,11,0)))) | AW35: Fuerte | AX35: Moderado | AY35: =CONCATENATE(D35,O35,L35) -> RC6 | AZ35: =IF(B35="","",IF(AA35="Adecuadas",30,IF(AA35="Insuficientes",10,0))) -> 30 | BA35: =IF(B35="","",IF(AC35="Preventivo",15,IF(AC35="Detectivo",10,IF(AC35="Correctivo",5,0)))) -> 15 | BB35: =IF(B35="","",IF(AG35="Automático",10,IF(AG35="Dependiente de T.I.",7,IF(AG35="Manual",5,0)))) -> 5 | BC35: =IF(B35="","",IF(AJ35="Adecuado",20,0)) -> 20 | BD35: =IF(B35="","",IF(AK35="Documentado",10,0)) -> 10 | BE35: =IF(B35="","",IF(AM35="Completa",15,IF(AM35="Incompleta",10,0))) -> 15 | BF35: =IF(B35="","",SUM(AZ35:BE35)) -> 95 | BJ35: =CONCATENATE(AV35,AW35,AX35) -> FuerteModerado | BK35: =IF(B35="","",VLOOKUP(BJ35,NRES,3,0)) -> #N/A | BL35: =IF(B35="","",VLOOKUP(BJ35,NRES,2,0)) -> #N/A | BO35: =IF(B35="","",IF(+BH35+BL35<0,0,+BH35+BL35)) -> #N/A | BP35: =IF(B35="","",IF(+BG35+BK35<0,0,+BG35+BK35)) -> #N/A | BR35: =IF(B35="","",IF(ISERROR(VLOOKUP(BO35,impa1,2,0)),"",VLOOKUP(BO35,impa1,2,0))) | BS35: =IF(B35="","",IF(ISERROR(VLOOKUP(BP35,prob1,2,0)),"",VLOOKUP(BP35,prob1,2,0))) | BT35: =IF(BH35="","",CONCATENATE(D35,BS35,BR35)) | BW35: =IF(F35="Si",D35,"") -> RC6 | BX35: =IF(F35="Si",E35,"") -> Posibilidad de pérdida económica y reputacional por queja, demanda o sanción de los grupos de valor y/o entes de control por la recepción de dádivas en nombre propio o de terceros para favorecer la pérdida de confidencialidad de las aplicaciones soportadas por GTICS | BY35: =IF(B35="","",IF(D35=D34,"",IF(ISERROR(VLOOKUP(CONCATENATE(BR35,BS35),ri,4,0)),"",VLOOKUP(CONCATENATE(BR35,BS35),ri,4,0))))
B36: Apoyo | C36: Gestión Logística | D36: RC7 | E36: Posibilidad de afectación reputacional y /o económica por contagio al contratar con asociados de negocio (proveedores) que se encuentren relacionados con actividades ilícitas ( lavado de activos, financiación del terrorismo, terrorismo, tráfico de armas, tráfico de sustancias para el procesamiento de narcóticos, tráfico de estupefacientes) | F36: No | G36: Si | H36: No | I36: No | J36: Error u omisión en la verificación de información de proveedores | K36: Procedimientos asociados | L36: Improbable | M36: =IF(F36="","",IF(F36="SI","Usted seleccionó SI en tipologia de riesgo RC (riesgo de corrupción). Oprima para diligenciar el formato adjunto.","No Aplica")) -> No Aplica | N36: Improbable - El evento puede ocurrir en menos del 3% de los casos | O36: Critico | P36: =IF(F36="","",IF(F36="SI","Usted seleccionó SI en tipologia de riesgo RC (riesgo de corrupción). Oprima para diligenciar el formato adjunto.","No Aplica")) -> No Aplica | Q36: Crítico - • Económica: Pérdida superior a 550 SMLMV | R36: Crítico - • Legal: Intervención por parte de los entes reguladores por incumplimientos legales y/o contractuales | S36: Inferior - • Seguridad de la información: No afecta la oportunidad de la información. | T36: Importante - • Continuidad: Interrupción de las operaciones entre 24 y 47 horas continuas | U36: Crítico - • Reputacional: Imagen negativa en el mercado por mal servicio, practicas inseguras y/o irregulares. Mala reputación generalizada debido a comentarios adversos ampliamente difundidos a través de medios masivos de comunicación. | V36: Crítico - • Clientes: Incremento de más del 40% del número de reclamos formulados por los clientes | W36: =IF(B36="","",IF(ISERROR(VLOOKUP(CONCATENATE(L36,O36),ri,4,0)),"",VLOOKUP(CONCATENATE(L36,O36),ri,4,0))) -> Alto | X36: Reducir | Y36: C10 | AA36: Adecuadas | AC36: Preventivo | AD36: La verificación mensual de los expedientes de los proveedores por parte del líder de seguimiento o su designado. Esto permite identificar cualquier incumplimiento o error en la documentación presentada. | AE36: Cuando se detecta un incumplimiento o falta de documentación durante la verificación mensual, se toman medidas para corregir el problema, como solicitar documentos adicionales o actualizar los expedientes incompletos. | AF36: Asegurarse de que los requisitos de documentación y estudio de seguridad estén definidos claramente antes de contratar a un proveedor, de modo que el proceso sea más efectivo desde el inicio. | AG36: Manual | AI36: Por demanda | AJ36: Adecuado | AK36: Documentado | AL36: Procedimiento de inscripción, selección y registro de proveedores | AM36: Completa | AN36: =IF(B36="","",IF(BF36>=76,"Fuerte",IF(BF36>=51,"Moderado","Débil"))) -> Fuerte | AO36: =IF(OR(AA36="insuficientes",AA36="No adecuadas",AJ36="Inadecuado",AK36="No documentado",AM36="Incompleta",AM36="No existe"),"Si","No") -> No | AP36: =IF(AN36="","",IF(B36="","",IF(OR(AN36="Moderado",AN36="Débil"),"Si","No"))) -> No | AR36: Fuerte | AS36: =IF(AN36="","",IF(AND(AN36="Fuerte",AR36="Fuerte"),"Fuerte",IF(AND(AN36="Fuerte",AR36="Moderado"),"Moderado",IF(AND(AN36="Fuerte",AR36="Débil"),"Débil",IF(AND(AN36="Moderado",AR36="Fuerte"),"Moderado",IF(AND(AN36="Moderado",AR36="Moderado"),"Moderado","Débil")))))) -> Fuerte | AV36: =IF(D36="","",IF(D36=D34,"",IF(D36=D34,"",VLOOKUP(D36,solcon,11,0)))) -> Fuerte | AW36: Fuerte | AX36: Fuerte | AY36: =CONCATENATE(D36,O36,L36) -> RC7CriticoImprobable | AZ36: =IF(B36="","",IF(AA36="Adecuadas",30,IF(AA36="Insuficientes",10,0))) -> 30 | BA36: =IF(B36="","",IF(AC36="Preventivo",15,IF(AC36="Detectivo",10,IF(AC36="Correctivo",5,0)))) -> 15 | BB36: =IF(B36="","",IF(AG36="Automático",10,IF(AG36="Dependiente de T.I.",7,IF(AG36="Manual",5,0)))) -> 5 | BC36: =IF(B36="","",IF(AJ36="Adecuado",20,0)) -> 20 | BD36: =IF(B36="","",IF(AK36="Documentado",10,0)) -> 10 | BE36: =IF(B36="","",IF(AM36="Completa",15,IF(AM36="Incompleta",10,0))) -> 15 | BF36: =IF(B36="","",SUM(AZ36:BE36)) -> 95 | BG36: =IF(B36="","",IF(ISERROR(VLOOKUP(O36,calprob,2,0)),"",VLOOKUP(O36,calprob,2,0))) -> 5 | BH36: =IF(B36="","",IF(ISERROR(VLOOKUP(L36,calimp,2,0)),"",VLOOKUP(L36,calimp,2,0))) -> 1 | BI36: =IF(BH36="","",+BH36*BG36) -> 5 | BJ36: =CONCATENATE(AV36,AW36,AX36) -> FuerteFuerteFuerte | BK36: =IF(B36="","",VLOOKUP(BJ36,NRES,3,0)) -> -2 | BL36: =IF(B36="","",VLOOKUP(BJ36,NRES,2,0)) -> -2 | BM36: =(IF(ISERROR(VLOOKUP(CONCATENATE(AV36,AW36,AX36),residual,2,0)),"",VLOOKUP(CONCATENATE(AV36,AW36,AX36),residual,2,0))) | BN36: =IF(ISERROR(VLOOKUP(CONCATENATE(AV36,AW36,AX36),residual,3,0)),"",VLOOKUP(CONCATENATE(AV36,AW36,AX36),residual,3,0)) | BO36: =IF(B36="","",IF(+BH36+BL36<0,0,+BH36+BL36)) -> 0 | BP36: =IF(B36="","",IF(+BG36+BK36<0,0,+BG36+BK36)) -> 3 | BR36: =IF(B36="","",IF(ISERROR(VLOOKUP(BO36,impa1,2,0)),"",VLOOKUP(BO36,impa1,2,0))) -> Improbable | BS36: =IF(B36="","",IF(ISERROR(VLOOKUP(BP36,prob1,2,0)),"",VLOOKUP(BP36,prob1,2,0))) -> Importante | BT36: =IF(BH36="","",CONCATENATE(D36,BS36,BR36)) -> RC7ImportanteImprobable | BU36: =+W36 -> Alto | BV36: =+BY36 -> Moderado | BW36: =IF(F36="Si",D36,"") | BX36: =IF(F36="Si",E36,"") | BY36: =IF(B36="","",IF(D36=D35,"",IF(ISERROR(VLOOKUP(CONCATENATE(BR36,BS36),ri,4,0)),"",VLOOKUP(CONCATENATE(BR36,BS36),ri,4,0)))) -> Moderado
B37: Apoyo | C37: Gestión Logística | D37: RC7 | E37: Posibilidad de afectación reputacional y /o económica por contagio al contratar con asociados de negocio (proveedores) que se encuentren relacionados con actividades ilícitas ( lavado de activos, financiación del terrorismo, terrorismo, tráfico de armas, tráfico de sustancias para el procesamiento de narcóticos, tráfico de estupefacientes) | F37: No | G37: Si | H37: No | I37: No | J37: No efectuar seguimiento y monitoreo al registro de proveedores | K37: Procedimientos asociados | Y37: C7 | AA37: Adecuadas | AC37: Detectivo | AD37: La verificación mensual de los expedientes de los proveedores por parte del líder de seguimiento o su designado. Esto permite identificar cualquier incumplimiento o error en la documentación presentada. | AE37: Cuando se detecta un incumplimiento o falta de documentación durante la verificación mensual, se toman medidas para corregir el problema, como solicitar documentos adicionales o actualizar los expedientes incompletos. | AF37: Asegurarse de que los requisitos de documentación y estudio de seguridad estén definidos claramente antes de contratar a un proveedor, de modo que el proceso sea más efectivo desde el inicio. | AG37: Manual | AI37: Mensual | AJ37: Adecuado | AK37: Documentado | AL37: Procedimiento de inscripción, selección y registro de proveedores | AM37: Incompleta | AN37: =IF(B37="","",IF(BF37>=76,"Fuerte",IF(BF37>=51,"Moderado","Débil"))) -> Fuerte | AO37: =IF(OR(AA37="insuficientes",AA37="No adecuadas",AJ37="Inadecuado",AK37="No documentado",AM37="Incompleta",AM37="No existe"),"Si","No") -> Si | AP37: =IF(AN37="","",IF(B37="","",IF(OR(AN37="Moderado",AN37="Débil"),"Si","No"))) -> No | AR37: Fuerte | AS37: =IF(AN37="","",IF(AND(AN37="Fuerte",AR37="Fuerte"),"Fuerte",IF(AND(AN37="Fuerte",AR37="Moderado"),"Moderado",IF(AND(AN37="Fuerte",AR37="Débil"),"Débil",IF(AND(AN37="Moderado",AR37="Fuerte"),"Moderado",IF(AND(AN37="Moderado",AR37="Moderado"),"Moderado","Débil")))))) -> Fuerte | AW37: Fuerte | AX37: Moderado | AY37: =CONCATENATE(D37,O37,L37) -> RC7 | AZ37: =IF(B37="","",IF(AA37="Adecuadas",30,IF(AA37="Insuficientes",10,0))) -> 30 | BA37: =IF(B37="","",IF(AC37="Preventivo",15,IF(AC37="Detectivo",10,IF(AC37="Correctivo",5,0)))) -> 10 | BB37: =IF(B37="","",IF(AG37="Automático",10,IF(AG37="Dependiente de T.I.",7,IF(AG37="Manual",5,0)))) -> 5 | BC37: =IF(B37="","",IF(AJ37="Adecuado",20,0)) -> 20 | BD37: =IF(B37="","",IF(AK37="Documentado",10,0)) -> 10 | BE37: =IF(B37="","",IF(AM37="Completa",15,IF(AM37="Incompleta",10,0))) -> 10 | BF37: =IF(B37="","",SUM(AZ37:BE37)) -> 85 | BJ37: =CONCATENATE(AV37,AW37,AX37) -> FuerteModerado | BK37: =IF(B37="","",VLOOKUP(BJ37,NRES,3,0)) -> #N/A | BL37: =IF(B37="","",VLOOKUP(BJ37,NRES,2,0)) -> #N/A | BO37: =IF(B37="","",IF(+BH37+BL37<0,0,+BH37+BL37)) -> #N/A | BP37: =IF(B37="","",IF(+BG37+BK37<0,0,+BG37+BK37)) -> #N/A | BR37: =IF(B37="","",IF(ISERROR(VLOOKUP(BO37,impa1,2,0)),"",VLOOKUP(BO37,impa1,2,0))) | BS37: =IF(B37="","",IF(ISERROR(VLOOKUP(BP37,prob1,2,0)),"",VLOOKUP(BP37,prob1,2,0))) | BT37: =IF(BH37="","",CONCATENATE(D37,BS37,BR37)) | BV37: =+BY37 | BW37: =IF(F37="Si",D37,"") | BX37: =IF(F37="Si",E37,"") | BY37: =IF(B37="","",IF(D37=D36,"",IF(ISERROR(VLOOKUP(CONCATENATE(BR37,BS37),ri,4,0)),"",VLOOKUP(CONCATENATE(BR37,BS37),ri,4,0))))
B38: Apoyo | C38: Gestión Logística | D38: RC7 | E38: Posibilidad de afectación reputacional y /o económica por contagio al contratar con asociados de negocio (proveedores) que se encuentren relacionados con actividades ilícitas ( lavado de activos, financiación del terrorismo, terrorismo, tráfico de armas, tráfico de sustancias para el procesamiento de narcóticos, tráfico de estupefacientes) | F38: No | G38: Si | H38: No | I38: No | J38: No efectuar seguimiento y monitoreo a la gestión de los proveedores | K38: Procedimientos asociados | Y38: C8 | AA38: Adecuadas | AC38: Detectivo | AD38: Las auditorías anuales realizadas por el profesional del SIGCA. Estas auditorías se enfocan en identificar cualquier incumplimiento o desviación de los estándares establecidos. | AE38: La reprogramación de auditorías en caso de no poder ejecutarlas en el mes planificado. Esto asegura que, aunque haya limitaciones de recursos o tiempo, los proveedores críticos aún sean evaluados y los problemas se aborden. | AF38: La planificación anual de auditorías enfocada en proveedores de alta criticidad para el Sistema de Gestión de Control y Seguridad (SGCS). Este enfoque proactivo minimiza riesgos al garantizar que los proveedores cumplan con los acuerdos de seguridad y requisitos reglamentarios. | AG38: Manual | AI38: Anual | AJ38: Adecuado | AK38: Documentado | AL38: Manual del sistema de control y seguridad | AM38: Completa | AN38: =IF(B38="","",IF(BF38>=76,"Fuerte",IF(BF38>=51,"Moderado","Débil"))) -> Fuerte | AO38: =IF(OR(AA38="insuficientes",AA38="No adecuadas",AJ38="Inadecuado",AK38="No documentado",AM38="Incompleta",AM38="No existe"),"Si","No") -> No | AP38: =IF(AN38="","",IF(B38="","",IF(OR(AN38="Moderado",AN38="Débil"),"Si","No"))) -> No | AR38: Fuerte | AS38: =IF(AN38="","",IF(AND(AN38="Fuerte",AR38="Fuerte"),"Fuerte",IF(AND(AN38="Fuerte",AR38="Moderado"),"Moderado",IF(AND(AN38="Fuerte",AR38="Débil"),"Débil",IF(AND(AN38="Moderado",AR38="Fuerte"),"Moderado",IF(AND(AN38="Moderado",AR38="Moderado"),"Moderado","Débil")))))) -> Fuerte | AV38: =IF(D38="","",IF(D38=D36,"",IF(D38=D36,"",VLOOKUP(D38,solcon,11,0)))) | AW38: Fuerte | AX38: Fuerte | AY38: =CONCATENATE(D38,O38,L38) -> RC7 | AZ38: =IF(B38="","",IF(AA38="Adecuadas",30,IF(AA38="Insuficientes",10,0))) -> 30 | BA38: =IF(B38="","",IF(AC38="Preventivo",15,IF(AC38="Detectivo",10,IF(AC38="Correctivo",5,0)))) -> 10 | BB38: =IF(B38="","",IF(AG38="Automático",10,IF(AG38="Dependiente de T.I.",7,IF(AG38="Manual",5,0)))) -> 5 | BC38: =IF(B38="","",IF(AJ38="Adecuado",20,0)) -> 20 | BD38: =IF(B38="","",IF(AK38="Documentado",10,0)) -> 10 | BE38: =IF(B38="","",IF(AM38="Completa",15,IF(AM38="Incompleta",10,0))) -> 15 | BF38: =IF(B38="","",SUM(AZ38:BE38)) -> 90 | BG38: =IF(B38="","",IF(ISERROR(VLOOKUP(O38,calprob,2,0)),"",VLOOKUP(O38,calprob,2,0))) | BH38: =IF(B38="","",IF(ISERROR(VLOOKUP(L38,calimp,2,0)),"",VLOOKUP(L38,calimp,2,0))) | BI38: =IF(BH38="","",+BH38*BG38) | BJ38: =CONCATENATE(AV38,AW38,AX38) -> FuerteFuerte | BK38: =IF(B38="","",VLOOKUP(BJ38,NRES,3,0)) -> #N/A | BL38: =IF(B38="","",VLOOKUP(BJ38,NRES,2,0)) -> #N/A | BM38: =(IF(ISERROR(VLOOKUP(CONCATENATE(AV38,AW38,AX38),residual,2,0)),"",VLOOKUP(CONCATENATE(AV38,AW38,AX38),residual,2,0))) | BN38: =IF(ISERROR(VLOOKUP(CONCATENATE(AV38,AW38,AX38),residual,3,0)),"",VLOOKUP(CONCATENATE(AV38,AW38,AX38),residual,3,0)) | BO38: =IF(B38="","",IF(+BH38+BL38<0,0,+BH38+BL38)) -> #VALUE! | BP38: =IF(B38="","",IF(+BG38+BK38<0,0,+BG38+BK38)) -> #VALUE! | BR38: =IF(B38="","",IF(ISERROR(VLOOKUP(BO38,impa1,2,0)),"",VLOOKUP(BO38,impa1,2,0))) | BS38: =IF(B38="","",IF(ISERROR(VLOOKUP(BP38,prob1,2,0)),"",VLOOKUP(BP38,prob1,2,0))) | BT38: =IF(BH38="","",CONCATENATE(D38,BS38,BR38)) | BV38: =+BY38 | BW38: =IF(F38="Si",D38,"") | BX38: =IF(F38="Si",E38,"") | BY38: =IF(B38="","",IF(D38=D37,"",IF(ISERROR(VLOOKUP(CONCATENATE(BR38,BS38),ri,4,0)),"",VLOOKUP(CONCATENATE(BR38,BS38),ri,4,0))))
B39: Apoyo | C39: Gestión Logística | D39: RC7 | E39: Posibilidad de afectación reputacional y /o económica por contagio al contratar con asociados de negocio (proveedores) que se encuentren relacionados con actividades ilícitas ( lavado de activos, financiación del terrorismo, terrorismo, tráfico de armas, tráfico de sustancias para el procesamiento de narcóticos, tráfico de estupefacientes) | F39: No | G39: Si | H39: No | I39: No | J39: Ausencia de monitoreo y seguimiento de las operaciones | K39: Diseño del proceso | Y39: C9 | AA39: Adecuadas | AC39: Detectivo | AD39: La validación aleatoria trimestral realizada por el Oficial de Cumplimiento y/o su suplente. Este control tiene como objetivo identificar incumplimientos o errores en la ejecución de los procedimientos y controles establecidos. | AE39: El registro de no conformidades en el software, que permite tomar acciones correctivas frente a los incumplimientos detectados, como la mejora en los procesos o la actualización de procedimientos. | AF39: La planificación inicial de procedimientos y controles de riesgos claros, definidos y documentados, para prevenir fallos desde el comienzo del proceso. | AG39: Manual | AI39: Trimestral | AJ39: Adecuado | AK39: No documentado | AM39: Completa | AN39: Fuerte | AO39: No | AP39: No | AR39: Fuerte | AS39: =IF(AN39="","",IF(AND(AN39="Fuerte",AR39="Fuerte"),"Fuerte",IF(AND(AN39="Fuerte",AR39="Moderado"),"Moderado",IF(AND(AN39="Fuerte",AR39="Débil"),"Débil",IF(AND(AN39="Moderado",AR39="Fuerte"),"Moderado",IF(AND(AN39="Moderado",AR39="Moderado"),"Moderado","Débil")))))) -> Fuerte | AV39: =IF(D39="","",IF(D39=D37,"",IF(D39=D37,"",VLOOKUP(D39,solcon,11,0)))) | AW39: Fuerte | AX39: Moderado | AY39: =CONCATENATE(D39,O39,L39) -> RC7 | AZ39: =IF(B39="","",IF(AA39="Adecuadas",30,IF(AA39="Insuficientes",10,0))) -> 30 | BA39: =IF(B39="","",IF(AC39="Preventivo",15,IF(AC39="Detectivo",10,IF(AC39="Correctivo",5,0)))) -> 10 | BB39: =IF(B39="","",IF(AG39="Automático",10,IF(AG39="Dependiente de T.I.",7,IF(AG39="Manual",5,0)))) -> 5 | BC39: =IF(B39="","",IF(AJ39="Adecuado",20,0)) -> 20 | BD39: =IF(B39="","",IF(AK39="Documentado",10,0)) -> 0 | BE39: =IF(B39="","",IF(AM39="Completa",15,IF(AM39="Incompleta",10,0))) -> 15 | BF39: =IF(B39="","",SUM(AZ39:BE39)) -> 80 | BJ39: =CONCATENATE(AV39,AW39,AX39) -> FuerteModerado | BK39: =IF(B39="","",VLOOKUP(BJ39,NRES,3,0)) -> #N/A | BL39: =IF(B39="","",VLOOKUP(BJ39,NRES,2,0)) -> #N/A | BO39: =IF(B39="","",IF(+BH39+BL39<0,0,+BH39+BL39)) -> #N/A | BP39: =IF(B39="","",IF(+BG39+BK39<0,0,+BG39+BK39)) -> #N/A | BR39: =IF(B39="","",IF(ISERROR(VLOOKUP(BO39,impa1,2,0)),"",VLOOKUP(BO39,impa1,2,0))) | BS39: =IF(B39="","",IF(ISERROR(VLOOKUP(BP39,prob1,2,0)),"",VLOOKUP(BP39,prob1,2,0))) | BT39: =IF(BH39="","",CONCATENATE(D39,BS39,BR39)) | BV39: =+BY39 | BW39: =IF(F39="Si",D39,"") | BX39: =IF(F39="Si",E39,"") | BY39: =IF(B39="","",IF(D39=D38,"",IF(ISERROR(VLOOKUP(CONCATENATE(BR39,BS39),ri,4,0)),"",VLOOKUP(CONCATENATE(BR39,BS39),ri,4,0))))
B40: Apoyo | C40: Gestión Humana | D40: RC7 | E40: Posibilidad de afectación reputacional y /o económica por contagio al contratar con asociados de negocio (proveedores) que se encuentren relacionados con actividades ilícitas ( lavado de activos, financiación del terrorismo, terrorismo, tráfico de armas, tráfico de sustancias para el procesamiento de narcóticos, tráfico de estupefacientes) | F40: Si | G40: Si | H40: Si | I40: Si | J40: Vincular personal no confiable en la cadena de suministro | K40: Talento Humano | M40: =IF(F40="","",IF(F40="SI","Usted seleccionó SI en tipologia de riesgo RC (riesgo de corrupción). Oprima para diligenciar el formato adjunto.","No Aplica")) -> Usted seleccionó SI en tipologia de riesgo RC (riesgo de corrupción). Oprima para diligenciar el formato adjunto. | N40: Improbable - El evento puede ocurrir en menos del 3% de los casos | P40: =IF(F40="","",IF(F40="SI","Usted seleccionó SI en tipologia de riesgo RC (riesgo de corrupción). Oprima para diligenciar el formato adjunto.","No Aplica")) -> Usted seleccionó SI en tipologia de riesgo RC (riesgo de corrupción). Oprima para diligenciar el formato adjunto. | Q40: Inferior - • Económico: Pérdidas inferiores o igual a 100 SLMLV | R40: Crítico - • Legal: Intervención por parte de los entes reguladores por incumplimientos legales y/o contractuales | S40: Menor - • Seguridad de la información: No afecta la oportunidad de la información de manera significativa, no altera el funcionamiento de las áreas receptoras y procesadoras de información. | T40: Inferior - • Continuidad: No genera Interrupción de las operaciones | U40: Crítico - • Reputacional: Imagen negativa en el mercado por mal servicio, practicas inseguras y/o irregulares. Mala reputación generalizada debido a comentarios adversos ampliamente difundidos a través de medios masivos de comunicación. | V40: Inferior - • Clientes: No incrementa significativamente el número de reclamos formulados por los Clientes | W40: =IF(B40="","",IF(ISERROR(VLOOKUP(CONCATENATE(L40,O40),ri,4,0)),"",VLOOKUP(CONCATENATE(L40,O40),ri,4,0))) | Y40: C1 | AA40: Adecuadas | AC40: Preventivo | AD40: El proceso de calificación y evaluación en cada etapa (pruebas psicotécnicas, de conocimiento, entrevistas) actúa como un mecanismo para identificar si un candidato no cumple con los estándares mínimos requeridos. La detección de resultados por debajo de la mínima calificación establecida permite frenar el proceso de continuidad del candidato en etapas tempranas. | AE40: Si en alguna etapa se encuentran deficiencias en el proceso o en la evaluación, se pueden realizar ajustes (por ejemplo, reconsideración de criterios o actualización de metodologías de evaluación). La terminación del proceso de selección de un candidato que no alcanza la calificación mínima asegura que el equipo final cumpla con los estándares y las necesidades de la organización. | AF40: La validación inicial del requerimiento de personal y de los perfiles (competencias, educación, experiencia, etc.) para asegurarse de que los candidatos cumplan con los requisitos necesarios desde el inicio. La realización de pruebas psicotécnicas, de conocimiento y entrevistas previene la selección de candidatos que no cumplan con los estándares establecidos. La visita domiciliaria (en caso de cargos críticos) asegura que se realice una verificación exhaustiva, minimizando riesgos antes de la contratación | AG40: Manual | AI40: Por demanda | AJ40: Adecuado | AK40: Documentado | AL40: 1. Procedimiento selección, vinculación, induccion, evaluación, promoción personal de planta. | AM40: Completa | AN40: Fuerte | AO40: No | AP40: No | AR40: Fuerte | AS40: =IF(AN40="","",IF(AND(AN40="Fuerte",AR40="Fuerte"),"Fuerte",IF(AND(AN40="Fuerte",AR40="Moderado"),"Moderado",IF(AND(AN40="Fuerte",AR40="Débil"),"Débil",IF(AND(AN40="Moderado",AR40="Fuerte"),"Moderado",IF(AND(AN40="Moderado",AR40="Moderado"),"Moderado","Débil")))))) -> Fuerte | AV40: =IF(D40="","",IF(D40=D38,"",IF(D40=D38,"",VLOOKUP(D40,solcon,11,0)))) | AW40: Fuerte | AX40: Moderado | AY40: =CONCATENATE(D40,O40,L40) -> RC7 | AZ40: =IF(B40="","",IF(AA40="Adecuadas",30,IF(AA40="Insuficientes",10,0))) -> 30 | BA40: =IF(B40="","",IF(AC40="Preventivo",15,IF(AC40="Detectivo",10,IF(AC40="Correctivo",5,0)))) -> 15 | BB40: =IF(B40="","",IF(AG40="Automático",10,IF(AG40="Dependiente de T.I.",7,IF(AG40="Manual",5,0)))) -> 5 | BC40: =IF(B40="","",IF(AJ40="Adecuado",20,0)) -> 20 | BD40: =IF(B40="","",IF(AK40="Documentado",10,0)) -> 10 | BE40: =IF(B40="","",IF(AM40="Completa",15,IF(AM40="Incompleta",10,0))) -> 15 | BF40: =IF(B40="","",SUM(AZ40:BE40)) -> 95 | BG40: =IF(B40="","",IF(ISERROR(VLOOKUP(O40,calprob,2,0)),"",VLOOKUP(O40,calprob,2,0))) | BH40: =IF(B40="","",IF(ISERROR(VLOOKUP(L40,calimp,2,0)),"",VLOOKUP(L40,calimp,2,0))) | BI40: =IF(BH40="","",+BH40*BG40) | BJ40: =CONCATENATE(AV40,AW40,AX40) -> FuerteModerado | BK40: =IF(B40="","",VLOOKUP(BJ40,NRES,3,0)) -> #N/A | BL40: =IF(B40="","",VLOOKUP(BJ40,NRES,2,0)) -> #N/A | BM40: =(IF(ISERROR(VLOOKUP(CONCATENATE(AV40,AW40,AX40),residual,2,0)),"",VLOOKUP(CONCATENATE(AV40,AW40,AX40),residual,2,0))) | BN40: =IF(ISERROR(VLOOKUP(CONCATENATE(AV40,AW40,AX40),residual,3,0)),"",VLOOKUP(CONCATENATE(AV40,AW40,AX40),residual,3,0)) | BO40: =IF(B40="","",IF(+BH40+BL40<0,0,+BH40+BL40)) -> #VALUE! | BP40: =IF(B40="","",IF(+BG40+BK40<0,0,+BG40+BK40)) -> #VALUE! | BR40: =IF(B40="","",IF(ISERROR(VLOOKUP(BO40,impa1,2,0)),"",VLOOKUP(BO40,impa1,2,0))) | BS40: =IF(B40="","",IF(ISERROR(VLOOKUP(BP40,prob1,2,0)),"",VLOOKUP(BP40,prob1,2,0))) | BT40: =IF(BH40="","",CONCATENATE(D40,BS40,BR40)) | BU40: =+W40 | BV40: =+BY40 | BW40: =IF(F40="Si",D40,"") -> RC7 | BX40: =IF(F40="Si",E40,"") -> Posibilidad de afectación reputacional y /o económica por contagio al contratar con asociados de negocio (proveedores) que se encuentren relacionados con actividades ilícitas ( lavado de activos, financiación del terrorismo, terrorismo, tráfico de armas, tráfico de sustancias para el procesamiento de narcóticos, tráfico de estupefacientes) | BY40: =IF(B40="","",IF(D40=D39,"",IF(ISERROR(VLOOKUP(CONCATENATE(BR40,BS40),ri,4,0)),"",VLOOKUP(CONCATENATE(BR40,BS40),ri,4,0))))
B41: Apoyo | C41: Gestión Logística | D41: RC7 | E41: Posibilidad de afectación económica y reputacional por realizar operaciones de comercio exterior (importación y exportación) en las cuales se infrinjan los requisitos establecidos en la normatividad vigente | F41: No | G41: No | H41: No | I41: Si | J41: Falencias en los procedimientos de inspección de la carga ( importaciones) | K41: Procedimientos asociados | L41: Improbable | M41: =IF(F41="","",IF(F41="SI","Usted seleccionó SI en tipologia de riesgo RC (riesgo de corrupción). Oprima para diligenciar el formato adjunto.","No Aplica")) -> No Aplica | N41: Improbable - El evento puede ocurrir en menos del 3% de los casos | O41: Critico | P41: =IF(F41="","",IF(F41="SI","Usted seleccionó SI en tipologia de riesgo RC (riesgo de corrupción). Oprima para diligenciar el formato adjunto.","No Aplica")) -> No Aplica | Q41: Menor - • Económico: Pérdida entre 100 - 250 SMLMV | R41: Crítico - • Legal: Intervención por parte de los entes reguladores por incumplimientos legales y/o contractuales | S41: Inferior - • Seguridad de la información: No afecta la oportunidad de la información. | T41: Crítico - • Continuidad: Interrupción de las operaciones por más de 72 horas continuas. | U41: Inferior - • Reputacional: No afecta la imagen de la entidad con los clientes o grupos de interés | V41: Importante - • Clientes: Incremento entre el 21% y el 30% del número de reclamos formulados por los Clientes. | W41: =IF(B41="","",IF(ISERROR(VLOOKUP(CONCATENATE(L41,O41),ri,4,0)),"",VLOOKUP(CONCATENATE(L41,O41),ri,4,0))) -> Alto | X41: Reducir | Y41: C11 | AA41: Adecuadas | AC41: Detectivo | AD41: La inspección previa realizada por el Profesional de Comercio Exterior, que permite detectar posibles inconsistencias en la mercancía o documentación antes de autorizar las operaciones. | AE41: Acciones derivadas de la identificación de inconsistencias durante la inspección, como ajustes en la documentación, rectificación de errores, o en casos graves, el rechazo de las mercancías no conformes. | AF41: Utilizar una lista de chequeo con los requisitos establecidos por tipo de operación antes de proceder, asegurando que las mercancías y documentos sean revisados adecuadamente desde el inicio. | AG41: Manual | AI41: Por demanda | AJ41: Adecuado | AK41: Documentado | AL41: Manual de operaciones de comercio exterior | AM41: Completa | AN41: =IF(B41="","",IF(BF41>=76,"Fuerte",IF(BF41>=51,"Moderado","Débil"))) -> Fuerte | AO41: =IF(OR(AA41="insuficientes",AA41="No adecuadas",AJ41="Inadecuado",AK41="No documentado",AM41="Incompleta",AM41="No existe"),"Si","No") -> No | AP41: =IF(AN41="","",IF(B41="","",IF(OR(AN41="Moderado",AN41="Débil"),"Si","No"))) -> No | AR41: Fuerte | AS41: =IF(AN41="","",IF(AND(AN41="Fuerte",AR41="Fuerte"),"Fuerte",IF(AND(AN41="Fuerte",AR41="Moderado"),"Moderado",IF(AND(AN41="Fuerte",AR41="Débil"),"Débil",IF(AND(AN41="Moderado",AR41="Fuerte"),"Moderado",IF(AND(AN41="Moderado",AR41="Moderado"),"Moderado","Débil")))))) -> Fuerte | AV41: =IF(D41="","",IF(D41=D38,"",IF(D41=D38,"",VLOOKUP(D41,solcon,11,0)))) | AW41: Fuerte | AX41: Moderado | AY41: =CONCATENATE(D41,O41,L41) -> RC7CriticoImprobable | AZ41: =IF(B41="","",IF(AA41="Adecuadas",30,IF(AA41="Insuficientes",10,0))) -> 30 | BA41: =IF(B41="","",IF(AC41="Preventivo",15,IF(AC41="Detectivo",10,IF(AC41="Correctivo",5,0)))) -> 10 | BB41: =IF(B41="","",IF(AG41="Automático",10,IF(AG41="Dependiente de T.I.",7,IF(AG41="Manual",5,0)))) -> 5 | BC41: =IF(B41="","",IF(AJ41="Adecuado",20,0)) -> 20 | BD41: =IF(B41="","",IF(AK41="Documentado",10,0)) -> 10 | BE41: =IF(B41="","",IF(AM41="Completa",15,IF(AM41="Incompleta",10,0))) -> 15 | BF41: =IF(B41="","",SUM(AZ41:BE41)) -> 90 | BG41: =IF(B41="","",IF(ISERROR(VLOOKUP(O41,calprob,2,0)),"",VLOOKUP(O41,calprob,2,0))) -> 5 | BH41: =IF(B41="","",IF(ISERROR(VLOOKUP(L41,calimp,2,0)),"",VLOOKUP(L41,calimp,2,0))) -> 1 | BI41: =IF(BH41="","",+BH41*BG41) -> 5 | BJ41: =CONCATENATE(AV41,AW41,AX41) -> FuerteModerado | BK41: =IF(B41="","",VLOOKUP(BJ41,NRES,3,0)) -> #N/A | BL41: =IF(B41="","",VLOOKUP(BJ41,NRES,2,0)) -> #N/A | BM41: =(IF(ISERROR(VLOOKUP(CONCATENATE(AV41,AW41,AX41),residual,2,0)),"",VLOOKUP(CONCATENATE(AV41,AW41,AX41),residual,2,0))) | BN41: =IF(ISERROR(VLOOKUP(CONCATENATE(AV41,AW41,AX41),residual,3,0)),"",VLOOKUP(CONCATENATE(AV41,AW41,AX41),residual,3,0)) | BO41: =IF(B41="","",IF(+BH41+BL41<0,0,+BH41+BL41)) -> #N/A | BP41: =IF(B41="","",IF(+BG41+BK41<0,0,+BG41+BK41)) -> #N/A | BR41: =IF(B41="","",IF(ISERROR(VLOOKUP(BO41,impa1,2,0)),"",VLOOKUP(BO41,impa1,2,0))) | BS41: =IF(B41="","",IF(ISERROR(VLOOKUP(BP41,prob1,2,0)),"",VLOOKUP(BP41,prob1,2,0))) | BT41: =IF(BH41="","",CONCATENATE(D41,BS41,BR41)) -> RC7 | BU41: =+W41 -> Alto | BV41: =+BY41 | BW41: =IF(F41="Si",D41,"") | BX41: =IF(F41="Si",E41,"") | BY41: =IF(B41="","",IF(D41=D39,"",IF(ISERROR(VLOOKUP(CONCATENATE(BR41,BS41),ri,4,0)),"",VLOOKUP(CONCATENATE(BR41,BS41),ri,4,0))))
B42: Apoyo | C42: Gestión Logística | D42: RC8 | E42: Posibilidad de afectación económica y reputacional por realizar operaciones de comercio exterior (importación y exportación) en las cuales se infrinjan los requisitos establecidos en la normatividad vigente | F42: No | G42: No | H42: No | I42: Si | J42: Contaminación de la carga en aeronaves que ingresan y salen de servicio | K42: Procedimientos asociados | Y42: C12 | AA42: Adecuadas | AC42: Detectivo | AG42: Manual | AI42: Por demanda | AJ42: Adecuado | AK42: Documentado | AL42: Plan de Seguridad Física | AM42: Completa | AN42: =IF(B42="","",IF(BF42>=76,"Fuerte",IF(BF42>=51,"Moderado","Débil"))) -> Fuerte | AO42: =IF(OR(AA42="insuficientes",AA42="No adecuadas",AJ42="Inadecuado",AK42="No documentado",AM42="Incompleta",AM42="No existe"),"Si","No") -> No | AP42: =IF(AN42="","",IF(B42="","",IF(OR(AN42="Moderado",AN42="Débil"),"Si","No"))) -> No | AR42: Fuerte | AS42: =IF(AN42="","",IF(AND(AN42="Fuerte",AR42="Fuerte"),"Fuerte",IF(AND(AN42="Fuerte",AR42="Moderado"),"Moderado",IF(AND(AN42="Fuerte",AR42="Débil"),"Débil",IF(AND(AN42="Moderado",AR42="Fuerte"),"Moderado",IF(AND(AN42="Moderado",AR42="Moderado"),"Moderado","Débil")))))) -> Fuerte | AW42: Fuerte | AX42: Moderado | AY42: =CONCATENATE(D42,O42,L42) -> RC8 | AZ42: =IF(B42="","",IF(AA42="Adecuadas",30,IF(AA42="Insuficientes",10,0))) -> 30 | BA42: =IF(B42="","",IF(AC42="Preventivo",15,IF(AC42="Detectivo",10,IF(AC42="Correctivo",5,0)))) -> 10 | BB42: =IF(B42="","",IF(AG42="Automático",10,IF(AG42="Dependiente de T.I.",7,IF(AG42="Manual",5,0)))) -> 5 | BC42: =IF(B42="","",IF(AJ42="Adecuado",20,0)) -> 20 | BD42: =IF(B42="","",IF(AK42="Documentado",10,0)) -> 10 | BE42: =IF(B42="","",IF(AM42="Completa",15,IF(AM42="Incompleta",10,0))) -> 15 | BF42: =IF(B42="","",SUM(AZ42:BE42)) -> 90 | BG42: =IF(B42="","",IF(ISERROR(VLOOKUP(O42,calprob,2,0)),"",VLOOKUP(O42,calprob,2,0))) | BH42: =IF(B42="","",IF(ISERROR(VLOOKUP(L42,calimp,2,0)),"",VLOOKUP(L42,calimp,2,0))) | BJ42: =CONCATENATE(AV42,AW42,AX42) -> FuerteModerado | BK42: =IF(B42="","",VLOOKUP(BJ42,NRES,3,0)) -> #N/A | BL42: =IF(B42="","",VLOOKUP(BJ42,NRES,2,0)) -> #N/A | BO42: =IF(B42="","",IF(+BH42+BL42<0,0,+BH42+BL42)) -> #VALUE! | BP42: =IF(B42="","",IF(+BG42+BK42<0,0,+BG42+BK42)) -> #VALUE! | BR42: =IF(B42="","",IF(ISERROR(VLOOKUP(BO42,impa1,2,0)),"",VLOOKUP(BO42,impa1,2,0))) | BS42: =IF(B42="","",IF(ISERROR(VLOOKUP(BP42,prob1,2,0)),"",VLOOKUP(BP42,prob1,2,0))) | BT42: =IF(BH42="","",CONCATENATE(D42,BS42,BR42)) | BV42: =+BY42 | BW42: =IF(F42="Si",D42,"") | BX42: =IF(F42="Si",E42,"") | BY42: =IF(B42="","",IF(D42=D41,"",IF(ISERROR(VLOOKUP(CONCATENATE(BR42,BS42),ri,4,0)),"",VLOOKUP(CONCATENATE(BR42,BS42),ri,4,0))))
B43: Apoyo | C43: Gestión Logística | D43: RC8 | E43: Posibilidad de afectación económica y reputacional por realizar operaciones de comercio exterior (importación y exportación) en las cuales se infrinjan los requisitos establecidos en la normatividad vigente | F43: No | G43: No | H43: No | I43: Si | J43: Contaminación de la carga en exportaciones ( estupefacientes, sustancias para el procesamiento de narcóticos, armas) | K43: Procedimientos asociados | Y43: C13 | AA43: Adecuadas | AC43: Detectivo | AD43: Inspección minuciosa de los elementos y embalajes objeto de exportación para garantizar que estén libres de sustancias narcóticas, explosivos, armas, municiones, material de guerra o cualquier otro elemento ilícito o prohibido. Uso de formatos de chequeo e inspección detallada del material y/o carga como evidencia del control. | AE43: Procedimientos específicos aplicados en caso de identificar discrepancias durante la inspección, ajustándose al tipo de elemento identificado. Resolución inmediata de la discrepancia antes de permitir el envío del material o carga. | AF43: Revisión sistemática de todos los elementos y embalajes antes de la exportación, garantizando el cumplimiento de las obligaciones legales establecidas. Conservación del registro del formato de chequeo e inspección como respaldo documental para futuras auditorías o referencias. | AG43: Manual | AI43: Por demanda | AJ43: Adecuado | AK43: Documentado | AL43: Manual de operaciones de comercio exterior | AM43: Completa | AN43: =IF(B43="","",IF(BF43>=76,"Fuerte",IF(BF43>=51,"Moderado","Débil"))) -> Fuerte | AO43: =IF(OR(AA43="insuficientes",AA43="No adecuadas",AJ43="Inadecuado",AK43="No documentado",AM43="Incompleta",AM43="No existe"),"Si","No") -> No | AP43: =IF(AN43="","",IF(B43="","",IF(OR(AN43="Moderado",AN43="Débil"),"Si","No"))) -> No | AR43: Fuerte | AS43: =IF(AN43="","",IF(AND(AN43="Fuerte",AR43="Fuerte"),"Fuerte",IF(AND(AN43="Fuerte",AR43="Moderado"),"Moderado",IF(AND(AN43="Fuerte",AR43="Débil"),"Débil",IF(AND(AN43="Moderado",AR43="Fuerte"),"Moderado",IF(AND(AN43="Moderado",AR43="Moderado"),"Moderado","Débil")))))) -> Fuerte | AV43: =IF(D43="","",IF(D43=D41,"",IF(D43=D41,"",VLOOKUP(D43,solcon,11,0)))) -> Fuerte | AW43: Fuerte | AX43: Moderado | AY43: =CONCATENATE(D43,O43,L43) -> RC8 | AZ43: =IF(B43="","",IF(AA43="Adecuadas",30,IF(AA43="Insuficientes",10,0))) -> 30 | BA43: =IF(B43="","",IF(AC43="Preventivo",15,IF(AC43="Detectivo",10,IF(AC43="Correctivo",5,0)))) -> 10 | BB43: =IF(B43="","",IF(AG43="Automático",10,IF(AG43="Dependiente de T.I.",7,IF(AG43="Manual",5,0)))) -> 5 | BC43: =IF(B43="","",IF(AJ43="Adecuado",20,0)) -> 20 | BD43: =IF(B43="","",IF(AK43="Documentado",10,0)) -> 10 | BE43: =IF(B43="","",IF(AM43="Completa",15,IF(AM43="Incompleta",10,0))) -> 15 | BF43: =IF(B43="","",SUM(AZ43:BE43)) -> 90 | BJ43: =CONCATENATE(AV43,AW43,AX43) -> FuerteFuerteModerado | BK43: =IF(B43="","",VLOOKUP(BJ43,NRES,3,0)) -> -1 | BL43: =IF(B43="","",VLOOKUP(BJ43,NRES,2,0)) -> -2 | BM43: =(IF(ISERROR(VLOOKUP(CONCATENATE(AV43,AW43,AX43),residual,2,0)),"",VLOOKUP(CONCATENATE(AV43,AW43,AX43),residual,2,0))) | BN43: =IF(ISERROR(VLOOKUP(CONCATENATE(AV43,AW43,AX43),residual,3,0)),"",VLOOKUP(CONCATENATE(AV43,AW43,AX43),residual,3,0)) | BO43: =IF(B43="","",IF(+BH43+BL43<0,0,+BH43+BL43)) -> 0 | BP43: =IF(B43="","",IF(+BG43+BK43<0,0,+BG43+BK43)) -> 0 | BR43: =IF(B43="","",IF(ISERROR(VLOOKUP(BO43,impa1,2,0)),"",VLOOKUP(BO43,impa1,2,0))) -> Improbable | BS43: =IF(B43="","",IF(ISERROR(VLOOKUP(BP43,prob1,2,0)),"",VLOOKUP(BP43,prob1,2,0))) -> 0 | BT43: =IF(BH43="","",CONCATENATE(D43,BS43,BR43)) | BV43: =+BY43 | BW43: =IF(F43="Si",D43,"") | BX43: =IF(F43="Si",E43,"") | BY43: =IF(B43="","",IF(D43=D42,"",IF(ISERROR(VLOOKUP(CONCATENATE(BR43,BS43),ri,4,0)),"",VLOOKUP(CONCATENATE(BR43,BS43),ri,4,0))))
B44: Apoyo | C44: Gestión Logística | D44: RC8 | E44: Posibilidad de afectación económica y reputacional por realizar operaciones de comercio exterior (importación y exportación) en las cuales se infrinjan los requisitos establecidos en la normatividad vigente | F44: No | G44: No | H44: No | I44: Si | J44: Contaminación de la carga en exportaciones ( estupefacientes, sustancias para el procesamiento de narcóticos, armas) | K44: Procedimientos asociados | Y44: C14 | AA44: Adecuadas | AC44: Preventivo | AD44: El seguimiento y reporte continuo del estado de la mercancía durante su transporte, lo que permite identificar cualquier anomalía o desviación en tiempo real. | AE44: Las acciones tomadas ante cualquier irregularidad detectada en los registros de seguimiento (Tracking), como investigar el incidente y reforzar medidas de seguridad en el proceso de transporte. | AF44: La instalación del sello de seguridad por parte del agente de carga. Este paso busca prevenir la vulneración o contaminación de las mercancías desde el inicio del transporte. | AG44: Manual | AI44: Por demanda | AJ44: Adecuado | AK44: Documentado | AL44: Manual de operaciones de comercio exterior | AM44: Completa | AN44: =IF(B44="","",IF(BF44>=76,"Fuerte",IF(BF44>=51,"Moderado","Débil"))) -> Fuerte | AO44: =IF(OR(AA44="insuficientes",AA44="No adecuadas",AJ44="Inadecuado",AK44="No documentado",AM44="Incompleta",AM44="No existe"),"Si","No") -> No | AP44: =IF(AN44="","",IF(B44="","",IF(OR(AN44="Moderado",AN44="Débil"),"Si","No"))) -> No | AR44: Fuerte | AS44: =IF(AN44="","",IF(AND(AN44="Fuerte",AR44="Fuerte"),"Fuerte",IF(AND(AN44="Fuerte",AR44="Moderado"),"Moderado",IF(AND(AN44="Fuerte",AR44="Débil"),"Débil",IF(AND(AN44="Moderado",AR44="Fuerte"),"Moderado",IF(AND(AN44="Moderado",AR44="Moderado"),"Moderado","Débil")))))) -> Fuerte | AV44: =IF(D44="","",IF(D44=D42,"",IF(D44=D42,"",VLOOKUP(D44,solcon,11,0)))) | AW44: Fuerte | AX44: Moderado | AY44: =CONCATENATE(D44,O44,L44) -> RC8 | AZ44: =IF(B44="","",IF(AA44="Adecuadas",30,IF(AA44="Insuficientes",10,0))) -> 30 | BA44: =IF(B44="","",IF(AC44="Preventivo",15,IF(AC44="Detectivo",10,IF(AC44="Correctivo",5,0)))) -> 15 | BB44: =IF(B44="","",IF(AG44="Automático",10,IF(AG44="Dependiente de T.I.",7,IF(AG44="Manual",5,0)))) -> 5 | BC44: =IF(B44="","",IF(AJ44="Adecuado",20,0)) -> 20 | BD44: =IF(B44="","",IF(AK44="Documentado",10,0)) -> 10 | BE44: =IF(B44="","",IF(AM44="Completa",15,IF(AM44="Incompleta",10,0))) -> 15 | BF44: =IF(B44="","",SUM(AZ44:BE44)) -> 95 | BJ44: =CONCATENATE(AV44,AW44,AX44) -> FuerteModerado | BK44: =IF(B44="","",VLOOKUP(BJ44,NRES,3,0)) -> #N/A | BL44: =IF(B44="","",VLOOKUP(BJ44,NRES,2,0)) -> #N/A | BM44: =(IF(ISERROR(VLOOKUP(CONCATENATE(AV44,AW44,AX44),residual,2,0)),"",VLOOKUP(CONCATENATE(AV44,AW44,AX44),residual,2,0))) | BN44: =IF(ISERROR(VLOOKUP(CONCATENATE(AV44,AW44,AX44),residual,3,0)),"",VLOOKUP(CONCATENATE(AV44,AW44,AX44),residual,3,0)) | BO44: =IF(B44="","",IF(+BH44+BL44<0,0,+BH44+BL44)) -> #N/A | BP44: =IF(B44="","",IF(+BG44+BK44<0,0,+BG44+BK44)) -> #N/A | BR44: =IF(B44="","",IF(ISERROR(VLOOKUP(BO44,impa1,2,0)),"",VLOOKUP(BO44,impa1,2,0))) | BS44: =IF(B44="","",IF(ISERROR(VLOOKUP(BP44,prob1,2,0)),"",VLOOKUP(BP44,prob1,2,0))) | BT44: =IF(BH44="","",CONCATENATE(D44,BS44,BR44)) | BV44: =+BY44 | BW44: =IF(F44="Si",D44,"") | BX44: =IF(F44="Si",E44,"") | BY44: =IF(B44="","",IF(D44=D43,"",IF(ISERROR(VLOOKUP(CONCATENATE(BR44,BS44),ri,4,0)),"",VLOOKUP(CONCATENATE(BR44,BS44),ri,4,0))))
B45: Apoyo | C45: Gestión Logística | D45: RC8 | E45: Posibilidad de afectación económica y reputacional por realizar operaciones de comercio exterior (importación y exportación) en las cuales se infrinjan los requisitos establecidos en la normatividad vigente | F45: No | G45: No | H45: No | I45: Si | J45: Contrabando | K45: Procedimientos asociados | Y45: C15 | AA45: Adecuadas | AC45: Preventivo | AD45: La validación del reporte de vencimientos realizada por el profesional de Comercio Exterior para identificar posibles incumplimientos antes de que se conviertan en problemas mayores. | AE45: La notificación al responsable y el registro del reingreso de bienes junto con la presentación del formulario correspondiente antes del plazo señalado, corrigiendo cualquier desviación detectada. | AF45: El monitoreo constante del sistema PICIZ para generar reportes de vencimientos, lo cual ayuda a prever riesgos asociados a la pérdida de control sobre los bienes en salidas temporales. | AG45: Manual | AI45: Permanente | AJ45: Adecuado | AK45: Documentado | AL45: Manual de operaciones de comercio exterior | AM45: Completa | AN45: =IF(B45="","",IF(BF45>=76,"Fuerte",IF(BF45>=51,"Moderado","Débil"))) -> Fuerte | AO45: =IF(OR(AA45="insuficientes",AA45="No adecuadas",AJ45="Inadecuado",AK45="No documentado",AM45="Incompleta",AM45="No existe"),"Si","No") -> No | AP45: =IF(AN45="","",IF(B45="","",IF(OR(AN45="Moderado",AN45="Débil"),"Si","No"))) -> No | AR45: Fuerte | AS45: =IF(AN45="","",IF(AND(AN45="Fuerte",AR45="Fuerte"),"Fuerte",IF(AND(AN45="Fuerte",AR45="Moderado"),"Moderado",IF(AND(AN45="Fuerte",AR45="Débil"),"Débil",IF(AND(AN45="Moderado",AR45="Fuerte"),"Moderado",IF(AND(AN45="Moderado",AR45="Moderado"),"Moderado","Débil")))))) -> Fuerte | AV45: =IF(D45="","",IF(D45=D43,"",IF(D45=D43,"",VLOOKUP(D45,solcon,11,0)))) | AW45: Fuerte | AX45: Moderado | AY45: =CONCATENATE(D45,O45,L45) -> RC8 | AZ45: =IF(B45="","",IF(AA45="Adecuadas",30,IF(AA45="Insuficientes",10,0))) -> 30 | BA45: =IF(B45="","",IF(AC45="Preventivo",15,IF(AC45="Detectivo",10,IF(AC45="Correctivo",5,0)))) -> 15 | BB45: =IF(B45="","",IF(AG45="Automático",10,IF(AG45="Dependiente de T.I.",7,IF(AG45="Manual",5,0)))) -> 5 | BC45: =IF(B45="","",IF(AJ45="Adecuado",20,0)) -> 20 | BD45: =IF(B45="","",IF(AK45="Documentado",10,0)) -> 10 | BE45: =IF(B45="","",IF(AM45="Completa",15,IF(AM45="Incompleta",10,0))) -> 15 | BF45: =IF(B45="","",SUM(AZ45:BE45)) -> 95 | BJ45: =CONCATENATE(AV45,AW45,AX45) -> FuerteModerado | BK45: =IF(B45="","",VLOOKUP(BJ45,NRES,3,0)) -> #N/A | BL45: =IF(B45="","",VLOOKUP(BJ45,NRES,2,0)) -> #N/A | BM45: =(IF(ISERROR(VLOOKUP(CONCATENATE(AV45,AW45,AX45),residual,2,0)),"",VLOOKUP(CONCATENATE(AV45,AW45,AX45),residual,2,0))) | BN45: =IF(ISERROR(VLOOKUP(CONCATENATE(AV45,AW45,AX45),residual,3,0)),"",VLOOKUP(CONCATENATE(AV45,AW45,AX45),residual,3,0)) | BO45: =IF(B45="","",IF(+BH45+BL45<0,0,+BH45+BL45)) -> #N/A | BP45: =IF(B45="","",IF(+BG45+BK45<0,0,+BG45+BK45)) -> #N/A | BR45: =IF(B45="","",IF(ISERROR(VLOOKUP(BO45,impa1,2,0)),"",VLOOKUP(BO45,impa1,2,0))) | BS45: =IF(B45="","",IF(ISERROR(VLOOKUP(BP45,prob1,2,0)),"",VLOOKUP(BP45,prob1,2,0))) | BT45: =IF(BH45="","",CONCATENATE(D45,BS45,BR45)) | BV45: =+BY45 | BW45: =IF(F45="Si",D45,"") | BX45: =IF(F45="Si",E45,"") | BY45: =IF(B45="","",IF(D45=D44,"",IF(ISERROR(VLOOKUP(CONCATENATE(BR45,BS45),ri,4,0)),"",VLOOKUP(CONCATENATE(BR45,BS45),ri,4,0))))
B46: Apoyo | C46: Gestión Logística | D46: RC8 | E46: Posibilidad de afectación económica y reputacional por realizar operaciones de comercio exterior (importación y exportación) en las cuales se infrinjan los requisitos establecidos en la normatividad vigente | F46: No | G46: No | H46: No | I46: Si | J46: Falsedad de la documentación presentada | K46: Procedimientos asociados | Y46: C16 | AA46: Adecuadas | AC46: Detectivo | AG46: Manual | AI46: Por demanda | AJ46: Adecuado | AK46: Documentado | AL46: Manual de operaciones de comercio exterior | AM46: Completa | AN46: =IF(B46="","",IF(BF46>=76,"Fuerte",IF(BF46>=51,"Moderado","Débil"))) -> Fuerte | AO46: =IF(OR(AA46="insuficientes",AA46="No adecuadas",AJ46="Inadecuado",AK46="No documentado",AM46="Incompleta",AM46="No existe"),"Si","No") -> No | AP46: =IF(AN46="","",IF(B46="","",IF(OR(AN46="Moderado",AN46="Débil"),"Si","No"))) -> No | AR46: Fuerte | AS46: =IF(AN46="","",IF(AND(AN46="Fuerte",AR46="Fuerte"),"Fuerte",IF(AND(AN46="Fuerte",AR46="Moderado"),"Moderado",IF(AND(AN46="Fuerte",AR46="Débil"),"Débil",IF(AND(AN46="Moderado",AR46="Fuerte"),"Moderado",IF(AND(AN46="Moderado",AR46="Moderado"),"Moderado","Débil")))))) -> Fuerte | AV46: =IF(D46="","",IF(D46=D44,"",IF(D46=D44,"",VLOOKUP(D46,solcon,11,0)))) | AW46: Fuerte | AX46: Moderado | AY46: =CONCATENATE(D46,O46,L46) -> RC8 | AZ46: =IF(B46="","",IF(AA46="Adecuadas",30,IF(AA46="Insuficientes",10,0))) -> 30 | BA46: =IF(B46="","",IF(AC46="Preventivo",15,IF(AC46="Detectivo",10,IF(AC46="Correctivo",5,0)))) -> 10 | BB46: =IF(B46="","",IF(AG46="Automático",10,IF(AG46="Dependiente de T.I.",7,IF(AG46="Manual",5,0)))) -> 5 | BC46: =IF(B46="","",IF(AJ46="Adecuado",20,0)) -> 20 | BD46: =IF(B46="","",IF(AK46="Documentado",10,0)) -> 10 | BE46: =IF(B46="","",IF(AM46="Completa",15,IF(AM46="Incompleta",10,0))) -> 15 | BF46: =IF(B46="","",SUM(AZ46:BE46)) -> 90 | BJ46: =CONCATENATE(AV46,AW46,AX46) -> FuerteModerado | BK46: =IF(B46="","",VLOOKUP(BJ46,NRES,3,0)) -> #N/A | BL46: =IF(B46="","",VLOOKUP(BJ46,NRES,2,0)) -> #N/A | BO46: =IF(B46="","",IF(+BH46+BL46<0,0,+BH46+BL46)) -> #N/A | BP46: =IF(B46="","",IF(+BG46+BK46<0,0,+BG46+BK46)) -> #N/A | BR46: =IF(B46="","",IF(ISERROR(VLOOKUP(BO46,impa1,2,0)),"",VLOOKUP(BO46,impa1,2,0))) | BS46: =IF(B46="","",IF(ISERROR(VLOOKUP(BP46,prob1,2,0)),"",VLOOKUP(BP46,prob1,2,0))) | BT46: =IF(BH46="","",CONCATENATE(D46,BS46,BR46)) | BV46: =+BY46 | BW46: =IF(F46="Si",D46,"") | BX46: =IF(F46="Si",E46,"") | BY46: =IF(B46="","",IF(D46=D45,"",IF(ISERROR(VLOOKUP(CONCATENATE(BR46,BS46),ri,4,0)),"",VLOOKUP(CONCATENATE(BR46,BS46),ri,4,0))))
B47: Apoyo | C47: Gestión Logística | D47: RC8 | E47: Posibilidad de afectación económica y reputacional por realizar operaciones de comercio exterior (importación y exportación) en las cuales se infrinjan los requisitos establecidos en la normatividad vigente | F47: No | G47: No | H47: No | I47: Si | J47: Contaminación de la carga en importaciones ( estupefacientes, sustancias para el procesamiento de narcóticos, armas) | K47: Procedimientos asociados | Y47: C17 | AA47: Adecuadas | AC47: Detectivo | AG47: Manual | AI47: Por demanda | AJ47: Adecuado | AK47: Documentado | AL47: Manual de operaciones de comercio exterior | AM47: Completa | AN47: =IF(B47="","",IF(BF47>=76,"Fuerte",IF(BF47>=51,"Moderado","Débil"))) -> Fuerte | AO47: =IF(OR(AA47="insuficientes",AA47="No adecuadas",AJ47="Inadecuado",AK47="No documentado",AM47="Incompleta",AM47="No existe"),"Si","No") -> No | AP47: =IF(AN47="","",IF(B47="","",IF(OR(AN47="Moderado",AN47="Débil"),"Si","No"))) -> No | AR47: Fuerte | AS47: =IF(AN47="","",IF(AND(AN47="Fuerte",AR47="Fuerte"),"Fuerte",IF(AND(AN47="Fuerte",AR47="Moderado"),"Moderado",IF(AND(AN47="Fuerte",AR47="Débil"),"Débil",IF(AND(AN47="Moderado",AR47="Fuerte"),"Moderado",IF(AND(AN47="Moderado",AR47="Moderado"),"Moderado","Débil")))))) -> Fuerte | AV47: =IF(D47="","",IF(D47=D45,"",IF(D47=D45,"",VLOOKUP(D47,solcon,11,0)))) | AW47: Fuerte | AX47: Moderado | AY47: =CONCATENATE(D47,O47,L47) -> RC8 | AZ47: =IF(B47="","",IF(AA47="Adecuadas",30,IF(AA47="Insuficientes",10,0))) -> 30 | BA47: =IF(B47="","",IF(AC47="Preventivo",15,IF(AC47="Detectivo",10,IF(AC47="Correctivo",5,0)))) -> 10 | BB47: =IF(B47="","",IF(AG47="Automático",10,IF(AG47="Dependiente de T.I.",7,IF(AG47="Manual",5,0)))) -> 5 | BC47: =IF(B47="","",IF(AJ47="Adecuado",20,0)) -> 20 | BD47: =IF(B47="","",IF(AK47="Documentado",10,0)) -> 10 | BE47: =IF(B47="","",IF(AM47="Completa",15,IF(AM47="Incompleta",10,0))) -> 15 | BF47: =IF(B47="","",SUM(AZ47:BE47)) -> 90 | BJ47: =CONCATENATE(AV47,AW47,AX47) -> FuerteModerado | BK47: =IF(B47="","",VLOOKUP(BJ47,NRES,3,0)) -> #N/A | BL47: =IF(B47="","",VLOOKUP(BJ47,NRES,2,0)) -> #N/A | BO47: =IF(B47="","",IF(+BH47+BL47<0,0,+BH47+BL47)) -> #N/A | BP47: =IF(B47="","",IF(+BG47+BK47<0,0,+BG47+BK47)) -> #N/A | BR47: =IF(B47="","",IF(ISERROR(VLOOKUP(BO47,impa1,2,0)),"",VLOOKUP(BO47,impa1,2,0))) | BS47: =IF(B47="","",IF(ISERROR(VLOOKUP(BP47,prob1,2,0)),"",VLOOKUP(BP47,prob1,2,0))) | BT47: =IF(BH47="","",CONCATENATE(D47,BS47,BR47)) | BV47: =+BY47 | BW47: =IF(F47="Si",D47,"") | BX47: =IF(F47="Si",E47,"") | BY47: =IF(B47="","",IF(D47=D46,"",IF(ISERROR(VLOOKUP(CONCATENATE(BR47,BS47),ri,4,0)),"",VLOOKUP(CONCATENATE(BR47,BS47),ri,4,0))))
B48: Apoyo | C48: Gestión Logística | D48: RC9 | E48: Recepción de dádivas o beneficios en nombre propio o de terceros por favorecer contratos y/o proveedores en los procesos de adquisición de bienes y servicios | F48: Si | G48: No | H48: Si | I48: No | J48: Vincular personal no confiable en los procesos que manejan contratación de bienes y servicios | K48: Procedimientos asociados | L48: Improbable | M48: =IF(F48="","",IF(F48="SI","Usted seleccionó SI en tipologia de riesgo RC (riesgo de corrupción). Oprima para diligenciar el formato adjunto.","No Aplica")) -> Usted seleccionó SI en tipologia de riesgo RC (riesgo de corrupción). Oprima para diligenciar el formato adjunto. | N48: Improbable - El evento puede ocurrir en menos del 3% de los casos | O48: Critico | P48: =IF(F48="","",IF(F48="SI","Usted seleccionó SI en tipologia de riesgo RC (riesgo de corrupción). Oprima para diligenciar el formato adjunto.","No Aplica")) -> Usted seleccionó SI en tipologia de riesgo RC (riesgo de corrupción). Oprima para diligenciar el formato adjunto. | Q48: Inferior - • Económico: Pérdidas inferiores o igual a 100 SLMLV | R48: Crítico - • Legal: Intervención por parte de los entes reguladores por incumplimientos legales y/o contractuales | S48: Menor - • Seguridad de la información: No afecta la oportunidad de la información de manera significativa, no altera el funcionamiento de las áreas receptoras y procesadoras de información. | T48: Inferior - • Continuidad: No genera Interrupción de las operaciones | U48: Crítico - • Reputacional: Imagen negativa en el mercado por mal servicio, practicas inseguras y/o irregulares. Mala reputación generalizada debido a comentarios adversos ampliamente difundidos a través de medios masivos de comunicación. | V48: Inferior - • Clientes: No incrementa significativamente el número de reclamos formulados por los Clientes | W48: =IF(B48="","",IF(ISERROR(VLOOKUP(CONCATENATE(L48,O48),ri,4,0)),"",VLOOKUP(CONCATENATE(L48,O48),ri,4,0))) -> Alto | X48: Reducir | Y48: C1 | AA48: Adecuadas | AC48: Preventivo | AD48: El proceso de calificación y evaluación en cada etapa (pruebas psicotécnicas, de conocimiento, entrevistas) actúa como un mecanismo para identificar si un candidato no cumple con los estándares mínimos requeridos. La detección de resultados por debajo de la mínima calificación establecida permite frenar el proceso de continuidad del candidato en etapas tempranas. | AE48: Si en alguna etapa se encuentran deficiencias en el proceso o en la evaluación, se pueden realizar ajustes (por ejemplo, reconsideración de criterios o actualización de metodologías de evaluación). La terminación del proceso de selección de un candidato que no alcanza la calificación mínima asegura que el equipo final cumpla con los estándares y las necesidades de la organización. | AF48: La validación inicial del requerimiento de personal y de los perfiles (competencias, educación, experiencia, etc.) para asegurarse de que los candidatos cumplan con los requisitos necesarios desde el inicio. La realización de pruebas psicotécnicas, de conocimiento y entrevistas previene la selección de candidatos que no cumplan con los estándares establecidos. La visita domiciliaria (en caso de cargos críticos) asegura que se realice una verificación exhaustiva, minimizando riesgos antes de la contratación | AG48: Manual | AI48: Por demanda | AJ48: Adecuado | AK48: Documentado | AL48: 1. Procedimiento selección, vinculación, induccion, evaluación, promoción personal de planta. | AM48: Completa | AN48: Fuerte | AO48: No | AP48: No | AR48: Fuerte | AS48: =IF(AN48="","",IF(AND(AN48="Fuerte",AR48="Fuerte"),"Fuerte",IF(AND(AN48="Fuerte",AR48="Moderado"),"Moderado",IF(AND(AN48="Fuerte",AR48="Débil"),"Débil",IF(AND(AN48="Moderado",AR48="Fuerte"),"Moderado",IF(AND(AN48="Moderado",AR48="Moderado"),"Moderado","Débil")))))) -> Fuerte | AV48: =IF(D48="","",IF(D48=D46,"",IF(D48=D46,"",VLOOKUP(D48,solcon,11,0)))) -> Moderado | AW48: Fuerte | AX48: Moderado | AY48: =CONCATENATE(D48,O48,L48) -> RC9CriticoImprobable | AZ48: =IF(B48="","",IF(AA48="Adecuadas",30,IF(AA48="Insuficientes",10,0))) -> 30 | BA48: =IF(B48="","",IF(AC48="Preventivo",15,IF(AC48="Detectivo",10,IF(AC48="Correctivo",5,0)))) -> 15 | BB48: =IF(B48="","",IF(AG48="Automático",10,IF(AG48="Dependiente de T.I.",7,IF(AG48="Manual",5,0)))) -> 5 | BC48: =IF(B48="","",IF(AJ48="Adecuado",20,0)) -> 20 | BD48: =IF(B48="","",IF(AK48="Documentado",10,0)) -> 10 | BE48: =IF(B48="","",IF(AM48="Completa",15,IF(AM48="Incompleta",10,0))) -> 15 | BF48: =IF(B48="","",SUM(AZ48:BE48)) -> 95 | BG48: =IF(B48="","",IF(ISERROR(VLOOKUP(O48,calprob,2,0)),"",VLOOKUP(O48,calprob,2,0))) -> 5 | BH48: =IF(B48="","",IF(ISERROR(VLOOKUP(L48,calimp,2,0)),"",VLOOKUP(L48,calimp,2,0))) -> 1 | BI48: =IF(BH48="","",+BH48*BG48) -> 5 | BJ48: =CONCATENATE(AV48,AW48,AX48) -> ModeradoFuerteModerado | BK48: =IF(B48="","",VLOOKUP(BJ48,NRES,3,0)) -> 0 | BL48: =IF(B48="","",VLOOKUP(BJ48,NRES,2,0)) -> -1 | BM48: =(IF(ISERROR(VLOOKUP(CONCATENATE(AV48,AW48,AX48),residual,2,0)),"",VLOOKUP(CONCATENATE(AV48,AW48,AX48),residual,2,0))) | BN48: =IF(ISERROR(VLOOKUP(CONCATENATE(AV48,AW48,AX48),residual,3,0)),"",VLOOKUP(CONCATENATE(AV48,AW48,AX48),residual,3,0)) | BO48: =IF(B48="","",IF(+BH48+BL48<0,0,+BH48+BL48)) -> 0 | BP48: =IF(B48="","",IF(+BG48+BK48<0,0,+BG48+BK48)) -> 5 | BR48: =IF(B48="","",IF(ISERROR(VLOOKUP(BO48,impa1,2,0)),"",VLOOKUP(BO48,impa1,2,0))) -> Improbable | BS48: =IF(B48="","",IF(ISERROR(VLOOKUP(BP48,prob1,2,0)),"",VLOOKUP(BP48,prob1,2,0))) -> Critico | BT48: =IF(BH48="","",CONCATENATE(D48,BS48,BR48)) -> RC9CriticoImprobable | BU48: =+W48 -> Alto | BV48: =+BY48 -> Alto | BW48: =IF(F48="Si",D48,"") -> RC9 | BX48: =IF(F48="Si",E48,"") -> Recepción de dádivas o beneficios en nombre propio o de terceros por favorecer contratos y/o proveedores en los procesos de adquisición de bienes y servicios | BY48: =IF(B48="","",IF(D48=D47,"",IF(ISERROR(VLOOKUP(CONCATENATE(BR48,BS48),ri,4,0)),"",VLOOKUP(CONCATENATE(BR48,BS48),ri,4,0)))) -> Alto
B49: Apoyo | C49: Gestión Logística | D49: RC9 | E49: Recepción de dádivas o beneficios en nombre propio o de terceros por favorecer contratos y/o proveedores en los procesos de adquisición de bienes y servicios | F49: Si | G49: No | H49: Si | I49: No | J49: No realizar seguimiento y monitoreo a las operaciones | K49: Procedimientos asociados | Y49: C9 | AA49: Adecuadas | AC49: Detectivo | AD49: La validación aleatoria trimestral realizada por el Oficial de Cumplimiento y/o su suplente. Este control tiene como objetivo identificar incumplimientos o errores en la ejecución de los procedimientos y controles establecidos. | AE49: El registro de no conformidades en el software, que permite tomar acciones correctivas frente a los incumplimientos detectados, como la mejora en los procesos o la actualización de procedimientos. | AF49: La planificación inicial de procedimientos y controles de riesgos claros, definidos y documentados, para prevenir fallos desde el comienzo del proceso. | AG49: Manual | AI49: Trimestral | AJ49: Adecuado | AK49: No documentado | AM49: Completa | AN49: Fuerte | AO49: No | AP49: No | AR49: Fuerte | AS49: =IF(AN49="","",IF(AND(AN49="Fuerte",AR49="Fuerte"),"Fuerte",IF(AND(AN49="Fuerte",AR49="Moderado"),"Moderado",IF(AND(AN49="Fuerte",AR49="Débil"),"Débil",IF(AND(AN49="Moderado",AR49="Fuerte"),"Moderado",IF(AND(AN49="Moderado",AR49="Moderado"),"Moderado","Débil")))))) -> Fuerte | AW49: Fuerte | AX49: Moderado | AY49: =CONCATENATE(D49,O49,L49) -> RC9 | AZ49: =IF(B49="","",IF(AA49="Adecuadas",30,IF(AA49="Insuficientes",10,0))) -> 30 | BA49: =IF(B49="","",IF(AC49="Preventivo",15,IF(AC49="Detectivo",10,IF(AC49="Correctivo",5,0)))) -> 10 | BB49: =IF(B49="","",IF(AG49="Automático",10,IF(AG49="Dependiente de T.I.",7,IF(AG49="Manual",5,0)))) -> 5 | BC49: =IF(B49="","",IF(AJ49="Adecuado",20,0)) -> 20 | BD49: =IF(B49="","",IF(AK49="Documentado",10,0)) -> 0 | BE49: =IF(B49="","",IF(AM49="Completa",15,IF(AM49="Incompleta",10,0))) -> 15 | BF49: =IF(B49="","",SUM(AZ49:BE49)) -> 80 | BJ49: =CONCATENATE(AV49,AW49,AX49) -> FuerteModerado | BK49: =IF(B49="","",VLOOKUP(BJ49,NRES,3,0)) -> #N/A | BL49: =IF(B49="","",VLOOKUP(BJ49,NRES,2,0)) -> #N/A | BO49: =IF(B49="","",IF(+BH49+BL49<0,0,+BH49+BL49)) -> #N/A | BP49: =IF(B49="","",IF(+BG49+BK49<0,0,+BG49+BK49)) -> #N/A | BR49: =IF(B49="","",IF(ISERROR(VLOOKUP(BO49,impa1,2,0)),"",VLOOKUP(BO49,impa1,2,0))) | BS49: =IF(B49="","",IF(ISERROR(VLOOKUP(BP49,prob1,2,0)),"",VLOOKUP(BP49,prob1,2,0))) | BT49: =IF(BH49="","",CONCATENATE(D49,BS49,BR49)) | BV49: =+BY49 | BW49: =IF(F49="Si",D49,"") -> RC9 | BX49: =IF(F49="Si",E49,"") -> Recepción de dádivas o beneficios en nombre propio o de terceros por favorecer contratos y/o proveedores en los procesos de adquisición de bienes y servicios | BY49: =IF(B49="","",IF(D49=D48,"",IF(ISERROR(VLOOKUP(CONCATENATE(BR49,BS49),ri,4,0)),"",VLOOKUP(CONCATENATE(BR49,BS49),ri,4,0))))
B50: Apoyo | C50: Gestión Logística | D50: RC9 | E50: Recepción de dádivas o beneficios en nombre propio o de terceros por favorecer contratos y/o proveedores en los procesos de adquisición de bienes y servicios | F50: Si | G50: No | H50: Si | I50: No | J50: Gobernanza centralizada del proceso | K50: Procedimientos asociados | Y50: C18 | AA50: Adecuadas | AC50: Preventivo | AG50: Manual | AI50: Por demanda | AJ50: Adecuado | AK50: No documentado | AM50: Completa | AN50: Fuerte | AO50: No | AP50: No | AR50: Fuerte | AS50: =IF(AN50="","",IF(AND(AN50="Fuerte",AR50="Fuerte"),"Fuerte",IF(AND(AN50="Fuerte",AR50="Moderado"),"Moderado",IF(AND(AN50="Fuerte",AR50="Débil"),"Débil",IF(AND(AN50="Moderado",AR50="Fuerte"),"Moderado",IF(AND(AN50="Moderado",AR50="Moderado"),"Moderado","Débil")))))) -> Fuerte | AV50: =IF(D50="","",IF(D50=D48,"",IF(D50=D48,"",VLOOKUP(D50,solcon,11,0)))) | AW50: Fuerte | AX50: Moderado | AY50: =CONCATENATE(D50,O50,L50) -> RC9 | AZ50: =IF(B50="","",IF(AA50="Adecuadas",30,IF(AA50="Insuficientes",10,0))) -> 30 | BA50: =IF(B50="","",IF(AC50="Preventivo",15,IF(AC50="Detectivo",10,IF(AC50="Correctivo",5,0)))) -> 15 | BB50: =IF(B50="","",IF(AG50="Automático",10,IF(AG50="Dependiente de T.I.",7,IF(AG50="Manual",5,0)))) -> 5 | BC50: =IF(B50="","",IF(AJ50="Adecuado",20,0)) -> 20 | BD50: =IF(B50="","",IF(AK50="Documentado",10,0)) -> 0 | BE50: =IF(B50="","",IF(AM50="Completa",15,IF(AM50="Incompleta",10,0))) -> 15 | BF50: =IF(B50="","",SUM(AZ50:BE50)) -> 85 | BJ50: =CONCATENATE(AV50,AW50,AX50) -> FuerteModerado | BK50: =IF(B50="","",VLOOKUP(BJ50,NRES,3,0)) -> #N/A | BL50: =IF(B50="","",VLOOKUP(BJ50,NRES,2,0)) -> #N/A | BO50: =IF(B50="","",IF(+BH50+BL50<0,0,+BH50+BL50)) -> #N/A | BP50: =IF(B50="","",IF(+BG50+BK50<0,0,+BG50+BK50)) -> #N/A | BR50: =IF(B50="","",IF(ISERROR(VLOOKUP(BO50,impa1,2,0)),"",VLOOKUP(BO50,impa1,2,0))) | BS50: =IF(B50="","",IF(ISERROR(VLOOKUP(BP50,prob1,2,0)),"",VLOOKUP(BP50,prob1,2,0))) | BT50: =IF(BH50="","",CONCATENATE(D50,BS50,BR50)) | BV50: =+BY50 | BW50: =IF(F50="Si",D50,"") -> RC9 | BX50: =IF(F50="Si",E50,"") -> Recepción de dádivas o beneficios en nombre propio o de terceros por favorecer contratos y/o proveedores en los procesos de adquisición de bienes y servicios | BY50: =IF(B50="","",IF(D50=D49,"",IF(ISERROR(VLOOKUP(CONCATENATE(BR50,BS50),ri,4,0)),"",VLOOKUP(CONCATENATE(BR50,BS50),ri,4,0))))
B51: Apoyo | C51: Gestión Logística | D51: RC9 | E51: Recepción de dádivas o beneficios en nombre propio o de terceros por favorecer contratos y/o proveedores en los procesos de adquisición de bienes y servicios | F51: Si | G51: No | H51: Si | I51: No | J51: Pérdida de valores de los funcionarios que intervienen en la gestión logística | K51: Talento Humano | Y51: C3 | AA51: Adecuadas | AC51: Preventivo | AD51: Monitoreo de asistencia y participación, mediante los registros en la plataforma LMS, listas físicas y virtuales permitiendo detectar si todo los funcionarios han participado en las capacitaciones programadas, permitiendo una evaluación de efectividad al revisar el impacto de las capacitaciones mediante cuestionarios y análisis de conductas posteriores para identificar áreas donde los valores y principios no se están interiorizando adecuadamente e identificando riesgos recurrentes al analizar patrones en las áreas de mayor vulnerabilidad a hechos ilícitos ayudando a detectar fallas sistémicas o falta de comprensión en los funcionarios. | AE51: Si las capacitaciones no están logrando prevenir ciertos riesgos como corrupción, soborno o fraude, narcóticos, lavado de activos, financiación al terrorismo, entre otros, revisar, ajustar y mejorar el contenido de os programas para que sean más específicos y efectivos, así como capacitaciones adicionales, en caso de identificar deficiencias en ciertas áreas o entre determinados grupos programando sesiones específicas y complementarias. Establecer protocolos inmediatos para corregir cualquier caso de gestión de incidentes, identificado hechos ilícitos y reforzar las capacitaciones donde sea necesario. | AF51: Programación constante de capacitaciones, garantizando un cronograma regular de sensibilizaciones para mantener el enfoque preventivo y actualizar a los funcionarios frente a nuevas amenazas o cambios legales, promoviendo una cultura ética, reforzando los valores corporativos a través de campañas internas y actividades complementarias que fomenten el compromiso con el Código de Ética e Integridad, el Programa de Transparencia y Ética Empresarial, SARLAFT y el de Operador Económico Autorizado. Automatización del seguimiento, al incorporar herramientas digitales que permitan controlar el cumplimiento de las capacitaciones y evaluar su impacto en tiempo real. | AG51: Manual | AI51: Anual | AJ51: Adecuado | AK51: Documentado | AL51: Plan Institucional de Capacitación | AM51: Completa | AN51: Fuerte | AO51: No | AP51: No | AR51: Moderado | AS51: =IF(AN51="","",IF(AND(AN51="Fuerte",AR51="Fuerte"),"Fuerte",IF(AND(AN51="Fuerte",AR51="Moderado"),"Moderado",IF(AND(AN51="Fuerte",AR51="Débil"),"Débil",IF(AND(AN51="Moderado",AR51="Fuerte"),"Moderado",IF(AND(AN51="Moderado",AR51="Moderado"),"Moderado","Débil")))))) -> Moderado | AV51: =IF(D51="","",IF(D51=D49,"",IF(D51=D49,"",VLOOKUP(D51,solcon,11,0)))) | AW51: Fuerte | AX51: Moderado | AY51: =CONCATENATE(D51,O51,L51) -> RC9 | AZ51: =IF(B51="","",IF(AA51="Adecuadas",30,IF(AA51="Insuficientes",10,0))) -> 30 | BA51: =IF(B51="","",IF(AC51="Preventivo",15,IF(AC51="Detectivo",10,IF(AC51="Correctivo",5,0)))) -> 15 | BB51: =IF(B51="","",IF(AG51="Automático",10,IF(AG51="Dependiente de T.I.",7,IF(AG51="Manual",5,0)))) -> 5 | BC51: =IF(B51="","",IF(AJ51="Adecuado",20,0)) -> 20 | BD51: =IF(B51="","",IF(AK51="Documentado",10,0)) -> 10 | BE51: =IF(B51="","",IF(AM51="Completa",15,IF(AM51="Incompleta",10,0))) -> 15 | BF51: =IF(B51="","",SUM(AZ51:BE51)) -> 95 | BG51: =IF(B51="","",IF(ISERROR(VLOOKUP(O51,calprob,2,0)),"",VLOOKUP(O51,calprob,2,0))) | BH51: =IF(B51="","",IF(ISERROR(VLOOKUP(L51,calimp,2,0)),"",VLOOKUP(L51,calimp,2,0))) | BI51: =IF(BH51="","",+BH51*BG51) | BJ51: =CONCATENATE(AV51,AW51,AX51) -> FuerteModerado | BK51: =IF(B51="","",VLOOKUP(BJ51,NRES,3,0)) -> #N/A | BL51: =IF(B51="","",VLOOKUP(BJ51,NRES,2,0)) -> #N/A | BM51: =(IF(ISERROR(VLOOKUP(CONCATENATE(AV51,AW51,AX51),residual,2,0)),"",VLOOKUP(CONCATENATE(AV51,AW51,AX51),residual,2,0))) | BN51: =IF(ISERROR(VLOOKUP(CONCATENATE(AV51,AW51,AX51),residual,3,0)),"",VLOOKUP(CONCATENATE(AV51,AW51,AX51),residual,3,0)) | BO51: =IF(B51="","",IF(+BH51+BL51<0,0,+BH51+BL51)) -> #VALUE! | BP51: =IF(B51="","",IF(+BG51+BK51<0,0,+BG51+BK51)) -> #VALUE! | BR51: =IF(B51="","",IF(ISERROR(VLOOKUP(BO51,impa1,2,0)),"",VLOOKUP(BO51,impa1,2,0))) | BS51: =IF(B51="","",IF(ISERROR(VLOOKUP(BP51,prob1,2,0)),"",VLOOKUP(BP51,prob1,2,0))) | BT51: =IF(BH51="","",CONCATENATE(D51,BS51,BR51)) | BV51: =+BY51 | BW51: =IF(F51="Si",D51,"") -> RC9 | BX51: =IF(F51="Si",E51,"") -> Recepción de dádivas o beneficios en nombre propio o de terceros por favorecer contratos y/o proveedores en los procesos de adquisición de bienes y servicios | BY51: =IF(B51="","",IF(D51=D50,"",IF(ISERROR(VLOOKUP(CONCATENATE(BR51,BS51),ri,4,0)),"",VLOOKUP(CONCATENATE(BR51,BS51),ri,4,0))))
